Workbook

Sheet P1. Project Title 
A1: Green Iron and Steel Value Chain Analysis Tool
A3: Title: | B3: Green Iron and Steel Value Chain Analysis Tool
A4: Developers: | B4: Dr. Peter Ellersdorfer
B5: Dr. Muhammad Haider Ali Khan
A7: Acknowledgements: | B7: The Authors acknowledge the Australian Government Department of Climate Change, Energy, the Environment and Water (DCCEEW) for funding this project
A10: Affiliations: | B10: University of New South Wales (UNSW)
B11: Particles and Catalysis Research Group (PartCat), UNSW
B12: School of Minerals and Energy Resources Engineering (MERE), UNSW
B13: ARC Training Centre for The Global Hydrogen Economy (GlobH2E)
A15: Contact Person
A16: Name: | B16: Dr. Muhammad Haider Ali Khan/Dr. Rahman Daiyan
A17: Affiliation: | B17: School of Minerals and Energy Resources Engineering (MERE), UNSW
A18: Email: | B18: muhammadhaiderali.khan@unsw.edu.au
B19: r.daiyan@unsw.edu.au
A21: Copyright Information
A22: Disclaimer:
A23: Open source use of the tool is encouraged for independent use or contribute improvements to the design and functionality of the overall tool under the term of the distribution license and appropriate acknowledgements.
A24: Distribution License:
A25: Copyright 2025 University of New South Wales (UNSW)
A26: Permission is hereby granted, free of charge, to any person obtaining a copy of this software and associated documentation files (the "Software"), to deal in the Software without restriction, including without limitation the rights to use, copy, modify, merge, publish, distribute, sublicense, and/or sell copies of the Software, and to permit persons to whom the Software is furnished to do so, subject to the following conditions:
A27: The above copyright notice and this permission notice shall be included in all copies or substantial portions of the Software.
A28: THE SOFTWARE IS PROVIDED "AS IS", WITHOUT WARRANTY OF ANY KIND, EXPRESS OR IMPLIED, INCLUDING BUT NOT LIMITED TO THE WARRANTIES OF MERCHANTABILITY, FITNESS FOR A PARTICULAR PURPOSE AND NONINFRINGEMENT. IN NO EVENT SHALL THE AUTHORS OR COPYRIGHT HOLDERS BE LIABLE FOR ANY CLAIM, DAMAGES OR OTHER LIABILITY, WHETHER IN AN ACTION OF CONTRACT, TORT OR OTHERWISE, ARISING FROM, OUT OF OR IN CONNECTION WITH THE SOFTWARE OR THE USE OR OTHER DEALINGS IN THE SOFTWARE.
A29: Citation:
A30: While the tool is published under the conditions of the open source MIT license, making sure that the code can be used, edited, and re-distributed by others, we would appreciate if the tool developers are acknowledged by citing the work to which this model is attributed.
A31: P. Ellersdorfer, T.C. Leung, M.H.A. Khan, C. Wang, I. Canbulat, S. Saydam, I. MacGill, R. Daiyan (2025). “Cost Estimates for an Australian Germany Green Iron and Steel Value Chain”. UNSW Sydney, Australia.

Sheet P2. Project Description
A1: Project Description
A3: Project Statement
A4: The Green Iron and Steel Mining, Transport and Shipping Analysis Tool has been developed to evaluate the levelised cost iron ore extraction, rail transport and shipping as well as the costs associated with decarbonisation options associated with each aspect of the value chain.
A6: Tool Competencies
A7: The tool is a living tool with additional features being and expected to be added after consultation with various stakeholders. We also encourage feedback from the user to help us improve the tool. Feedback can be provided to Dr. Rahman Daiyan (r.daiyan@unsw.edu.au)
A9: Analysis Methodology
A10: Full details on the assumptions and values used are contained in the associated publication.

Sheet Index
A1: Table of Contents
A3: Cell Colour Coding
A4: Note: The cells have been colour coded based on the following functions
A5: Name | B5: Representation | C5: Function
A6: Input | B6: XXX | C6: Cells that can be changed
A7: Output | B7: XXX | C7: Computed key outputs that should not be changed
A8: Calculation | B8: XXX | C8: Represent intermediate calculations to achieve key outputs. Do not change these cells.
A9: Important Note | B9: XXX | C9: Used to highlight important instructions
A10: Value not in use | B10: XXX | C10: Cell is not used in calculations based on the set configuration

Sheet S1. Ore_Extraction
A1: S1. Ore Extraction and Transport Model
A3: Parameter | B3: Value | C3: Unit | D3: Note | E3: Default Value
A4: Financial Assumptions
A5: USD:AUD Conversion Rate | B5: =0.7 -> 0.7 | C5: - | E5: =0.7 -> 0.7
A6: Interest Rate | B6: 7 | C6: % | D6: Annual Interest Rate | E6: 7
A7: Economic Life | B7: 30 | C7: years | D7: Economic life of the mine site, process plant and mining vehicles | E7: 30
A8: CRF | B8: =(($B$6/100)*(1+$B$6/100)^$B$7)/(((1+$B$6/100)^$B$7)-1)*100 -> 8.0586404 | C8: % | D8: Capital Recovery Factor
A9: Capex Increase Compared to Benchmarked Costs | B9: 100 | C9: % of Benchmarked Cost | D9: Applied to all capital costs | E9: 100%
A11: System Sizing
A12: Mine Capacity | B12: 5000000 | C12: tonne/yr | D12: Annual Production of Iron Ore
B13: =(B12/365) -> 13698.63 | C13: tonne/day | D13: Daily Production of Iron Ore
A14: Process Plant Availability | B14: 90 | C14: % | D14: Only Applies to process plant availability
A15: Mine Site and Processing Capital Cost Estimates
A16: Crushing, Grinding & Screening
A17: Crushing and Screening Plant Building Cost | B17: 0.6 | C17: Factor | E17: "Costs and Cost Estimation" T. Alan, O'Hara and Stanley C.Suboleski https://nubeminera.cl/wp-content/uploads/2019/05/Nube-Minera-OHara-Subolewsky.pdf
B18: 1 | C18: tonne/day
B19: 59955 | C19: USD
B20: =B19*((B13/B18)^B17)*B9/100 -> 18189958 | C20: USD | D20: Includes capital cost loading (if applied)
A21: Primary Crushing Plant Cost | B21: 0.7 | C21: Factor | E21: "Costs and Cost Estimation" T. Alan, O'Hara and Stanley C.Suboleski https://nubeminera.cl/wp-content/uploads/2019/05/Nube-Minera-OHara-Subolewsky.pdf
B22: 1 | C22: tonne/day
B23: 33308 | C23: USD
B24: =B23*((B13/B22)^B21)*B9/100 -> 26195250 | C24: USD | D24: Includes capital cost loading (if applied)
A25: Fine Ore Crushing and Conveyors Cost | B25: 0.7 | C25: Factor | E25: "Costs and Cost Estimation" T. Alan, O'Hara and Stanley C.Suboleski https://nubeminera.cl/wp-content/uploads/2019/05/Nube-Minera-OHara-Subolewsky.pdf
B26: 1 | C26: tonne/day
B27: 39970 | C27: USD
B28: =B27*((B13/B26)^B25)*B9/100 -> 31434615 | C28: USD | D28: Includes capital cost loading (if applied)
A29: Grinding and Storage | B29: 0.7 | C29: Factor | E29: "Costs and Cost Estimation" T. Alan, O'Hara and Stanley C.Suboleski https://nubeminera.cl/wp-content/uploads/2019/05/Nube-Minera-OHara-Subolewsky.pdf
B30: 1 | C30: tonne/day
B31: 41524 | C31: USD
B32: =B31*((B13/B30)^B29)*B9/100 -> 32656766 | C32: USD | D32: Includes capital cost loading (if applied)
A33: Tailings Dam Storage
A34: Tailings Dam Storage Cost | B34: 0.5 | C34: Factor | E34: "Costs and Cost Estimation" T. Alan, O'Hara and Stanley C.Suboleski https://nubeminera.cl/wp-content/uploads/2019/05/Nube-Minera-OHara-Subolewsky.pdf
B35: 1 | C35: tonne/day
B36: 44411 | C36: USD
B37: =B36*((B13/B35)^B34)*B9/100 -> 5197914.4 | C37: USD | D37: Includes capital cost loading (if applied)
A38: Additional Capital Costs
A39: Additional Capital Costs | B39: 0 | C39: USD/yr | D39: User input value to account for any additional operating costs unaccounted for by this model
A40: Drilling, Loading and Hauling Capital Cost Estimates
A41: Drilling Equipment
A42: Number of Drills | B42: 2 | C42: Integer | D42: Number of drills required for the minesite. | E42: 2-4 drills for an open pit mine of less than 60,000 tpd. "Costs and Cost Estimation" T. Alan, O'Hara and Stanley C.Suboleski https://nubeminera.cl/wp-content/uploads/2019/05/Nube-Minera-OHara-Subolewsky.pdf
A43: Drill Diameter | B43: =SQRT(B13/100) -> 11.704115 | C43: inches | D43: This is an estimate of drill diameter based on ore production capacity | E43: "Costs and Cost Estimation" T. Alan, O'Hara and Stanley C.Suboleski https://nubeminera.cl/wp-content/uploads/2019/05/Nube-Minera-OHara-Subolewsky.pdf
A44: Cost of Drilling Equipment | B44: 1.8 | C44: Factor | E44: "Costs and Cost Estimation" T. Alan, O'Hara and Stanley C.Suboleski https://nubeminera.cl/wp-content/uploads/2019/05/Nube-Minera-OHara-Subolewsky.pdf
B45: 1 | C45: inches | D45: Drill reference size
B46: 44411 | C46: USD | D46: Drill cost at reference size
B47: =B46*((B43/B45)^B44) -> 3719632 | C47: USD/Drill
A48: Loading Equipment
A49: Shovel Capacity | B49: =0.145*(B13^0.4) -> 6.5469475 | C49: Cubic Yards | E49: "Costs and Cost Estimation" T. Alan, O'Hara and Stanley C.Suboleski https://nubeminera.cl/wp-content/uploads/2019/05/Nube-Minera-OHara-Subolewsky.pdf
A50: Number of Shovels | B50: =ROUNDUP(0.011*(B13^0.8)/B49,0) -> 4 | C50: Integer
A51: Shovel Equipment Cost (Loading Equipment Cost) | B51: 0.8 | C51: Factor | E51: "Costs and Cost Estimation" T. Alan, O'Hara and Stanley C.Suboleski https://nubeminera.cl/wp-content/uploads/2019/05/Nube-Minera-OHara-Subolewsky.pdf
B52: 1 | C52: Cubic Yards | D52: Reference Shovel Size of Loading Equipment
B53: 1132479.1 | C53: USD | D53: Loading Cost at reference size
B54: =B53*((B49/B52)^B51) -> 5091681.9 | C54: USD/Loader
A55: Hauling Equipment
A56: Truck Capacity | B56: =9*(B49^1.1) -> 71.102563 | C56: tonne | D56: Note: Liebherr have dump trucks of this capacity https://www.liebherr.com/en/aus/products/construction-machines/earthmoving/articulated-trucks/the-new-one.html?gad_source=1&gclid=Cj0KCQjwn7mwBhCiARIsAGoxjaLOlg-B9gjOBbdiosxln-gjDYltleNjLWwdDbJRINJh0YV6FUvoo4oaAmzCEALw_wcB | E56: "Costs and Cost Estimation" T. Alan, O'Hara and Stanley C.Suboleski https://nubeminera.cl/wp-content/uploads/2019/05/Nube-Minera-OHara-Subolewsky.pdf
A57: Number of Trucks | B57: =ROUNDUP(0.25*(B13^0.8)/B56,0) -> 8 | C57: Integer | D57: Number of trucks required, includes allowance for truck under repair
A58: Truck Equipment Cost (Haulage Equipment Cost) | B58: 0.9 | C58: Factor | E58: "Costs and Cost Estimation" T. Alan, O'Hara and Stanley C.Suboleski https://nubeminera.cl/wp-content/uploads/2019/05/Nube-Minera-OHara-Subolewsky.pdf
B59: 1 | C59: tonne | D59: Reference Haulage Truck Capacity
B60: 45299.162 | C60: USD
B61: =B60*((B56/B59)^B58) -> 2102746.4 | C61: USD/Hauler
A62: Drilling, Loading and Hauling Conversion Costs | G62: Mining Vehicles Fuel Assumptions | K62: Notes/ Reference
A63: Fuel Type | B63: Diesel | D63: See assumptions table to the right | G63: Fuel Source | H63: Diesel | I63: Battery | J63: Hydrogen | K63: Diesel Default Value | L63: Battery Default Value | M63: Hydrogen Default Value
A64: Drilling Equipment Power Rating | B64: 25 | C64: kW/Drill | E64: 4-50kW per drill https://www.epiroc.com/en-ge/products/parts-and-services/rock-drills-and-rotation-units/rock-drills | G64: Existing Diesel Engine and Drivetrain Cost (USD/kW) | H64: 0 | I64: 95 | J64: 95 | K64: Set to zero as there is no conversion needed for diesel | L64: Diesel Engine (80USD/kW) plus Diesel Drivetrain (15USD/kW) https://doi.org/10.1016/j.ijhydene.2022.01.144 | M64: Diesel Engine (80USD/kW) plus Diesel Drivetrain (15USD/kW) https://doi.org/10.1016/j.ijhydene.2022.01.144
A65: Loading Equipment Power Rating | B65: 120 | C65: kW/Loader | E65: 117-299 kW per loader https://www.cat.com/en_AU/products/new/equipment/underground-hard-rock/underground-mining-load-haul-dump-lhd-loaders/18192466.html | G65: New Drivetraine and Powertrain Cost (USD/kW) | H65: 0 | I65: =30+15*247 -> 3735 | J65: =30+247*0.15+5636+27*15 -> 6108.05 | K65: Set to zero as there is no conversion needed for diesel | L65: Battery Cost*Battery Capacity+Electric Drivetrain Battery Cost (247 USD/kWh) CSIRO. GenCost 2023-24 Final Report. 2024. Battery Capacity (15h) assumed Electric Drivetrain (30USD/kW) https://doi.org/10.1016/j.ijhydene.2022.01.144 | M65: Battery Cost*Battery Capacity+Hydrogen Fuel Cell+Hydrogen Stroage Cost*Storage Capacity+Electric Drivetrain Battery Cost (247 USD/kWh) CSIRO. GenCost 2023-24 Final Report. 2024. Battery Capacity (0.15h) calculated based on fuel cell battey capacity https://doi.org/10.1016/j.matpr.2023.02.039 Fuel Cell Cost (5,636 USD/kWh) CSIRO. GenCost 2023-24 Final Report. 2024. Hydrogen Storage Costs (27 USD/kWh) DOI: 10.1177/0954409719867495 Hydrogen Storage Tank Capacity (15h) Assumed equivalent to battery capacity
A66: Hauling Equipment Power Rating | B66: 8 | C66: (kW/tonne)/Hauler | E66: 8-9.5 kW/tonne per hauler 2610-2983kW per hauler for a capacity of 327-372tonnes. https://www.cat.com/en_AU/products/product-comparison-competitor.html?modelId=87936&rgids=3&productId=18093014,15970072,15970073&type=new 265kW for a hauler of capacity of 28tonnes https://www.liebherr.com/en/aus/products/construction-machines/earthmoving/articulated-trucks/the-new-one.html?gad_source=1&gclid=Cj0KCQjwn7mwBhCiARIsAGoxjaLOlg-B9gjOBbdiosxln-gjDYltleNjLWwdDbJRINJh0YV6FUvoo4oaAmzCEALw_wcB 3500hp (2610kW) per hauler https://doi.org/10.3390/en16010286 | G66: Vehicle Efficiency (%) | H66: 40 | I66: 80 | J66: 44 | K66: Diesel engine efficiency (30-45%) https://doi.org/10.1016/j.energy.2019.04.027 | L66: Tank to wheel Efficiency of BEV in Mine Hauling truck (80%, with a range spanning 64.4% to 86%) https://doi.org/10.3390/en17061494 | M66: Battery Drivetrain effieicny * Fuel Cell Efficiency Tank to wheel Efficiency of BEV in Mine Hauling truck (80%, with a range spanning 64.4% to 86%) https://doi.org/10.3390/en17061494 Fuel Cell Efficiency (55%, 60%, 62% & 64% for 2024,2030,2040 & 2050) https://journals.sagepub.com/doi/pdf/10.1177/0954409719867495, DOI: 10.1177/0954409719867495
B67: =B66*B56 -> 568.8205 | C67: kW/Hauler | G67: Fuel Price (USD/kWh) | H67: 0.138 | I67: =B106 -> 0.083 | J67: 0.186 | K67: 0.131 USD/kWh assumign an energy density of 0.0386GJ/L (https://www.dcceew.gov.au/sites/default/files/documents/national-greenhouse-accounts-factors-2022.pdf) and a price of 1.40 USD/L (2 AUD/L (assuming 0.7:1 USD:AUD) https://www.aip.com.au/pricing/terminal-gate-prices) | L67: See linked cell | M67: 0.30USD/kWh based on 10USD/kg and LHV of 33.3kWh/kg. Green Hydrogen Cost Current Range: AUD8-14/kg; Gladstone Project: AUD3/kg; Target: AUD2/kg
A68: Existing Diesel Engine and Drivetrain Cost | B68: =HLOOKUP(B63,G63:J68,2,FALSE) -> 0 | C68: USD/kW | D68: Following a similar methodology to Burke et al. (https://escholarship.org/uc/item/7s25d8bc), the conversion cost is assumed to be the vehicle cost, minus the cost of the diesel engine and drivetrain, plus the cost of the hydrgen fuel cell, tanks, battery and electric drivetrain. | G68: Emissions Factor (kgCO2/kWh) | H68: 0.253 | I68: =B116 -> 0.63 | J68: 0 | K68: 70.4 kgCO2/GJ (0.253 kgCO2/kWh) https://www.dcceew.gov.au/sites/default/files/documents/national-greenhouse-accounts-factors-2022.pdf | L68: See linked cell | M68: Assuming 0 for Green Hydrogen
A69: New Drivetrain Cost | B69: =HLOOKUP(B63,G63:J68,3,FALSE) -> 0 | C69: USD/kW
A70: Drilling Equipment Conversion Cost | B70: =B64*(B69-B68) -> 0 | C70: USD/Drill | D70: Note: if the fuel selection type if Diesel, these vehicles don't need conversion
A71: Loading Equipment Conversion Cost | B71: =B65*(B69-B68) -> 0 | C71: USD/Loader | D71: Note: if the fuel selection type if Diesel, these vehicles don't need conversion
A72: Hauling Equipment Conversion Cost | B72: =B67*(B69-B68) -> 0 | C72: USD/Hauler | D72: Note: if the fuel selection type if Diesel, these vehicles don't need conversion
A73: Total Cost of Drilling Equipment | B73: =(B47+B70)*B42*B9/100 -> 7439264 | C73: USD | D73: Includes capital cost loading (if applied)
A74: Total Cost of Loading Equipment | B74: =(B54+B71)*B50*B9/100 -> 20366728 | C74: USD | D74: Includes capital cost loading (if applied)
A75: Total Cost of Hauling Equipment | B75: =(B72+B61)*B57*B9/100 -> 16821971 | C75: USD | D75: Includes capital cost loading (if applied)
A76: Drilling, Loading and Hauling Fuel Requirements
A77: Engine/Fuel Cell Efficiency | B77: =HLOOKUP(B63,G63:J68,4,FALSE) -> 40 | C77: % | E77: Refer to "Mining Vehicles Fuel Assumptions" table
A78: Mining Vehicles Utlisation Factor (Drilling Loading & Hauling Trucks) | B78: 92 | C78: % | D78: Amount of time in the year the mining vehicle equipment is running (Drilling, Loading & Hauling) | E78: Human driven truck has stops for a total of 30.4 days per year (operated 334.6/365 days = 92%). Assume this is the same for the loading and drilling equipment. doi:10.1016/j.resourpol.2010.09.002
A79: Drilling Equipment Fuel Requirements | B79: =(B64*B42*(B78/100)*24*365)/(B77/100) -> 1007400 | C79: kWh/yr
A80: Loading Equipment Fuel Requirements | B80: =(B65*B50*(B78/100)*24*365)/(B77/100) -> 9671040 | C80: kWh/yr
A81: Hauling Equipment Fuel Requirements | B81: =(B66*B57*B56*(B78/100)*24*365)/(B77/100) -> 91684764 | C81: kWh/yr
A82: Operating Requirements
A83: Staffing Requirements
A84: Number of Mining Personnel for Open Pit mine | B84: =ROUND(0.034*(B13^0.8),0) -> 69 | C84: Integer | E84: "Costs and Cost Estimation" T. Alan, O'Hara and Stanley C.Suboleski https://nubeminera.cl/wp-content/uploads/2019/05/Nube-Minera-OHara-Subolewsky.pdf
A85: Number of Mill Personnel | B85: =ROUND(7.2*(B13^0.3),0) -> 125 | C85: Integer
A86: Number of Service Personnel | B86: =ROUND(0.254*(B84+B85),0) -> 49 | C86: Integer
A87: Number of Administrative Personnel | B87: =ROUND(0.11*(B84+B85+B86),0) -> 27 | C87: Integer
A88: Blasting Operating Requirements
A89: Blasting Explosives Requirements | B89: 0.5 | C89: kgANFO/tonneOre | D89: Assuming ANFO is used as the explosive (Ammonium Nitrate/Fuel Oil) | E89: Life cycle assessment of iron ore mining and processing N. Haque, T. Norgate CSIRO Mineral Resources Flagship, Clayton South, VIC, Australia http://dx.doi.org/10.1016/B978-1-78242-156-6.00020-4
A90: Crushing, Grinding & Screening Operating Requirements
A91: Crushing, Grinding & Screening Electricity Requirements | B91: 25 | C91: kWh/tonneOre | E91: 20-30 kWh/tonneOre https://doi.org/10.1016/j.egyr.2019.03.004
A92: Operating Cost Estimates
A93: Staffing Cost
A94: Hours worked per worker per year | B94: 1920 | C94: (WorkHours/Worker)/yr | E94: Estimated based on a 40 hour work week and 48 weeks per year
A95: Average worker hourly wage | B95: 36 | C95: USD/hour | E95: Based on OECD estimates of annual wage in Australia 97,318 AUD/yr (68,123USD/yr)https://www.oecd.org/en/data/indicators/average-annual-wages.html
A96: Annual Staffing Costs | B96: =SUM(B84:B87)*B94*B95 -> 18662400 | C96: USD/yr | D96: Total annual staffing costs
A97: Drilling, Loading and Hauling Fuel Cost
A98: Fuel Price | B98: =HLOOKUP(B63,G63:J68,5,FALSE) -> 0.138 | C98: USD/kWh | E98: Refer to "Mining Vehicles Fuel Assumptions" table
A99: Annual Drilling Fuel Costs | B99: =B98*B79 -> 139021.2 | C99: USD/yr | D99: Diesel costs for drilling equipment operation
A100: Annual Loading Fuel Costs | B100: =B98*B80 -> 1334603.5 | C100: USD/yr | D100: Diesel costs for truck and shovel equipment operation
A101: Annual Hauling Fuel Costs | B101: =B98*B81 -> 12652497 | C101: USD/yr
A102: Explosives Cost
...

Sheet S1. Ore_Extraction_Benef_Pellet
A1: S1. Ore Extraction and Transport Model
A3: Parameter | B3: Value | C3: Unit | D3: Note | E3: Default Value
A4: Financial Assumptions
A5: USD:AUD Conversion Rate | B5: =0.7 -> 0.7 | C5: - | E5: =0.7 -> 0.7
A6: Interest Rate | B6: 7 | C6: % | D6: Annual Interest Rate | E6: 7
A7: Economic Life | B7: 30 | C7: years | D7: Economic life of the mine site, process plant and mining vehicles | E7: 30
A8: CRF | B8: =(($B$6/100)*(1+$B$6/100)^$B$7)/(((1+$B$6/100)^$B$7)-1)*100 -> 8.0586404 | C8: % | D8: Capital Recovery Factor
A9: Capex Increase Compared to Benchmarked Costs | B9: 100 | C9: % of Benchmarked Cost | D9: Applied to all capital costs | E9: 100%
A11: System Sizing
A12: Mine Capacity | B12: 5000000 | C12: tonne/yr | D12: Annual Production of Iron Ore
B13: =(B12/365) -> 13698.63 | C13: tonne/day | D13: Daily Production of Iron Ore
A14: Process Plant Availability | B14: 90 | C14: % | D14: Only Applies to process plant availability
A15: Mine Site and Processing Capital Cost Estimates
A16: Crushing, Grinding & Screening
A17: Crushing and Screening Plant Building Cost | B17: 0.6 | C17: Factor | E17: "Costs and Cost Estimation" T. Alan, O'Hara and Stanley C.Suboleski https://nubeminera.cl/wp-content/uploads/2019/05/Nube-Minera-OHara-Subolewsky.pdf
B18: 1 | C18: tonne/day
B19: 59955 | C19: USD
B20: =B19*((B13/B18)^B17)*B9/100 -> 18189958 | C20: USD | D20: Includes capital cost loading (if applied)
A21: Primary Crushing Plant Cost | B21: 0.7 | C21: Factor | E21: "Costs and Cost Estimation" T. Alan, O'Hara and Stanley C.Suboleski https://nubeminera.cl/wp-content/uploads/2019/05/Nube-Minera-OHara-Subolewsky.pdf
B22: 1 | C22: tonne/day
B23: 33308 | C23: USD
B24: =B23*((B13/B22)^B21)*B9/100 -> 26195250 | C24: USD | D24: Includes capital cost loading (if applied)
A25: Fine Ore Crushing and Conveyors Cost | B25: 0.7 | C25: Factor | E25: "Costs and Cost Estimation" T. Alan, O'Hara and Stanley C.Suboleski https://nubeminera.cl/wp-content/uploads/2019/05/Nube-Minera-OHara-Subolewsky.pdf
B26: 1 | C26: tonne/day
B27: 39970 | C27: USD
B28: =B27*((B13/B26)^B25)*B9/100 -> 31434615 | C28: USD | D28: Includes capital cost loading (if applied)
A29: Grinding and Storage | B29: 0.7 | C29: Factor | E29: "Costs and Cost Estimation" T. Alan, O'Hara and Stanley C.Suboleski https://nubeminera.cl/wp-content/uploads/2019/05/Nube-Minera-OHara-Subolewsky.pdf
B30: 1 | C30: tonne/day
B31: 41524 | C31: USD
B32: =B31*((B13/B30)^B29)*B9/100 -> 32656766 | C32: USD | D32: Includes capital cost loading (if applied)
A33: Beneficiation (Concentration) | B33: 0.6 | C33: Factor | E33: Based on concetrating plant from: "Costs and Cost Estimation" T. Alan, O'Hara and Stanley C.Suboleski https://nubeminera.cl/wp-content/uploads/2019/05/Nube-Minera-OHara-Subolewsky.pdf Compared this to a cost of 38millUSD for a Pellet Feed Concentrate Plant of 1million tpa. Costs are similar if assuming the 38million accounts for crushing plant. https://www.zanagairon.com/wp-content/uploads/2019/06/ZIOC-IP-28.03.19.pdf
B34: 1 | C34: tonne/day
B35: 45743 | C35: USD
B36: =B35*((B13/B34)^B33)*B9/100 -> 13878129 | C36: USD | D36: Includes capital cost loading (if applied) | G36: Pelletisation Thermal Energy Fuel Consumption | K36: Notes/ Reference
A37: Pelletisation | B37: 0.65 | C37: Factor | E37: Based on MRIWA estimates: 1059 MUSD for 2.8Mtpa and 1470 MUSD for 4.8 Mtpa Other estimates of 470M USD for 4.0Mtpa are provided here: https://strategic-res.com/news/2024/strategic-resources-announces-robust-economic-results-from-its-iron-pellet-plant-study/; https://www.prnewswire.com/news-releases/strategic-resources-announces-robust-economic-results-from-its-iron-pellet-plant-study-302086091.html | G37: Fuel Source | H37: Natural Gas | I37: Electricity | J37: Hydrogen | K37: Natural Gas Default Value | L37: Electricity Default Value | M37: Hydrogen Default Value
B38: 7671 | C38: tonne/day | G38: Fuel Price (USD/kWh) | H38: 0.03 | I38: =B118 -> 0.083 | J38: 0.186 | K38: natural gas price of 12AUD/GJ (8.4 USD/GJ) | L38: See linked cell | M38: 0.30USD/kWh based on 10USD/kg and LHV of 33.3kWh/kg. Green Hydrogen Cost Current Range: AUD8-14/kg; Gladstone Project: AUD3/kg; Target: AUD2/kg
B39: 360865773 | C39: USD | G39: Emissions Factor (kgCO2/kWh) | H39: 0.186 | I39: =B132 -> 0.63 | J39: 0 | K39: Natural Gas: 51.53 kgCO2-e/GJ (0.186 kg/kWh)https://www.dcceew.gov.au/sites/default/files/documents/national-greenhouse-account-factors-2024.pdf | L39: See linked cell | M39: Assuming 0 for Green Hydrogen
B40: =B39*((B13/B38)^B37)*B9/100 -> 5.2605608e+08 | C40: USD | D40: Includes capital cost loading (if applied)
A41: Pelletisation Fuel Source for Thermal Energy | B41: Natural Gas | D41: See assumptions table to the right
A42: Tailings Dam Storage
A43: Tailings Dam Storage Cost | B43: 0.5 | C43: Factor | E43: "Costs and Cost Estimation" T. Alan, O'Hara and Stanley C.Suboleski https://nubeminera.cl/wp-content/uploads/2019/05/Nube-Minera-OHara-Subolewsky.pdf
B44: 1 | C44: tonne/day
B45: 44411 | C45: USD
B46: =B45*((B13/B44)^B43)*B9/100 -> 5197914.4 | C46: USD
A47: Additional Capital Costs
A48: Additional Capital Costs | B48: 0 | C48: USD/yr | D48: User input value to account for any additional operating costs unaccounted for by this model
A49: Drilling, Loading and Hauling Capital Cost Estimates
A50: Drilling Equipment
A51: Number of Drills | B51: 2 | C51: Integer | D51: Number of drills required for the minesite. | E51: 2-4 drills for an open pit mine of less than 60,000 tpd. "Costs and Cost Estimation" T. Alan, O'Hara and Stanley C.Suboleski https://nubeminera.cl/wp-content/uploads/2019/05/Nube-Minera-OHara-Subolewsky.pdf
A52: Drill Diameter | B52: =SQRT(B13/100) -> 11.704115 | C52: inches | D52: This is an estimate of drill diameter based on ore production capacity | E52: "Costs and Cost Estimation" T. Alan, O'Hara and Stanley C.Suboleski https://nubeminera.cl/wp-content/uploads/2019/05/Nube-Minera-OHara-Subolewsky.pdf
A53: Cost of Drilling Equipment | B53: 1.8 | C53: Factor | E53: "Costs and Cost Estimation" T. Alan, O'Hara and Stanley C.Suboleski https://nubeminera.cl/wp-content/uploads/2019/05/Nube-Minera-OHara-Subolewsky.pdf
B54: 1 | C54: inches | D54: Drill reference size
B55: 44411 | C55: USD | D55: Drill cost at reference size
B56: =B55*((B52/B54)^B53) -> 3719632 | C56: USD/Drill
A57: Loading Equipment
A58: Shovel Capacity | B58: =0.145*(B13^0.4) -> 6.5469475 | C58: Cubic Yards | E58: "Costs and Cost Estimation" T. Alan, O'Hara and Stanley C.Suboleski https://nubeminera.cl/wp-content/uploads/2019/05/Nube-Minera-OHara-Subolewsky.pdf
A59: Number of Shovels | B59: =ROUNDUP(0.011*(B13^0.8)/B58,0) -> 4 | C59: Integer
A60: Shovel Equipment Cost (Loading Equipment Cost) | B60: 0.8 | C60: Factor | E60: "Costs and Cost Estimation" T. Alan, O'Hara and Stanley C.Suboleski https://nubeminera.cl/wp-content/uploads/2019/05/Nube-Minera-OHara-Subolewsky.pdf
B61: 1 | C61: Cubic Yards | D61: Reference Shovel Size of Loading Equipment
B62: 1132479.1 | C62: USD | D62: Loading Cost at reference size
B63: =B62*((B58/B61)^B60) -> 5091681.9 | C63: USD/Loader
A64: Hauling Equipment
A65: Truck Capacity | B65: =9*(B58^1.1) -> 71.102563 | C65: tonne | D65: Note: Liebherr have dump trucks of this capacity https://www.liebherr.com/en/aus/products/construction-machines/earthmoving/articulated-trucks/the-new-one.html?gad_source=1&gclid=Cj0KCQjwn7mwBhCiARIsAGoxjaLOlg-B9gjOBbdiosxln-gjDYltleNjLWwdDbJRINJh0YV6FUvoo4oaAmzCEALw_wcB | E65: "Costs and Cost Estimation" T. Alan, O'Hara and Stanley C.Suboleski https://nubeminera.cl/wp-content/uploads/2019/05/Nube-Minera-OHara-Subolewsky.pdf
A66: Number of Trucks | B66: =ROUNDUP(0.25*(B13^0.8)/B65,0) -> 8 | C66: Integer | D66: Number of trucks required, includes allowance for truck under repair
A67: Truck Equipment Cost (Haulage Equipment Cost) | B67: 0.9 | C67: Factor | E67: "Costs and Cost Estimation" T. Alan, O'Hara and Stanley C.Suboleski https://nubeminera.cl/wp-content/uploads/2019/05/Nube-Minera-OHara-Subolewsky.pdf
B68: 1 | C68: tonne | D68: Reference Haulage Truck Capacity
B69: 45299.162 | C69: USD
B70: =B69*((B65/B68)^B67) -> 2102746.4 | C70: USD/Hauler
A71: Drilling, Loading and Hauling Conversion Costs | G71: Mining Vehicles Fuel Assumptions | K71: Notes/ Reference
A72: Fuel Type | B72: Diesel | D72: See assumptions table to the right | G72: Fuel Source | H72: Diesel | I72: Battery | J72: Hydrogen | K72: Diesel Default Value | L72: Battery Default Value | M72: Hydrogen Default Value
A73: Drilling Equipment Power Rating | B73: 25 | C73: kW/Drill | E73: 4-50kW per drill https://www.epiroc.com/en-ge/products/parts-and-services/rock-drills-and-rotation-units/rock-drills | G73: Existing Diesel Engine and Drivetrain Cost (USD/kW) | H73: 0 | I73: 95 | J73: 95 | K73: Set to zero as there is no conversion needed for diesel | L73: Diesel Engine (80USD/kW) plus Diesel Drivetrain (15USD/kW) https://doi.org/10.1016/j.ijhydene.2022.01.144 | M73: Diesel Engine (80USD/kW) plus Diesel Drivetrain (15USD/kW) https://doi.org/10.1016/j.ijhydene.2022.01.144
A74: Loading Equipment Power Rating | B74: 120 | C74: kW/Loader | E74: 117-299 kW per loader https://www.cat.com/en_AU/products/new/equipment/underground-hard-rock/underground-mining-load-haul-dump-lhd-loaders/18192466.html | G74: New Drivetraine and Powertrain Cost (USD/kW) | H74: 0 | I74: =30+15*247 -> 3735 | J74: =30+247*0.15+5636+27*15 -> 6108.05 | K74: Set to zero as there is no conversion needed for diesel | L74: Battery Cost*Battery Capacity+Electric Drivetrain Battery Cost (247 USD/kWh) CSIRO. GenCost 2023-24 Final Report. 2024. Battery Capacity (15h) assumed Electric Drivetrain (30USD/kW) https://doi.org/10.1016/j.ijhydene.2022.01.144 | M74: Battery Cost*Battery Capacity+Hydrogen Fuel Cell+Hydrogen Stroage Cost*Storage Capacity+Electric Drivetrain Battery Cost (247 USD/kWh) CSIRO. GenCost 2023-24 Final Report. 2024. Battery Capacity (0.15h) calculated based on fuel cell battey capacity https://doi.org/10.1016/j.matpr.2023.02.039 Fuel Cell Cost (5,636 USD/kWh) CSIRO. GenCost 2023-24 Final Report. 2024. Hydrogen Storage Costs (27 USD/kWh) DOI: 10.1177/0954409719867495 Hydrogen Storage Tank Capacity (15h) Assumed equivalent to battery capacity
A75: Hauling Equipment Power Rating | B75: 8 | C75: (kW/tonne)/Hauler | E75: 8-9.5 kW/tonne per hauler 2610-2983kW per hauler for a capacity of 327-372tonnes. https://www.cat.com/en_AU/products/product-comparison-competitor.html?modelId=87936&rgids=3&productId=18093014,15970072,15970073&type=new 265kW for a hauler of capacity of 28tonnes https://www.liebherr.com/en/aus/products/construction-machines/earthmoving/articulated-trucks/the-new-one.html?gad_source=1&gclid=Cj0KCQjwn7mwBhCiARIsAGoxjaLOlg-B9gjOBbdiosxln-gjDYltleNjLWwdDbJRINJh0YV6FUvoo4oaAmzCEALw_wcB 3500hp (2610kW) per hauler https://doi.org/10.3390/en16010286 | G75: Vehicle Efficiency (%) | H75: 40 | I75: 80 | J75: 44 | K75: Diesel engine efficiency (30-45%) https://doi.org/10.1016/j.energy.2019.04.027 | L75: Tank to wheel Efficiency of BEV in Mine Hauling truck (80%, with a range spanning 64.4% to 86%) https:// doi.org/10.3390/en17061494 | M75: Battery Drivetrain effieicny * Fuel Cell Efficiency Tank to wheel Efficiency of BEV in Mine Hauling truck (80%, with a range spanning 64.4% to 86%) https://doi.org/10.3390/en17061494 Fuel Cell Efficiency (55%, 60%, 62% & 64% for 2024,2030,2040 & 2050) https://journals.sagepub.com/doi/pdf/10.1177/0954409719867495, DOI: 10.1177/0954409719867495
B76: =B75*B65 -> 568.8205 | C76: kW/Hauler | G76: Fuel Price (USD/kWh) | H76: 0.138 | I76: =B118 -> 0.083 | J76: 0.186 | K76: 0.131 USD/kWh assumign an energy density of 0.0386GJ/L (https://www.dcceew.gov.au/sites/default/files/documents/national-greenhouse-accounts-factors-2022.pdf) and a price of 1.40 USD/L (2 AUD/L (assuming 0.7:1 USD:AUD) https://www.aip.com.au/pricing/terminal-gate-prices) | L76: See linked cell | M76: 0.30USD/kWh based on 10USD/kg and LHV of 33.3kWh/kg. Green Hydrogen Cost Current Range: AUD8-14/kg; Gladstone Project: AUD3/kg; Target: AUD2/kg
A77: Existing Diesel Engine and Drivetrain Cost | B77: =HLOOKUP(B72,G72:J77,2,FALSE) -> 0 | C77: USD/kW | D77: Following a similar methodology to Burke et al. (https://escholarship.org/uc/item/7s25d8bc), the conversion cost is assumed to be the vehicle cost, minus the cost of the diesel engine and drivetrain, plus the cost of the hydrgen fuel cell, tanks, battery and electric drivetrain. | G77: Emissions Factor (kgCO2/kWh) | H77: 0.253 | I77: =B132 -> 0.63 | J77: 0 | K77: 70.4 kgCO2/GJ (0.253 kgCO2/kWh) https://www.dcceew.gov.au/sites/default/files/documents/national-greenhouse-accounts-factors-2022.pdf | L77: See linked cell | M77: Assuming 0 for Green Hydrogen
A78: New Drivetrain Cost | B78: =HLOOKUP(B72,G72:J77,3,FALSE) -> 0 | C78: USD/kW
A79: Drilling Equipment Conversion Cost | B79: =B73*(B78-B77) -> 0 | C79: USD/Drill | D79: Note: if the fuel selection type if Diesel, these vehicles don't need conversion
A80: Loading Equipment Conversion Cost | B80: =B74*(B78-B77) -> 0 | C80: USD/Loader | D80: Note: if the fuel selection type if Diesel, these vehicles don't need conversion
A81: Hauling Equipment Conversion Cost | B81: =B76*(B78-B77) -> 0 | C81: USD/Hauler | D81: Note: if the fuel selection type if Diesel, these vehicles don't need conversion
A82: Total Cost of Drilling Equipment | B82: =(B56+B79)*B51*B9/100 -> 7439264 | C82: USD | D82: Includes capital cost loading (if applied)
A83: Total Cost of Loading Equipment | B83: =(B63+B80)*B59*B9/100 -> 20366728 | C83: USD | D83: Includes capital cost loading (if applied)
A84: Total Cost of Hauling Equipment | B84: =(B81+B70)*B66*B9/100 -> 16821971 | C84: USD | D84: Includes capital cost loading (if applied)
A85: Drilling, Loading and Hauling Fuel Requirements
A86: Engine/Fuel Cell Efficiency | B86: =HLOOKUP(B72,G72:J77,4,FALSE) -> 40 | C86: % | E86: Refer to "Mining Vehicles Fuel Assumptions" table
A87: Mining Vehicles Utlisation Factor (Drilling Loading & Hauling Trucks) | B87: 92 | C87: % | D87: Amount of time in the year the mining vehicle equipment is running (Drilling, Loading & Hauling) | E87: Human driven truck has stops for a total of 30.4 days per year (operated 334.6/365 days = 92%). Assume this is the same for the loading and drilling equipment. doi:10.1016/j.resourpol.2010.09.002
A88: Drilling Equipment Fuel Requirements | B88: =(B73*B51*(B87/100)*24*365)/(B86/100) -> 1007400 | C88: kWh/yr
A89: Loading Equipment Fuel Requirements | B89: =(B74*B59*(B87/100)*24*365)/(B86/100) -> 9671040 | C89: kWh/yr
A90: Hauling Equipment Fuel Requirements | B90: =(B75*B66*B65*(B87/100)*24*365)/(B86/100) -> 91684764 | C90: kWh/yr
A91: Operating Requirements
A92: Staffing Requirements
A93: Number of Mining Personnel for Open Pit mine | B93: =ROUND(0.034*(B13^0.8),0) -> 69 | C93: Integer | E93: "Costs and Cost Estimation" T. Alan, O'Hara and Stanley C.Suboleski https://nubeminera.cl/wp-content/uploads/2019/05/Nube-Minera-OHara-Subolewsky.pdf
A94: Number of Mill Personnel | B94: =ROUND(7.2*(B13^0.3),0) -> 125 | C94: Integer
A95: Number of Service Personnel | B95: =ROUND(0.254*(B93+B94),0) -> 49 | C95: Integer
A96: Number of Administrative Personnel | B96: =ROUND(0.11*(B93+B94+B95),0) -> 27 | C96: Integer
A97: Blasting Operating Requirements
A98: Blasting Explosives Requirements | B98: 0.5 | C98: kgANFO/tonneOre | D98: Assuming ANFO is used as the explosive (Ammonium Nitrate/Fuel Oil) | E98: Life cycle assessment of iron ore mining and processing N. Haque, T. Norgate CSIRO Mineral Resources Flagship, Clayton South, VIC, Australia http://dx.doi.org/10.1016/B978-1-78242-156-6.00020-4
A99: Crushing, Grinding & Screening Operating Requirements
A100: Crushing, Grinding & Screening Electricity Requirements | B100: 25 | C100: kWh/tonneOre | E100: 20-30 kWh/tonneOre https://doi.org/10.1016/j.egyr.2019.03.004
A101: Beneficiation (Concentration) | B101: 0.85 | C101: kWh/tonneOre | E101: 0.85 kWh/tonneOre https://doi.org/10.1038/s41467-023-38123-2
A102: Pelletisation (Electrical Energy) | B102: 30 | C102: kWh/tonneOre | E102: Electrical Energy Consumption: 25-35 kWh/tonne https://www.metso.com/portfolio/traveling-grate-pelletizing-plant/#
...

Sheet S1. Rail Transport
A1: S1. Ore Extraction and Transport Model
A3: Parameter | B3: Value | C3: Unit | D3: Note | E3: Default Value
A4: Financial Assumptions
A5: USD:AUD Conversion Rate | B5: =0.7 -> 0.7 | C5: - | E5: =0.7 -> 0.7
A6: Interest Rate | B6: 7 | C6: % | D6: Annual Interest Rate | E6: 7
A7: Economic Life | B7: 20 | C7: years | D7: Economic life of the locomotives and additional capital | E7: 20 years. Based on the useful life of a locomotive. https://journals.sagepub.com/doi/pdf/10.1177/0954409719867495
A8: CRF | B8: =(($B$6/100)*(1+$B$6/100)^$B$7)/(((1+$B$6/100)^$B$7)-1)*100 -> 9.4392926 | C8: % | D8: Capital Recovery Factor
A9: Capex Increase Compared to Benchmarked Costs | B9: 100 | C9: % of Benchmarked Cost | D9: Applied to all capital costs | E9: 100%
A11: Rail Transportation
A12: Journey Assumptions
A13: One-way distance travelled by rail | B13: 250 | C13: km | E13: Assumed
A14: Total time to load train | B14: 3 | C14: hrs | E14: Assumed similar to unloading time
A15: Total time to unload train | B15: 3 | C15: hrs | E15: Unloading time: 3hrs. Port Hedland Facts About the Industry of Port Hedland https://www.phic-hedland.com.au/wp-content/uploads/2023/08/PC05694_PHIC-20222023-Industry-Booklet_v9.1.pdf
A16: Average speed | B16: 70 | C16: km/h | E16: up to 80km/h https://www.railexpress.com.au/worlds-heaviest-haul-railway-fmg/
A17: Days per year in operation | B17: 350 | C17: days | E17: Assumed
A18: Capital Cost Assumptions
A19: Wagon Capacity | B19: 110 | C19: tonne/wagon | D19: Wagon capacity | E19: 105-110 tonne/wagon https://www.pilbararailways.com.au/bhp/waggons.php https://www.railway-technology.com/projects/hamersley-freight-line/
A20: Wagon Length | B20: 16.1 | C20: m/wagon | D20: Wagon length | E20: 32.3 m per 2 wagons https://www.artc.com.au/library/GI_10_loco_rs_data.pdf?v=2.1
A21: Number of Wagons per Train | B21: 230 | C21: integer | D21: Number of wagons per train | E21: 226-270 wagons/train https://www.railway-technology.com/projects/hamersley-freight-line/?cf-view https://www.bhp.com/news/media-centre/releases/2022/01/bhp-orders-four-battery-electric-locomotives-for-waio-rail-network
A22: Wagon Cost | B22: 150000 | C22: USD/wagon | E22: (100,000-188,017 USD/wagon) 150,000 AUD/wagon (adjsuted to present day costs 268,595 AUD/wagon) https://agrifutures.com.au/wp-content/uploads/publications/07-185.pdf; 100,000 USD/wagon https://www.made-in-china.com/price/ore-wagon-price.html
A23: Wagon Empty Weight | B23: 21.7 | C23: tonne/wagon | E23: 21.7 tare weight of coal wagon https://www.artc.com.au/library/GI_10_loco_rs_data.pdf?v=2.1
A24: Type of Locomotive | B24: Diesel | C24: -
A25: Number of Locomotives per Train | B25: 4 | C25: integer | E25: 3-4 Locomotives/train https://www.bhp.com/news/media-centre/releases/2022/01/bhp-orders-four-battery-electric-locomotives-for-waio-rail-network https://www.pilbararailways.com.au/rt/rio.php
A26: Locomotove Length | B26: 15 | C26: m/locomotive | E26: Diesel locomotove length (12-17.8m) https://www.artc.com.au/library/GI_10_loco_rs_data.pdf?v=2.1
A27: Locomotive Cost | B27: =HLOOKUP(B24,G30:K37,2,FALSE) -> 3940000 | C27: USD/locomotive | E27: Refer to Locomotive Assumptions Table
A28: Locomotive Empty Weight | B28: =HLOOKUP(B24,G30:K37,3,FALSE) -> 123.7 | C28: tonne/locomotive | E28: Refer to Locomotive Assumptions Table
A29: Total Wagon Capital Cost | B29: =B22*B21*(B9/100) -> 34500000 | C29: USD/train | D29: Includes capital cost loading (if applied) | G29: Locomotive and Fuel Assumptions | L29: Notes/ Reference
A30: Total Locomotive Capital Cost | B30: =B25*B27*(B9/100) -> 15760000 | C30: USD/train | D30: Includes capital cost loading (if applied) | G30: Fuel Source | H30: Diesel | I30: Electric | J30: Battery Electric | K30: Hydrogen | L30: Diesel Default Value | M30: Catenary Electric Default Value | N30: Battery Electric Default Value | O30: Hydrogen Fuel Cell Default Value
A31: Total Train Capacity (Total Train Net Weight) | B31: =B19*B21 -> 25300 | C31: tonne | G31: Locomotive Cost (USD/locomotive) | H31: 3940000 | I31: 5470000 | J31: =$I$31+14500*247 -> 9051500 | K31: =$I$31+247*2+5636*3280+27*38800 -> 25004174 | L31: 2.95 million USD (3.94 adjusted to present-day costs) for a 3.28MW diesel locomotive https://journals.sagepub.com/doi/pdf/10.1177/0954409719867495 | M31: 4.1 million USD (5.47 adjsuted to present-day costs) for a 3.28MW electric locomotive https://journals.sagepub.com/doi/pdf/10.1177/0954409719867495 | N31: Electric Locomotive Cost + Battery Cost Battery Cost (247 USD/kWh) CSIRO. GenCost 2023-24 Final Report. 2024. Battery Capacity 14500kWh. Based on battery wagon capacity https://www.bhp.com/news/media-centre/releases/2022/01/bhp-orders-four-battery-electric-locomotives-for-waio-rail-network | O31: Electric Locomotive Cost + Fuel Cell Battery Cost + Fuel Cell Cost + Hydrogen Storage Cost Battery Cost (247 USD/kWh) CSIRO. GenCost 2023-24 Final Report. 2024. Battery Capacity (2kWh) based on fuel cell battery capacity https://doi.org/10.1016/j.matpr.2023.02.039 Fuel Cell Capacity (3,280 kW) based on Electric Locomotive Power https://journals.sagepub.com/doi/pdf/10.1177/0954409719867495 Fuel Cell Cost (5636 USD/kWh) CSIRO. GenCost 2023-24 Final Report. 2024. Hydrogen Storage Costs (27 USD/kWh) DOI: 10.1177/0954409719867495 Hydrogen Storage Tank Capacity (38800kWh) Based on Diesel Locomotive Tank Capacity of 4,000L
A32: Total Train Tare Weight | B32: =(B21*B23)+(B25*B28) -> 5485.8 | C32: tonne | G32: Locomotive Empty Weight (tonne/locomotive) | H32: 123.7 | I32: 138 | J32: 138 | K32: 138 | L32: Diesel: 123.7 tonne. http://dx.doi.org/10.1080/15472450.2012.719456 120 tonne (for Ex Westrail NB class loco Fuel 4000 litres diesel locomotive) https://www.artc.com.au/library/GI_10_loco_rs_data.pdf?v=2.1 | M32: Electric: 138.0 tonne. http://dx.doi.org/10.1080/15472450.2012.719456 | N32: Assumed same weight as the electric locomotive | O32: Assumed same weight as the electric locomotive
A33: Total Train Length | B33: =(B20*B21+B26*B25)/1000 -> 3.763 | C33: km | G33: Caternary Line Installation Cost (USD/km) | H33: 0 | I33: 2350000 | J33: 0 | K33: 0 | L33: 0 no need for caternary lines for diesel powered train | M33: 1.76 million USD/km (2.35 adjusted to present-day costs) https://journals.sagepub.com/doi/pdf/10.1177/0954409719867495 | N33: 0 no need for caternary lines for battery powered train | O33: 0 no need for caternary lines for hydrogen powered train
A34: Total Train Gross Weight | B34: =SUM(B31:B32) -> 30785.8 | C34: tonne | G34: Locomotive Maintenance ((USD/km)/locomotive) | H34: 7.08 | I34: 4.04 | J34: 4.04 | K34: 4.04 | L34: Diesel: 5.31USD/km (7.08 adjsuted to present-day costs) https://journals.sagepub.com/doi/pdf/10.1177/0954409719867495 | M34: Electric: 3.03 USD/km (4.04 adjusted to present-day costs) https://journals.sagepub.com/doi/pdf/10.1177/0954409719867495 | N34: Assumed same as the electric locomotive | O34: Assumed same as the electric locomotive
A35: Caternary Line Installation Cost | B35: =HLOOKUP(B24,G30:K37,4,FALSE)*(B9/100) -> 0 | C35: USD/km | D35: Caternary lines for for electic powered locomotives Includes capital cost loading (if applied) | E35: Refer to Locomotive Assumptions Table | G35: Fuel Consumption (kWh per tonne kilometer) | H35: 0.117 | I35: 0.052 | J35: 0.052 | K35: =$I$35/0.55 -> 0.094545455 | L35: Diesel: 0.117kWh per tonne kilometer (gentle topography) http://dx.doi.org/10.1080/15472450.2012.719456 | M35: Electric: 0.052 per tonne kilometer (gentle topography) http://dx.doi.org/10.1080/15472450.2012.719456 | N35: Assumed same as the electric locomotive | O35: Electric Locomotive Power/Fuel Cell Efficiency Assuming an electric train power requirements of 0.052kWh/tonnekm ((gentle topography) http://dx.doi.org/10.1080/15472450.2012.719456) Fuel Cell Efficiency (55%, 60%, 62% & 64% for 2024,2030,2040 & 2050) https://journals.sagepub.com/doi/pdf/10.1177/0954409719867495, DOI: 10.1177/0954409719867495
A36: Operating Cost Assumptions | G36: Fuel Price (USD/kWh) | H36: 0.138 | I36: 0.083 | J36: =$I$36 -> 0.083 | K36: 0.186 | L36: 0.131 USD/kWh assumign an energy density of 0.0386GJ/L (https://www.dcceew.gov.au/sites/default/files/documents/national-greenhouse-accounts-factors-2022.pdf) and a price of 1.40 USD/L (2 AUD/L (assuming 0.7:1 USD:AUD) https://www.aip.com.au/pricing/terminal-gate-prices) | M36: Australian Electricity Price: 237.53 USD/MWh https://www.iea.org/data-and-statistics/data-tools/end-use-prices-data-explorer?tab=Yearly+prices | O36: 0.30USD/kWh based on 10USD/kg and LHV of 33.3kWh/kg. Green Hydrogen Cost Current Range: AUD8-14/kg; Gladstonnee Project: AUD3/kg; Target: AUD2/kg
A37: Flag-fall Rail Access Fees | B37: 2.8 | C37: USD/km | D37: Flag-fall rail access fees. Model assumes this is applied each way of the journey. | E37: Heavy Freight price AUD 3.998 (2.799 USD) per train kilometer https://www.artc.com.au/uploads/Pricing-Schedule-Effective-01072023.pdf | G37: Emissions Factor (kgCO2/kWh) | H37: 0.253 | I37: 0.63 | J37: =$I$37 -> 0.63 | K37: 0 | L37: 70.4 kgCO2/GJ (0.253 kgCO2/kWh) https://www.dcceew.gov.au/sites/default/files/documents/national-greenhouse-accounts-factors-2022.pdf | M37: South Australia 0.25 kgCO2/kWh; Western Australia - South West Interconnected System (SWIS) 0.51 kgCO2/kWh; Western Australia - North Western Interconnected System (NWIS) 0.58 kgCO2/kWh; https://www.dcceew.gov.au/sites/default/files/documents/national-greenhouse-accounts-factors-2022.pdf | O37: Assuming 0 for Green Hydrogen
A38: Variable Rail Access Fees | B38: 0.0054 | C38: USD/tkm | D38: Variable rail access fees. Model assumes this is applied each way of the journey. | E38: Heavy Freight price AUD 7.758 (5.431 USD) per 1000 gross tonne kilometer https://www.artc.com.au/uploads/Pricing-Schedule-Effective-01072023.pdf
A39: Locomotive Maintenance & Repair | B39: =HLOOKUP(B24,G30:K37,5,FALSE) -> 7.08 | C39: (USD/km)/locomotive | E39: Refer to Locomotive Assumptions Table
A40: Wagon Maintenance & Repair | B40: 0.06 | C40: (USD/km)/wagon | E40: 45-50 AUD/1000km (adjusted to present-day costs: 81-90 AUD/1000km) The Costs of Road and Rail Freight —Neutrality and efficiency in the farm-to-port logistics chain. Australian Government Rural Industries Research and Development Corporation—https://agrifutures.com.au/wp-content/uploads/publications/07-185.pdf
A41: Rail Network Maintenance & Repair | B41: 0.002 | C41: USD/tkm | E41: 1.60 AUD per 1000 gross tonne kilometer (adjusted to present-day costs: 2.87 AUD per 1000 gross tonne kilometer) The Costs of Road and Rail Freight —Neutrality and efficiency in the farm-to-port logistics chain. Australian Government Rural Industries Research and Development Corporation—https://agrifutures.com.au/wp-content/uploads/publications/07-185.pdf
A42: Cargo Insurance | B42: 0.001 | C42: USD/ntkm | D42: Insurance per net tonne kilometer is only paid for the payload of ore, and is not applied to the return journey | E42: 0.07 USD cents per net tonne kilometer (adjusted to present-day costs: 0.12 USD cents per net tonne kilometer) The Costs of Road and Rail Freight —Neutrality and efficiency in the farm-to-port logistics chain. Australian Government Rural Industries Research and Development Corporation—https://agrifutures.com.au/wp-content/uploads/publications/07-185.pdf
A43: Fuel Consumption | B43: =HLOOKUP(B24,G30:K37,6,FALSE) -> 0.117 | C43: kWh/tkm | D43: Energy consumption per tonne kilometer is applied to the total train weight, accounting for the lower fuel requirements for the return journey | E43: Refer to Locomotive Assumptions Table
A44: Fuel Price | B44: =HLOOKUP(B24,G30:K37,7,FALSE) -> 0.138 | C44: USD/kWh | D44: Diesel price | E44: Refer to Locomotive Assumptions Table
A45: Staffing Cost Assumptions
A46: Number of Shift Positions Required | B46: 2 | C46: shift position | D46: Staffing requirements for train operation | E46: https://www.aar.org/issue/crew-size/#:~:text=Existing%20FRA%20regulations%20do%20not,%2Dthe%2Droad%20mainline%20operations. Standard 2 person crew: https://agrifutures.com.au/wp-content/uploads/publications/07-185.pdf
A47: Shift Position Multiplier | B47: 4.8 | C47: worker/shift position | D47: Multiply the number of shift positions by 4.8 to estimate the number of people to staff each position to cover three shifts per day, along with weekends, holidays,personal time off, and sick leave | E47: https://doi.org/10.1007/s40831-024-00878-3
A48: Hours worked per worker per year | B48: 1920 | C48: (WorkHours/Worker)/yr | E48: Estimated based on a 40 hour work week and 48 weeks per year
A49: Average worker hourly wage | B49: 36 | C49: USD/hour | E49: Based on OECD estimates of annual wage in Australia 97,318 AUD/yr (68,123USD/yr)https://www.oecd.org/en/data/indicators/average-annual-wages.html
A50: Additional Costs
A51: Additional Capital Costs | B51: 0 | C51: USD
A52: Additional Operating Costs | B52: 0 | C52: USD/yr
A53: Summary of Route Calculations
A54: Round-trip Time | B54: =((B13/B16)*2)+B14+B15 -> 13.142857 | C54: hrs | D54: Trip journey to port and back, plus loading and unloading of material
A55: Total Round-trips per year | B55: =B17/(B54/24) -> 639.13043 | C55: trips/yr
A56: Required Fuel | B56: =(B43*B34*B13)+(B43*B32*B13) -> 1060944.3 | C56: kWh/trip | D56: Fuel consumption accounts for the return journey of an empty train-load
B57: =B56*B55 -> 6.7808179e+08 | C57: kWh/year
A58: Emissions Analysis
A59: Carbon Pricing
A60: Carbon Price | B60: 0 | C60: USD/tonneCO2 | D60: Carbon Price. Applied to Scope 1 (Direct) emissions | E60: 0-170 USD/tonneCO2 https://carbonpricingdashboard.worldbank.org/compliance/price
A61: Emissions Factors
A62: Locomotove Fuel Emissions | B62: =HLOOKUP(B24,G30:K37,8,FALSE) -> 0.253 | C62: kgCO2/kWh | E62: Refer to Locomotive Assumptions Table
A63: CO2-eq Emissions
A64: Locomotive Fuel Emissions | B64: =B62*B57 -> 1.7155469e+08 | C64: kgCO2/yr
B65: =B64/B84 -> 10.609443 | C65: kgCO2/tonneOre
A66: Levelised Cost Analysis
A67: Capital Costs
A68: Total Wagon CAPEX | B68: =B29*(B8/100) -> 3256555.9 | C68: USD/yr
A69: Total Locomotive CAPEX | B69: =B30*(B8/100) -> 1487632.5 | C69: USD/yr
A70: Caternary Line CAPEX | B70: =(B35*B13)*(B8/100) -> 0 | C70: USD/yr
A71: Additional CAPEX | B71: =B51*(B8/100) -> 0 | C71: USD/yr
A72: Operating Costs
A73: Flag-fall Rail Access Fee Costs | B73: =B33*B37*B55*2 -> 13468.268 | C73: USD/yr | D73: Assumed rail access fees are charged each way of the journey
A74: Variable Rail Access Fees | B74: =((B38*B34*B13)+(B38*B32*B13))*B55 -> 31296083 | C74: USD/yr | D74: Assumed rail access fees are charged each way of the journey
A75: Locomotive Maintenance & Repair Costs | B75: =(B39*B13*2)*B55*B25 -> 9050087 | C75: USD/yr | D75: Applied to each way of the journey | E75: Aligns with the 50,000-75,000 USD/locomotive assumption used by: Preliminary Cost Document for the In-Use Locomotive Regulation, California air resources board, 2021. https://ww2.arb.ca.gov/sites/default/files/2021-03/3.16.21%20Locomotive%20Reg%20-%20Preliminary%20Cost%20Document_Final.pdf;
A76: Wagon Maintenance & Repair Costs | B76: =(B40*B13*2)*B55*B21 -> 4410000 | C76: USD/yr | D76: Applied to each way of the journey
A77: Rail Network Maintenance & Repair Costs | B77: =((B41*B34*B13)+(B41*B32*B13))*B55 -> 11591142 | C77: USD/yr | D77: Applied to each way of the journey
A78: Cargo Insurance Costs | B78: =(B42*B31*B13)*B55 -> 4042500 | C78: USD/yr | D78: Applied from journey from minesite to port
A79: Fuel Costs | B79: =B57*B44 -> 93575287 | C79: USD/yr
A80: Staffing Costs | B80: =B46*B47*B48*B49 -> 663552 | C80: USD/yr
A81: Additional Operating Costs | B81: =B52 -> 0 | C81: USD/yr
A82: Annual Carbon Costs (if Carbon Pricing is Applied) | B82: =B60*B64/1000 -> 0 | C82: USD/yr | D82: Annual Carbon Costs Applied to Direct Emissions
A83: Delivered Quantity
A84: Delivered Quantity | B84: =B31*B55 -> 16170000 | C84: tonne/yr
A85: Energy Input Requirements
A86: Locomotive Diesel Requirements | B86: =IF(B24="Diesel",B57/10.72,"not powered by diesel") -> 63253898 | C86: L/yr | E86: Assuming diesel energy density of 0.0386GJ/L (10.72 kWh/L) (https://www.dcceew.gov.au/sites/default/files/documents/national-greenhouse-accounts-factors-2022.pdf)
A87: Locomotive Electricity Requirements | B87: =IF(B24="Electric",B57*(1/365)*(1/24),"not powered by electricity") -> not powered by electricity | C87: kW
A88: Locomotive Hydrogen Requirements | B88: =IF(B24="Hydrogen Fuel Cell",B57/33.3,"not powered by hydrogen") -> not powered by hydrogen | C88: kgH2/yr | E88: Based on LHV of hydrogen (33.3kWh/kgH2)
A89: Energy Required per tonne Ore | B89: =B57/B84 -> 41.934557 | C89: kWh/tonne
A90: Levelised Cost (per tonne product)
A91: Levelised Cost Attributed to CAPEX (USD) | B91: =(B68+B69+B70+B71)/B84 -> 0.29339446 | C91: USD/tonne
A92: Levelised Cost Attributed to Operation & Maintenance (USD) | B92: =(B73+B74+B75+B76+B77+B78+B80+B81)/B84 -> 3.7765511 | C92: USD/tonne
A93: Levelised Cost Attributed to Fuel Requirements (USD) | B93: =B79/B84 -> 5.7869689 | C93: USD/tonne | D93: Note: this accounts for electricity requirements if using the electric locomotive
A94: Levelised Cost Attributed Carbon Price | B94: =B82/B84 -> 0 | C94: USD/tonne
A95: Total Levelised Cost of Rail (USD) | B95: =(SUM(B68:B71)+SUM(B73:B82))/B84 -> 9.8569145 | C95: USD/tonne
A96: Total Levelised Cost of Rail (AUD) | B96: =B95/B5 -> 14.081306 | C96: AUD/tonne

Sheet S1. Dry Bulk Shipping
A1: S1. Shipping Model
A3: Parameter | B3: Value | C3: Unit | D3: Note | E3: Default Value
A4: Financial Assumptions
A5: USD:AUD Conversion Rate | B5: =0.7 -> 0.7 | C5: - | E5: =0.7 -> 0.7
A6: Interest Rate | B6: 7 | C6: % | D6: Annual Interest Rate | E6: 7
A7: Economic Life | B7: 30 | C7: years | D7: Economic life of the ship and additional capital costs | E7: 30
A8: CRF | B8: =(($B$6/100)*(1+$B$6/100)^$B$7)/(((1+$B$6/100)^$B$7)-1)*100 -> 8.0586404 | C8: % | D8: Capital Recovery Factor
A9: Capex Increase Compared to Benchmarked Costs | B9: 100 | C9: % of Benchmarked Cost | D9: Applied to all capital costs | E9: 100%
A11: Shipping Route
A12: Preset Shipping Route
A13: Port of Departure | B13: Port Hedland (WA) | C13: N/A | D13: If using custom ports, "Custom" MUST be selected for both ports, if selected, model will take values from "Custom Shipping Route Inputs" below
A14: Port of Arrival | B14: Port of Hamburg (Germany) | C14: N/A
A15: Suez Canal | B15: {=_xlfn.XLOOKUP('S1. Dry Bulk Shipping'!$B13,'S3. Shipping Route Data'!$A$18:$A$28,_xlfn.XLOOKUP('S1. Dry Bulk Shipping'!$B14,'S3. Shipping Route Data'!$B$17:$D$17,'S3. Shipping Route Data'!$B$18:$D$28))} -> YES | C15: yes/no | D15: Shows if the shipping route will pass through the Suez Canal
A16: Panama Canal | B16: {=_xlfn.XLOOKUP('S1. Dry Bulk Shipping'!$B13,'S3. Shipping Route Data'!$A$31:$A$41,_xlfn.XLOOKUP('S1. Dry Bulk Shipping'!$B14,'S3. Shipping Route Data'!$B$30:$D$30,'S3. Shipping Route Data'!$B$31:$D$41))} -> NO | C16: yes/no | D16: Shows if the shipping route will pass through the Panama Canal
A17: Custom Shipping Route
A18: Distance | C18: Nautical Miles | D18: Route Distance. Cells are active if port departure and arrival are set to "Custom"
A19: Suez Canal | B19: YES | C19: yes/no | D19: Input "YES" if route passes Suez Canal. Cells are active if port departure and arrival are set to "Custom"
A20: Panama Canal | B20: NO | C20: yes/no | D20: Input "YES" if route passes Panama Canal. Cells are active if port departure and arrival are set to "Custom"
A22: Canal and Port Assumptions
A23: Suez Canal Cost | B23: 400000 | C23: USD | D23: One-way canal cost | E23: Shipping the sunshine: An open-source model for costing renewable hydrogen transport from Australia https://doi.org/10.1016/j.ijhydene.2022.04.156
A24: Panama Canal Cost | B24: 350000 | C24: USD | D24: One-way canal cost | E24: Shipping the sunshine: An open-source model for costing renewable hydrogen transport from Australia https://doi.org/10.1016/j.ijhydene.2022.04.156
A25: Port Days | B25: 3000 | C25: tonne/hr | D25: Time taken to load/unload ship at port | E25: Average Ship Dry-bulk Loading Rate: 2,500-3,000 tonne/hr Port Hedland Facts About the Industry of Port Hedland https://www.phic-hedland.com.au/wp-content/uploads/2023/08/PC05694_PHIC-20222023-Industry-Booklet_v9.1.pdf
B26: =(B35/B25)/24 -> 1.6666667 | C26: days to load/unload
A27: Port Pilotage Charges | B27: 15291 | C27: USD/vessel | D27: Cost to dock at port (including cost to load and unload ship) | E27: 15,071.37-21,844.98 AUD/vessel (10,549.96-15,291.49 USD/vessel) Pilbara Ports Authority, Scehdule of Port Charges Effective 1 July 2023 https://www.pilbaraports.com.au/about-pilbara-ports/publications/forms-and-publications/forms-and-publications/other/2023/may/july-2023-schedule-of-charges-port-of-port-hedland
A28: Port Tonnage Charge | B28: 0.35 | C28: USD/tonne | D28: Port tonnage is charges per "Gross Registered Tonnage (GRT)" | E28: 0.4928 AUD/tonne (0.3450 USD/tonne) Pilbara Ports Authority, Scehdule of Port Charges Effective 1 July 2023 https://www.pilbaraports.com.au/about-pilbara-ports/publications/forms-and-publications/forms-and-publications/other/2023/may/july-2023-schedule-of-charges-port-of-port-hedland
A29: Port Wharfage Charge | B29: 1.86 | C29: USD/tonne | E29: 2.66 AUD/tonne (1.86 USD/tonne) Pilbara Ports Authority, Scehdule of Port Charges Effective 1 July 2023 https://www.pilbaraports.com.au/about-pilbara-ports/publications/forms-and-publications/forms-and-publications/other/2023/may/july-2023-schedule-of-charges-port-of-port-hedland
A30: Port Berthage Charge | B30: 315 | C30: USD/hr | E30: 360.56-450.70 AUD/hr (252.39-315.49 USD/hr) Pilbara Ports Authority, Scehdule of Port Charges Effective 1 July 2023 https://www.pilbaraports.com.au/about-pilbara-ports/publications/forms-and-publications/forms-and-publications/other/2023/may/july-2023-schedule-of-charges-port-of-port-hedland
A32: Ship Size and Characteristics | G32: Ship Assumptions | M32: Notes / Reference
A33: Ship Characteristics | G33: Ship Details | H33: Handysize | I33: Supramax | J33: Panamax | K33: HandyCape | L33: Capesize | M33: These vessel types are ocean going vessels that transport dry bulk and break bulk commodities. Typical dry-bulk commodities include iron ore, coal, grain, cement and aggregate. Typical break-bulk commodities include reels and rolls, steel girders, structural steel, heavy or oversized goods, manufacturing equipment, construction equipment and vehicles. http://dx.doi.org/10.1016/j.trd.2014.04.001 New build costs were adjusted to present-day values using CEPCI indexes. Supramax new build cost: 30-33.5 Million USD (38.5-40 for e-ammonia) https://doi.org/10.1016/j.oceaneng.2022.112798 Newbuild prices for capesize and handysize are almost at the same levels – $64m and $30m – compared to 2022’s highs. https://splash247.com/trajectory-of-soaring-newbuild-prices-divides-opinion/#:~:text=Newbuild%20prices%20for%20capesize%20and,9%25%20depending%20on%20ship%20size.
A34: Ship Type | B34: HandyCape | C34: - | G34: Length – lpp (m) | H34: 155 | I34: 190 | J34: 220 | K34: 240 | L34: 287
A35: Dead weight (ship capacity) | B35: =HLOOKUP(B34,'S1. Dry Bulk Shipping'!G33:L43,6,FALSE) -> 120000 | C35: tonne | D35: Assumes capacity is the same between dry-bulk commodity (e.g. iron ore) or break-bulk commodity (e.g. iron/steel) | E35: Refer to Ship Assumptions Table | G35: Beam (m) | H35: 22.5 | I35: 32.3 | J35: 32.3 | K35: 43 | L35: 45
A36: Installed power (ship engine capacity) | B36: =HLOOKUP(B34,'S1. Dry Bulk Shipping'!G33:L43,7,FALSE) -> 13.5 | C36: MW | E36: Refer to Ship Assumptions Table | G36: Draft (m) | H36: 10.2 | I36: 12.9 | J36: 14.5 | K36: 15.2 | L36: 18.2
A37: Design speed | B37: =HLOOKUP(B34,'S1. Dry Bulk Shipping'!G33:L43,8,FALSE) -> 15 | C37: knots | E37: Refer to Ship Assumptions Table | G37: Displacement (tonne) | H37: 31000 | I37: 70000 | J37: 92000 | K37: 135000 | L37: 203000
A38: Can Travel Suez Canal? | B38: =HLOOKUP(B34,'S1. Dry Bulk Shipping'!G33:L43,10,FALSE) -> YES | C38: yes/no | D38: States if ship can pass through suez canal | E38: Refer to Ship Assumptions Table | G38: Dead weight (tonne) | H38: 25000 | I38: 60000 | J38: 80000 | K38: 120000 | L38: 180000
A39: Warnings for Suez Canal | B39: =IF(AND(B15="YES", B38="NO"),"Cannot pass canal","No Warnings") -> No Warnings | C39: - | D39: Produces a warning if selected ship type cannot pass through canal. | G39: Installed power (MW) | H39: 5.5 | I39: 9 | J39: 10.5 | K39: 13.5 | L39: 16.5
A40: Can Travel Panama Canal? | B40: =HLOOKUP(B34,'S1. Dry Bulk Shipping'!G33:L43,11,FALSE) -> NO | C40: yes/no | D40: States if ship can pass through panama canal | E40: Refer to Ship Assumptions Table | G40: Design speed (knots) | H40: 14 | I40: 15 | J40: 15 | K40: 15 | L40: 15
A41: Warnings for Panama Canal | B41: =IF(AND(B16="YES", B40="NO"),"Cannot pass canal","No Warnings") -> No Warnings | C41: - | D41: Produces a warning if selected ship type cannot pass through canal. | G41: Newbuild cost (USD) | H41: 27613262 | I41: 37277903 | J41: 41419892 | K41: 55226523 | L41: 69033154
A42: Ship Cost Assumptions | G42: Can Travel Suez Canal? | H42: YES | I42: YES | J42: YES | K42: YES | L42: NO | M42: Based on dimensions of Suezmax (length: 275m, dwt:12000-200000 and draft: 20.1m)
A43: Base vessel Capital Cost | B43: =HLOOKUP(B34,'S1. Dry Bulk Shipping'!G33:L43,9,FALSE) -> 55226523 | C43: USD | G43: Can Travel Panama Canal? | H43: YES | I43: YES | J43: YES | K43: NO | L43: NO | M43: Panamax is largest ship size that can fit though the panama canal
A44: Modified Vessel Capital Cost | B44: =(B43-((B36*1000)*HLOOKUP(B57,'S1. Dry Bulk Shipping'!G51:L54,2,FALSE))+((B36*1000)*HLOOKUP(B57,'S1. Dry Bulk Shipping'!G51:L54,3,FALSE))+((B36*1000)*HLOOKUP(B57,'S1. Dry Bulk Shipping'!G51:L54,4,FALSE)))*(B9/100) -> 55226523 | C44: USD | D44: Modified vessel capital costs included any modification costs associated with running on ammonia or methanol fuels, such as engine covnersion costs and tank and scrubber costs. Includes captial cost loading (if applied) | E44: See Vessel Modification Assumptions Table
A45: Days per year in operation | B45: 350 | C45: days | E45: Assumed
A46: Stores & Consumables | B46: 355434 | C46: USD/yr | E46: 289,000 USD/yr (adjusted to present-day costs: 355,434 USD/yr) Analyzing the economic benefit of unmanned autonomous ships: An exploratory cost-comparison between an autonomous and a conventional bulk carrier. http://dx.doi.org/10.1016/j.rtbm.2017.06.002
A47: Maintenance & Repairs | B47: 375625.02 | C47: USD/yr | E47: 268,000 USD/yr (adjusted to present-day costs: 374,633 USD/yr) Analyzing the economic benefit of unmanned autonomous ships: An exploratory cost-comparison between an autonomous and a conventional bulk carrier. http://dx.doi.org/10.1016/j.rtbm.2017.06.002
A48: Insurance | B48: 384951 | C48: USD/yr | E48: 313,000 USD/yr (adjusted to present-day costs: 384,951 USD/yr) Analyzing the economic benefit of unmanned autonomous ships: An exploratory cost-comparison between an autonomous and a conventional bulk carrier. http://dx.doi.org/10.1016/j.rtbm.2017.06.002
A49: General Costs | B49: 330836 | C49: USD/yr | E49: 269,000 USD/yr (adjusted to present-day costs: 330,836 USD/yr) Analyzing the economic benefit of unmanned autonomous ships: An exploratory cost-comparison between an autonomous and a conventional bulk carrier. http://dx.doi.org/10.1016/j.rtbm.2017.06.002
A50: Periodic Maintenance | B50: 588666.08 | C50: USD/yr | E50: 420,000 USD/yr (adjusted to present-day costs: 587,112 USD/yr) Analyzing the economic benefit of unmanned autonomous ships: An exploratory cost-comparison between an autonomous and a conventional bulk carrier. http://dx.doi.org/10.1016/j.rtbm.2017.06.002 | G50: Vessel Modification Assumptions | M50: Notes / Reference
A51: Crew Cost Assumptions | G51: Value | H51: Heavy Fuel Oil (HFO) | I51: Marine Gas Oil (MGO) | J51: Very Low Sulfur Fuel Oil (VLSFO) | K51: Ammonia | L51: Methanol | M51: Vessels operating with methanol or ammonia need to be modified to operate with new engines and also new tank and scrubber systems All conversion assumptions taken from: https://doi.org/10.1016/j.trd.2021.103075 New build costs were adjusted to present-day values using CEPCI indexes.
A52: Number of workers | B52: 20 | C52: workers | D52: Staffing requirements for shipping vessel, assuming shift positions are managed using the number of personnel on the vessel. | E52: Assumed 20-25 staff required per vessel https://www2.deloitte.com/content/dam/Deloitte/global/Documents/dttl-er-challengeindustry-08072013.pdf | G52: New Build Diesel Engine Cost (USD/kW) | H52: 449 | I52: 449 | J52: 449 | K52: 449 | L52: 449
A53: Hours worked per worker per year | B53: 1920 | C53: (WorkHours/Worker)/yr | E53: Estimated based on a 40 hour work week and 48 weeks per year | G53: New Build Converted Engine Cost (USD/kW) | H53: 449 | I53: 449 | J53: 449 | K53: 898 | L53: 673
A54: Average worker hourly wage | B54: 36 | C54: USD/hour | E54: Based on OECD estimates of annual wage in Australia 97,318 AUD/yr (68,123USD/yr)https://www.oecd.org/en/data/indicators/average-annual-wages.html | G54: New Build Tank and Scrubber Costs (USD/kW) | H54: 0 | I54: 0 | J54: 0 | K54: 673 | L54: 224
A55: Crew Costs | B55: =B52*B53*B54 -> 1382400 | C55: USD/yr
A56: Ship Fuel Cost Assumptions
A57: Ship Fuel Source | B57: Heavy Fuel Oil (HFO) | E57: Marine Gas Oil (MGO)
A58: Ship Engine Efficiency | B58: =HLOOKUP(B57,G59:L63,2,FALSE) -> 40 | C58: % | E58: Refer to Fuel Assumptions Table | G58: Fuel Assumptions
A59: Fuel Energy Content | B59: =HLOOKUP(B57,G59:L63,3,FALSE) -> 40.4 | C59: MJ/kg | E59: Refer to Fuel Assumptions Table | G59: Value | H59: Heavy Fuel Oil (HFO) | I59: Marine Gas Oil (MGO) | J59: Very Low Sulfur Fuel Oil (VLSFO) | K59: Ammonia | L59: Methanol | M59: Default Value Heavy Fuel Oil (HFO) | N59: Default Value Marine Gas Oil (MGO) | O59: Default Value Very Low Sulfur Fuel Oil (VLSFO) | P59: Default Value LNG | Q59: Default Value Ammonia | R59: Default Value Methanol
A60: Fuel Carbon Emissions | B60: =HLOOKUP(B57,G59:L63,4,FALSE) -> 2.98 | C60: kgCO2/kgFuel | E60: Refer to Fuel Assumptions Table | G60: Engine Efficiency (%) | H60: 40 | I60: 40 | J60: 40 | K60: 35 | L60: 40 | M60: 40% Based on the efficiency of a diesel engine (30-45%) https://doi.org/10.1016/j.energy.2019.04.027 | N60: 40% Based on the efficiency of a diesel engine (30-45%) https://doi.org/10.1016/j.energy.2019.04.027 | O60: 40% Based on the efficiency of a diesel engine (30-45%) https://doi.org/10.1016/j.energy.2019.04.027 | P60: 40% Based on the efficiency of a diesel engine (30-45%) https://doi.org/10.1016/j.energy.2019.04.028 | Q60: 0.35 | R60: 0.4
A61: Energy Required | B61: =ROUND((B36*24)/(B58/100),2) -> 810 | C61: MWh/day | G61: Fuel Energy Content (MJ/kg) | H61: 40.4 | I61: 42.7 | J61: 41 | K61: 18.8 | L61: 19.9 | M61: 40.40: DOI: 10.1186/s41072-016-0007-1 40.90: https://doi.org/10.1533/9780857096067.3.635 | N61: 42.7 DOI: 10.1186/s41072-016-0007-1 | O61: 40-42 MJ/kg https://shipandbunker.com/news/world/662089-integr8-vlsfo-calorific-value-pour-point-and-competitiveness-with-lsmgo | P61: 50.0 LHV of methane: https://doi.org/10.1016/j.pecs.2018.10.001 | Q61: 18.80 MJ/kg LHV https://doi.org/10.1016/j.pecs.2018.07.001 | R61: 19.9 LHV of Methanol: https://doi.org/10.1016/j.trd.2021.103075 20.09 LHV of Methnaol: https://doi.org/10.1016/j.pecs.2018.10.001
A62: Fuel Use | B62: =ROUND(B61 * 3.6 * 1/B59,2) -> 72.18 | C62: tonnes/day | G62: Carbon Emissions (kgCO2/kg) | H62: 2.98 | I62: 3.206 | J62: 3.176 | K62: 0.008 | L62: 0.003 | M62: 3.15 kgCO2/kgFuel https://safety4sea.com/wp-content/uploads/2020/11/Marine-Benchmark-Maritime-CO2-Emissions-2020_11.pdf DCCEEW estimates are lower at 73.84 kgCO2/GJ (2.98 kgCO2/kg for an energy density of 40.4 MJ/kg) https://www.dcceew.gov.au/sites/default/files/documents/national-greenhouse-account-factors-2024.pdf | N62: 3.21 kgCO2/kgFuel DOI: 10.3390/en14144311 | O62: 3.18 kgCO2/kgFuel https://doi.org/10.1016/j.ijhydene.2022.04.156 | P62: 2.74 kgCO2/kgFuel https://doi.org/10.1016/j.ijhydene.2022.04.156 | Q62: 0 Assumed | R62: 1.37 kgCO2/kg Based on Stoichiometric Calculation
A63: Shipping Fuel Cost | B63: =HLOOKUP(B57,G59:L63,5,FALSE) -> 650 | C63: USD/tonne | E63: Refer to Fuel Assumptions Table | G63: Shipping Fuel Cost (USD/tonne) | H63: 650 | I63: 999 | J63: 650 | K63: 1400 | L63: 1400 | M63: Australia: 973.41, Brazil: 978.15, Sweden: 1447.11 https://www.iea.org/data-and-statistics/data-tools/end-use-prices-data-explorer?tab=Yearly+prices | N63: MGO: 900USD/tonne https://shipandbunker.com/prices | O63: VLSFO: 650USD/tonne; https://shipandbunker.com/prices | P63: 650 | Q63: 1000 | R63: 1000
A64: Additional Costs
A65: Additional Capital Costs | B65: 0 | C65: USD
A66: Additional Operating Costs | B66: 0 | C66: USD/year
A67: Summary of Route Calculations
A68: Distance | B68: {=_xlfn.XLOOKUP(B13,'S3. Shipping Route Data'!$A$5:$A$15,_xlfn.XLOOKUP(B14,'S3. Shipping Route Data'!$B$4:$D$4,'S3. Shipping Route Data'!$B$5:$D$15))} -> 9714 | C68: Nautical Miles
A69: Days (one way) | B69: =$B68/(B$37*24) -> 26.983333 | C69: days
A70: Total Trip Days | B70: =B69*2 + B26*2 -> 57.3 | C70: days
A71: Trips per year | B71: =$B$45/B70 -> 6.1082024 | C71: trips/yr
A72: Sailing Days | B72: =B71*B69*2 -> 329.63933 | C72: days
A73: Suez Canal | B73: {=_xlfn.XLOOKUP('S1. Dry Bulk Shipping'!$B13,'S3. Shipping Route Data'!$A$18:$A$28,_xlfn.XLOOKUP('S1. Dry Bulk Shipping'!$B14,'S3. Shipping Route Data'!$B$17:$D$17,'S3. Shipping Route Data'!$B$18:$D$28))} -> YES | C73: yes/no
A74: Panama Canal | B74: {=_xlfn.XLOOKUP('S1. Dry Bulk Shipping'!$B13,'S3. Shipping Route Data'!$A$31:$A$41,_xlfn.XLOOKUP('S1. Dry Bulk Shipping'!$B14,'S3. Shipping Route Data'!$B$30:$D$30,'S3. Shipping Route Data'!$B$31:$D$41))} -> NO | C74: yes/no
A75: Suez Canal Cost (one way) | B75: =IF($B73="YES", B23, 0) -> 400000 | C75: USD
A76: Panana Canal Cost (one way) | B76: =IF($B74="YES", B24, 0) -> 0 | C76: USD
A77: Required Fuel | B77: =B62*B72 -> 23793.366 | C77: tonne/yr
A78: Emissions Analysis
A79: Carbon Pricing
A80: Carbon Price | B80: 0 | C80: USD/tonneCO2 | D80: Carbon Price. Applied to Scope 1 (Direct) emissions | E80: 0-170 USD/tonneCO2 https://carbonpricingdashboard.worldbank.org/compliance/price
A81: CO2-eq Emissions
A82: Fuel Carbon Emissions | B82: =B60*1000*B77 -> 70904232 | C82: kgCO2/yr
B83: =B82/B104 -> 96.733631 | C83: kgCO2/tonneProduct
A84: Levelised Cost Analysis
A85: Capital Costs
A86: Ship CAPEX | B86: =B44*(B8/100) -> 4450506.9 | C86: USD/yr
A87: Additional CAPEX | B87: =B65*(B8/100) -> 0 | C87: USD/yr
A88: Operating Costs
A89: Crew Costs | B89: =B55 -> 1382400 | C89: USD/yr
A90: Stores & Consumables | B90: =B46 -> 355434 | C90: USD/yr
A91: Maintenance & Repairs | B91: =B47 -> 375625.02 | C91: USD/yr
A92: Insurance | B92: =B48 -> 384951 | C92: USD/yr
A93: General Costs | B93: =B49 -> 330836 | C93: USD/yr
A94: Periodic Maintenance | B94: =B50 -> 588666.08 | C94: USD/yr
A95: Annual Canal Costs | B95: =(B76+B75)*2*B71 -> 4886562 | C95: USD/yr
A96: Annual Port Pilotage Charges | B96: =B27*2*B71 -> 186801.05 | C96: USD/yr
A97: Annual Port Tonnage Charge | B97: =B28*B35*2*B71 -> 513089.01 | C97: USD/yr
A98: Annual Port Wharfage Charge | B98: =B29*B35*2*B71 -> 2726701.6 | C98: USD/yr
A99: Annual Port Berthage Charge | B99: =B30*B26*24*2*B71 -> 153926.7 | C99: USD/yr
A100: Additional Annual Operating Cost | B100: ='S1. Dry Bulk Shipping'!B66 -> 0 | C100: USD/yr
A101: Annual Fuel Cost | B101: =$B$77*'S1. Dry Bulk Shipping'!$B$63 -> 15465688 | C101: USD/yr
A102: Annual Carbon Costs (if Carbon Pricing is Applied) | B102: =B80*B82/1000 -> 0 | C102: USD/yr | D102: Annual Carbon Costs Applied to Direct Emissions
A103: Delivered Quantity
A104: Delivered Quantity | B104: ='S1. Dry Bulk Shipping'!$B$35*$B$71 -> 732984.29 | C104: tonne/yr
...

Sheet S1. Ironmaking_DRI_ESF
A1: S1. Ore Extraction and Transport Model
A3: Parameter | B3: Value | C3: Unit | D3: Note | E3: Default Value
A4: Financial Assumptions
A5: USD:AUD Conversion Rate | B5: =0.7 -> 0.7 | C5: - | E5: =0.7 -> 0.7
A6: Interest Rate | B6: 7 | C6: % | D6: Annual Interest Rate | E6: 7
A7: Economic Life | B7: 30 | C7: years
A8: CRF | B8: =(($B$6/100)*(1+$B$6/100)^$B$7)/(((1+$B$6/100)^$B$7)-1)*100 -> 8.0586404 | C8: % | D8: Capital Recovery Factor
A9: Capex Increase Compared to Benchmarked Costs | B9: 100 | C9: % of Benchmarked Cost | D9: This factor is applied to plant that is constructed in Australia, to account for increased costs compared to international costs. Use this if cost correlations are from international costs. This is not applied to equipmet that is delivered as is, such as vehicle costs. | E9: 100%
A11: System Sizing
A12: Plant Capacity | B12: 1000000 | C12: tonne/yr | D12: Annual Production
A13: Process Plant Availability | B13: 90 | C13: % | D13: Only Applies to process plant availability
A14: DRI Plant Parameters
A15: DRI Process Inputs (for Overall DRI Process)
A16: Reducing Gas | B16: Natural Gas | C16: - | D16: Fuel source for reducing iron ore to DRI
B17: =HLOOKUP(B16,H22:I31,4,FALSE) -> 0.2 | C17: tonneGas/tonneHotMetal | D17: Reducing Gas required to produce 1 tonne of hotmetal Calculated value, please do not change this cell | E17: Refer to iron ore reducing gas table
B18: =HLOOKUP(B16,H22:I31,5,FALSE) -> 13.9 | C18: kWh/kgGas | D18: Reducing Gas required to produce 1 tonne of hotmetal Calculated value, please do not change this cell | E18: Refer to iron ore reducing gas table
B19: =B18*1000*B17 -> 2780 | C19: kWh/tonneHotMetal | D19: Reducing Gas required to produce 1 tonne of hotmetal Calculated value, please do not change this cell | E19: Refer to iron ore reducing gas table
A20: Oxygen Gas | B20: =HLOOKUP(B16,H22:I31,6,FALSE) -> 0.003 | C20: tonneO2/tonneHotMetal | D20: Oxygen required to produce 1 tonne of iron. Oxygen is injected into the furnace (or upstream of the shaft furnace) to raise the operating temperature of the shaft furnace, which improves reaction kinetics. (DOI: 10.1039/d3ee01077e) | E20: Refer to iron ore reducing gas table
A21: Electricity | B21: 70 | C21: kWh/tonneHotMetal | D21: Electricity required to produce 1 tonne of iron (assumes operation of shaft furnace, reformer, recycle compressor & cooling tower) | E21: DRI Plant: 67-85 kWh/tonneHotMetal DOI: 10.1016/j.jclepro.2022.135146, https://www.energiron.com/wp-content/uploads/2020/01/Energiron_Brochure-2020.pdf | G21: Iron Ore Reducing Gas | J21: Notes/ Reference
A22: Iron Ore Requirements | B22: 67 | C22: % Fe (w/w) | D22: Iron ore grade (assuming pellet) | E22: >65% For DRI Process Dutta, S.K. and Chokshi, Y.B., 2020. Basic concepts of Iron and steel making. Springer Nature. | G22: Fuel Source | H22: Natural Gas | I22: Hydrogen | J22: Natural Gas Default Value | K22: Hydrogen Default Value
B23: 95 | C23: % Fe (w/w) | D23: Total Fe in end product (ie hot metal) (in metallic form and residual oxidised form) | G23: Fuel Price (USD/kWh) | H23: 0.03 | I23: 0.186 | J23: Natural gas price of 12AUD/GJ (8.4 USD/GJ) | K23: 0.30USD/kWh based on 10USD/kg and LHV of 33.3kWh/kg. Green Hydrogen Cost Current Range: AUD8-14/kg; Gladstone Project: AUD3/kg; Target: AUD2/kg
B24: =(((B23/100)*B26)/(B22/100))/B26 -> 1.4179104 | C24: tonneOre/tonneHotMetal | D24: Iron ore required to produce 1 tonne of iron. This takes into account grade of iron ore and metallisation rate of DRI process. Calculated value, please do not change this cell | G24: Emissions Factor (kgCO2/kWh) | H24: 0.186 | I24: 0 | J24: Natural Gas: 51.53 kgCO2-e/GJ (0.186 kg/kWh)https://www.dcceew.gov.au/sites/default/files/documents/national-greenhouse-account-factors-2024.pdf | K24: Assume 0 for hydrogen
A25: Shaft Furnace | G25: Reducing Gas Requirements (tonneGas/tonneHotMetal) | H25: 0.2 | I25: 0.062 | J25: 0.17-0.23 tonneNG/tonneIron | K25: 0.062 tonneH2/tonneIron
A26: Shaft Furncace Capacity | B26: =B12 -> 1000000 | C26: tonne/yr | D26: Rated capacity Calculated value, please do not change this cell | G26: Reducing Gas Energy Content (kWh/kg) | H26: 13.9 | I26: 33.3 | J26: 13.9 kWh/kg https://www.engineeringtoolbox.com/fuels-higher-calorific-values-d_169.html | K26: 33.3 kWh/kg https://www.engineeringtoolbox.com/fuels-higher-calorific-values-d_169.html
A27: Shaft Furnace Capital Costs | B27: 0.6538 | C27: Factor | D27: Uses the scale index formula: https://evcvaluation.com/the-cost-to-capacity-method-and-scale-factors/ | E27: DOI: 10.1039/d3ee01077e | G27: Oxygen gas requirements (tonneO2/tonneHotMetal) | H27: 0.003 | I27: 0.055 | J27: 0.1kmolO2/tonneHotMetal (0.003 tonneO2/tonneHotMetal) DOI: 10.1039/d3ee01077e | K27: 0.055 tonneO2/tonneIron DOI: 10.1039/d3ee01077e
B28: 8.76 | C28: tonne/yr | D28: Reference Capacity (based on product flow) | G28: Reformer / Hydrogen pre-heater Sizing (MWh/tonneHotMetal) | H28: 0.71 | I28: 0.25
B29: 47841 | C29: USD | D29: Unit Cost at the Reference Capacity | G29: Reformer / Hydrogen pre-heater CAPEX Scale Factor | H29: 0.6505 | I29: 0.7848 | J29: DOI: 10.1039/d3ee01077e | K29: DOI: 10.1039/d3ee01077e
B30: =B29*((B12/B28)^B27)*B9/100 -> 96915014 | C30: USD | D30: Includes capital cost loading (if applied) | G30: Reformer / Hydrogen pre-heater CAPEX Reference Capacity (MW) | H30: 1 | I30: 1 | J30: DOI: 10.1039/d3ee01077e | K30: DOI: 10.1039/d3ee01077e
A31: Annual Maintenance Costs | B31: 1.5 | C31: % of CAPEX | D31: Annual Maintenance Costs | E31: 1.5% installed cost DOI: 10.1016/j.jclepro.2022.131339 | G31: Reformer / Hydrogen pre-heater CAPEX Reference Cost (USD) | H31: 4806408 | I31: 223082 | J31: DOI: 10.1039/d3ee01077e | K31: DOI: 10.1039/d3ee01077e
A32: Reformer / Hydrogen Pre-heater (Based on Reducing Gas Selection) | G32: Carbon Content of DRI (%C) | H32: 2 | I32: 0 | J32: DRI from natural gas DRI (1-4.5% Carbon) | K32: DRI from H2 DRI (0% carbon)
A33: Reformer Sizing | B33: =HLOOKUP(B16,H22:I31,7,FALSE) -> 0.71 | C33: MWh/tonneHotMetal | D33: Reformer rating for plant capacity | E33: 0.71 MWh/tonneIron 10.1039/d3ee01077e
B34: =(B26/(365*24))*B33 -> 81.050228 | C34: MW | D34: Rated Capacity Based on DRI Output Calculated value, please do not change this cell
A35: Capital Costs | B35: =HLOOKUP(B16,H22:I31,8,FALSE) -> 0.6505 | C35: Factor | D35: Uses the scale index formula: https://evcvaluation.com/the-cost-to-capacity-method-and-scale-factors/
B36: =HLOOKUP(B16,H22:I31,9,FALSE) -> 1 | C36: MW | D36: Reference Capacity (based on heat exchange capacity)
B37: =HLOOKUP(B16,H22:I31,10,FALSE) -> 4806408 | C37: USD | D37: Unit Cost at the Reference Capacity
B38: =B37*((B34/B36)^B35)*B9/100 -> 83842703 | C38: USD | D38: Includes capital cost loading (if applied)
A39: Annual Maintenance Costs | B39: 1.5 | C39: % of CAPEX | D39: Annual Maintenance Costs | E39: 1.5% installed cost DOI: 10.1016/j.jclepro.2022.131339
A40: Recycle Compressor Capital Costs
A41: Recycle Compressor Sizing | B41: 0.023 | C41: MWh/tonneIron | D41: Recycle compressor rating for plant capacity | E41: 0.023 MWh/tonneIron 10.1039/d3ee01077e
B42: =(B26/(365*24))*B41 -> 2.6255708 | C42: MW | D42: Rated Capacity Based on DRI Output Calculated value, please do not change this cell
A43: Capital Costs | B43: 0.71 | C43: Factor | D43: Uses the scale index formula: https://evcvaluation.com/the-cost-to-capacity-method-and-scale-factors/ | E43: DOI: 10.1039/d3ee01077e
B44: 1 | C44: MW | D44: Reference Capacity (based on heat exchange capacity)
B45: 5995914 | C45: USD | D45: Unit Cost at the Reference Capacity
B46: =B45*((B42/B44)^B43)*B9/100 -> 11898830 | C46: USD | D46: Includes capital cost loading (if applied)
A47: Annual Maintenance Costs | B47: 1.5 | C47: % of CAPEX | D47: Annual Maintenance Costs | E47: 1.5% installed cost DOI: 10.1016/j.jclepro.2022.131339
A48: Cooling Tower Capital Costs
A49: Cooling Tower Sizing | B49: 1 | C49: tonneH2O/tonneIron | D49: Cooling water required per tonne of Iron | E49: 0.9-1.3 tonneH2O/tonneIron 10.1039/d3ee01077e
B50: =B49*B26 -> 1000000 | C50: tonneH2O/yr | D50: Rated Capacity Based on DRI Output Calculated value, please do not change this cell
A51: Capital Costs | B51: 0.6303 | C51: Factor | D51: Uses the scale index formula: https://evcvaluation.com/the-cost-to-capacity-method-and-scale-factors/ | E51: DOI: 10.1039/d3ee01077e
B52: 8760 | C52: tonne/yr | D52: Reference Capacity (based on water flow-rate)
B53: 59277 | C53: USD | D53: Unit Cost at the Reference Capacity
B54: =B53*((B50/B52)^B51)*B9/100 -> 1174156.2 | C54: USD | D54: Includes capital cost loading (if applied)
A55: Annual Maintenance Costs | B55: 1.5 | C55: % of CAPEX | D55: Annual Maintenance Costs | E55: 1.5% installed cost DOI: 10.1016/j.jclepro.2022.131339
A56: Electric Smelting Furance (ESF) Plant Parameters
A57: Process Inputs (for ESF)
A58: Electricity for ESF Operation | B58: 380 | C58: kWh/tonneHotMetal | D58: Electricity for EAF operation. Assuming operation as an integrated process (ie hot-linked) meaning DRI is added directly to the ESF, resulting in an energy saving of not having to heat the DRI up from ambient temperature | E58: Assumed similar to the energy requirements of an EAF: If hot-linked: 355-380 kWh/tonne If not hot-linked: 453 kWh/tonne DOI: 10.1016/j.jclepro.2022.135146, DOI: 10.1039/d3ee01077e
A59: Electricity for Casting Operation | B59: 10 | C59: kWh/tonneHotMetal | D59: Electricity for continuos casting operation | E59: Casting electricity requiremetns:10 kWh/t "Start with Steel. A practival plan to support carbon workers and cut emissions. Grattan Institute 2020"
A60: Lime | B60: 0.05 | C60: tonneLime/tonneHotMetal | D60: Lime required to produce 1 tonne of hot metal | E60: Assumed simlar to lime addition in an EAF (https://doi.org/10.1007/s40831-024-00878-3) Lime for EAF: 0.04-0.05 tonneLime/tonneSteel DOI: 10.1016/j.jclepro.2022.135146, DOI: 10.1039/d3ee01077e
A61: Carbon | B61: 0.027 | C61: tonneC/tonneHotMetal | D61: Carbon required to produce 1 tonne of product. If no carbon is added, set this value to 0 | E61: Assumed similar amount of carbon as is used in an EAF: Carbon for EAF: 27kg/tonneSteel DOI: 10.1039/d3ee01077e
A62: Slag Production | B62: 0.2 | C62: tonneSlag/tonneHotMetal | D62: Slag generated to produce 1 tonne of product | E62: Assumed simialr to an EAF: 0.200 tonneSlag/tonneHotMetal https://doi.org/10.1016/j.jclepro.2022.131339
A63: ESF Capital Costs
A64: ESF Sizing | B64: =B26 -> 1000000 | C64: tonneHotMetal/yr | D64: Rated Capacity Based on DRI Output Calculated value, please do not change this cell
A65: Capital Costs | B65: 0.8 | C65: Factor | D65: Uses the scale index formula: https://evcvaluation.com/the-cost-to-capacity-method-and-scale-factors/ | E65: Assumed similar to an EAF: https://doi.org/10.1016/j.ijggc.2023.103958
B66: 4920000 | C66: tonneHotMetal/yr | D66: Reference Capacity (based on product flow) | E66: Assumed similar to an EAF: https://doi.org/10.1016/j.ijggc.2023.103958
B67: 5.7510539e+08 | C67: USD | D67: Unit Cost at the Reference Capacity | E67: Assumed similar to an EAF: https://doi.org/10.1016/j.ijggc.2023.103958
B68: =B67*((B64/B66)^B65)*B9/100 -> 1.6075902e+08 | C68: USD | D68: Includes capital cost loading (if applied)
A69: Maintenance | B69: 3 | C69: % of CAPEX | D69: Annual Maintenance Costs | E69: Assumed similar to an EAF: 3% installed cost (which includes refractory lining) DOI: 10.1016/j.jclepro.2018.08.279
A70: Casting Capital Costs
A71: Casting Sizing | B71: =B26 -> 1000000 | C71: tonneHotMetal/yr | D71: Rated Capacity Based on DRI Output Calculated value, please do not change this cell
A72: Capital Costs | B72: 0.8 | C72: Factor | D72: Uses the scale index formula: https://evcvaluation.com/the-cost-to-capacity-method-and-scale-factors/ | E72: Continuous slab caster: https://doi.org/10.1016/j.ijggc.2023.103958
B73: 4000000 | C73: tonneHotMetal/yr | D73: Reference Capacity (based on product flow) | E73: Continuous slab caster: https://doi.org/10.1016/j.ijggc.2023.103958
B74: 1.9007721e+08 | C74: USD | D74: Unit Cost at the Reference Capacity | E74: Continuous slab caster: https://doi.org/10.1016/j.ijggc.2023.103958
B75: =B74*((B71/B73)^B72)*B9/100 -> 62702094 | C75: USD | D75: Includes capital cost loading (if applied)
A76: Maintenance | B76: 8 | C76: % of CAPEX | D76: Annual Maintenance Costs | E76: Continuous slab caster: https://doi.org/10.1016/j.ijggc.2023.103958
A77: Oxygen Pressure Swing Adsorption (PSA) (Auxiliary Equipment)
A78: Process Inputs (for Auxiliary Equipment)
A79: Electricity | B79: 385 | C79: kWh/tonneOxygen | D79: Electricity required to produce 1 tonne of Oxygen | E79: Air Separation: 385 kWh/tonneOxygen DOI: 10.1016/j.jclepro.2022.135146
A80: Oxygen Pressure Swing Adsorption (PSA) Capital Costs
A81: Oxygen Requirements | B81: =B20 -> 0.003 | C81: tonneO2/tonneHotMetal | D81: Oxygen required to produce 1 tonne of hot metal. Takes into account all unit processes that require oxygen Calculated value, please do not change this cell
A82: Oxygen PSA Sizing | B82: =B81*B26 -> 3000 | C82: tonneOxygen/yr
A83: Capital Costs | B83: 0.6357 | C83: Factor | D83: Uses the scale index formula: https://evcvaluation.com/the-cost-to-capacity-method-and-scale-factors/ | E83: DOI: 10.1039/d3ee01077e
B84: 8.76 | C84: tonneOxygen/yr | D84: Reference Capacity (based on product flow)
B85: 29849 | C85: USD | D85: Unit Cost at the Reference Capacity
B86: =B85*((B82/B84)^B83)*B9/100 -> 1219511.5 | C86: USD | D86: Includes capital cost loading (if applied)
A87: Annual Maintenance Costs | B87: 2.5 | C87: % of CAPEX | D87: Annual Maintenance Costs | E87: 2.5% installed cost DOI:10.1016/j.ijggc.2023.103958
A88: DRI and ESF Process Labour Costs (for Overall Ironmaking Process)
A89: Number of Shift Positions Required for DRI and ESF | B89: 12 | C89: shift position | E89: Assuming 4 shift positions for shaft furnace operation, 4 shift positions for ESF (remelt) and 4 shift positions for Pig Iron Storage. https://doi.org/10.1007/s40831-024-00878-3
A90: Shift Position Multiplier | B90: 4.8 | C90: worker/shift position | D90: Multiply the number of shift positions by 4.8 to estimate the number of people to staff each position to cover three shifts per day, along with weekends, holidays,personal time off, and sick leave | E90: https://doi.org/10.1007/s40831-024-00878-3
A91: Hours worked per worker per year | B91: 1920 | C91: (WorkHours/Worker)/yr | E91: Estimated based on a 40 hour work week and 48 weeks per year
A92: Average worker hourly wage | B92: 36 | C92: USD/hour | E92: Based on OECD estimates of annual wage in Australia 97,318 AUD/yr (68,123USD/yr)https://www.oecd.org/en/data/indicators/average-annual-wages.html
A93: Annual Labour Costs | B93: =B89*B90*B91*B92 -> 3981312 | C93: USD/yr
A94: Miscellaneous Plant
A95: Electrical & Instrumentation Capital Costs
A96: Capital Costs | B96: 0.5584 | C96: Factor | D96: Uses the scale index formula: https://evcvaluation.com/the-cost-to-capacity-method-and-scale-factors/ | E96: DOI: 10.1039/d3ee01077e
B97: 8.76 | C97: tonne/yr | D97: Reference Capacity (based on total plant capacity)
B98: 68056 | C98: USD | D98: Unit Cost at the Reference Capacity
B99: =B98*((B12/B97)^B96)*B9/100 -> 45391248 | C99: USD | D99: Includes capital cost loading (if applied)
A100: Building & Storage Capital Costs
A101: Capital Costs | B101: 0.8 | C101: Factor | D101: Uses the scale index formula: https://evcvaluation.com/the-cost-to-capacity-method-and-scale-factors/ | E101: DOI: 10.1039/d3ee01077e
B102: 8.76 | C102: tonne/yr | D102: Reference Capacity (based on total plant capacity)
...

Sheet S1. Ironmaking_DRI_HBI
A1: S1. Ore Extraction and Transport Model
A3: Parameter | B3: Value | C3: Unit | D3: Note | E3: Default Value
A4: Financial Assumptions
A5: USD:AUD Conversion Rate | B5: =0.7 -> 0.7 | C5: - | E5: =0.7 -> 0.7
A6: Interest Rate | B6: 7 | C6: % | D6: Annual Interest Rate | E6: 7
A7: Economic Life | B7: 30 | C7: years
A8: CRF | B8: =(($B$6/100)*(1+$B$6/100)^$B$7)/(((1+$B$6/100)^$B$7)-1)*100 -> 8.0586404 | C8: % | D8: Capital Recovery Factor
A9: Capex Increase Compared to Benchmarked Costs | B9: 100 | C9: % of Benchmarked Cost | D9: This factor is applied to plant that is constructed in Australia, to account for increased costs compared to international costs. Use this if cost correlations are from international costs. This is not applied to equipmet that is delivered as is, such as vehicle costs. | E9: 100%
A11: System Sizing
A12: Plant Capacity | B12: 1000000 | C12: tonne/yr | D12: Annual Production
A13: Process Plant Availability | B13: 90 | C13: % | D13: Only Applies to process plant availability
A14: DRI Plant Parameters
A15: DRI Process Inputs (for Overall DRI Process)
A16: Reducing Gas | B16: Natural Gas | C16: - | D16: Fuel source for reducing iron ore to DRI
B17: =HLOOKUP(B16,H22:I31,4,FALSE) -> 0.2 | C17: tonneGas/tonneHotMetal | D17: Reducing Gas required to produce 1 tonne of hotmetal Calculated value, please do not change this cell | E17: Refer to iron ore reducing gas table
B18: =HLOOKUP(B16,H22:I31,5,FALSE) -> 13.9 | C18: kWh/kgGas | D18: Reducing Gas required to produce 1 tonne of hotmetal Calculated value, please do not change this cell | E18: Refer to iron ore reducing gas table
B19: =B18*1000*B17 -> 2780 | C19: kWh/tonneHotMetal | D19: Reducing Gas required to produce 1 tonne of hotmetal Calculated value, please do not change this cell | E19: Refer to iron ore reducing gas table
A20: Oxygen Gas | B20: =HLOOKUP(B16,H22:I31,6,FALSE) -> 0.003 | C20: tonneO2/tonneHotMetal | D20: Oxygen required to produce 1 tonne of iron. Oxygen is injected into the furnace (or upstream of the shaft furnace) to raise the operating temperature of the shaft furnace, which improves reaction kinetics. (DOI: 10.1039/d3ee01077e) | E20: Refer to iron ore reducing gas table
A21: Electricity | B21: 70 | C21: kWh/tonneHotMetal | D21: Electricity required to produce 1 tonne of iron (assumes operation of shaft furnace, reformer, recycle compressor & cooling tower) | E21: DRI Plant: 67-85 kWh/tonneHotMetal DOI: 10.1016/j.jclepro.2022.135146, https://www.energiron.com/wp-content/uploads/2020/01/Energiron_Brochure-2020.pdf | G21: Iron Ore Reducing Gas | J21: Notes/ Reference
A22: Iron Ore Requirements | B22: 67 | C22: % Fe (w/w) | D22: Iron ore grade (assuming pellet) | E22: >65% For DRI Process Dutta, S.K. and Chokshi, Y.B., 2020. Basic concepts of Iron and steel making. Springer Nature. | G22: Fuel Source | H22: Natural Gas | I22: Hydrogen | J22: Natural Gas Default Value | K22: Hydrogen Default Value
B23: 95 | C23: % Fe (w/w) | D23: Total Fe in end product (ie hot metal) (in metallic form and residual oxidised form) | G23: Fuel Price (USD/kWh) | H23: 0.03 | I23: 0.186 | J23: Natural gas price of 12AUD/GJ (8.4 USD/GJ) | K23: 0.30USD/kWh based on 10USD/kg and LHV of 33.3kWh/kg. Green Hydrogen Cost Current Range: AUD8-14/kg; Gladstone Project: AUD3/kg; Target: AUD2/kg
B24: =(((B23/100)*B26)/(B22/100))/B26 -> 1.4179104 | C24: tonneOre/tonneHotMetal | D24: Iron ore required to produce 1 tonne of iron. This takes into account grade of iron ore and metallisation rate of DRI process. Calculated value, please do not change this cell | G24: Emissions Factor (kgCO2/kWh) | H24: 0.186 | I24: 0 | J24: Natural Gas: 51.53 kgCO2-e/GJ (0.186 kg/kWh)https://www.dcceew.gov.au/sites/default/files/documents/national-greenhouse-account-factors-2024.pdf | K24: Assume 0 for hydrogen
A25: Shaft Furnace | G25: Reducing Gas Requirements (tonneGas/tonneHotMetal) | H25: 0.2 | I25: 0.062 | J25: 0.17-0.23 tonneNG/tonneIron | K25: 0.062 tonneH2/tonneIron
A26: Shaft Furncace Capacity | B26: =B12 -> 1000000 | C26: tonne/yr | D26: Rated capacity Calculated value, please do not change this cell | G26: Reducing Gas Energy Content (kWh/kg) | H26: 13.9 | I26: 33.3 | J26: 13.9 kWh/kg https://www.engineeringtoolbox.com/fuels-higher-calorific-values-d_169.html | K26: 33.3 kWh/kg https://www.engineeringtoolbox.com/fuels-higher-calorific-values-d_169.html
A27: Shaft Furnace Capital Costs | B27: 0.6538 | C27: Factor | D27: Uses the scale index formula: https://evcvaluation.com/the-cost-to-capacity-method-and-scale-factors/ | E27: DOI: 10.1039/d3ee01077e | G27: Oxygen gas requirements (tonneO2/tonneHotMetal) | H27: 0.003 | I27: 0.055 | J27: 0.1kmolO2/tonneHotMetal (0.003 tonneO2/tonneHotMetal) DOI: 10.1039/d3ee01077e | K27: 0.055 tonneO2/tonneIron DOI: 10.1039/d3ee01077e
B28: 8.76 | C28: tonne/yr | D28: Reference Capacity (based on product flow) | G28: Reformer / Hydrogen pre-heater Sizing (MWh/tonneHotMetal) | H28: 0.71 | I28: 0.25
B29: 47841 | C29: USD | D29: Unit Cost at the Reference Capacity | G29: Reformer / Hydrogen pre-heater CAPEX Scale Factor | H29: 0.6505 | I29: 0.7848 | J29: DOI: 10.1039/d3ee01077e | K29: DOI: 10.1039/d3ee01077e
B30: =B29*((B12/B28)^B27)*B9/100 -> 96915014 | C30: USD | D30: Includes capital cost loading (if applied) | G30: Reformer / Hydrogen pre-heater CAPEX Reference Capacity (MW) | H30: 1 | I30: 1 | J30: DOI: 10.1039/d3ee01077e | K30: DOI: 10.1039/d3ee01077e
A31: Annual Maintenance Costs | B31: 1.5 | C31: % of CAPEX | D31: Annual Maintenance Costs | E31: 1.5% installed cost DOI: 10.1016/j.jclepro.2022.131339 | G31: Reformer / Hydrogen pre-heater CAPEX Reference Cost (USD) | H31: 4806408 | I31: 223082 | J31: DOI: 10.1039/d3ee01077e | K31: DOI: 10.1039/d3ee01077e
A32: Reformer / Hydrogen Pre-heater (Based on Reducing Gas Selection) | G32: Carbon Content of DRI (%C) | H32: 2 | I32: 0 | J32: DRI from natural gas DRI (1-4.5% Carbon) | K32: DRI from H2 DRI (0% carbon)
A33: Reformer / Hydrogen Pre-heater Sizing | B33: =HLOOKUP(B16,H22:I31,7,FALSE) -> 0.71 | C33: MWh/tonneHotMetal | D33: Reformer rating for plant capacity | E33: 0.71 MWh/tonneIron 10.1039/d3ee01077e
B34: =(B26/(365*24))*B33 -> 81.050228 | C34: MW | D34: Rated Capacity Based on DRI Output Calculated value, please do not change this cell
A35: Capital Costs | B35: =HLOOKUP(B16,H22:I31,8,FALSE) -> 0.6505 | C35: Factor | D35: Uses the scale index formula: https://evcvaluation.com/the-cost-to-capacity-method-and-scale-factors/
B36: =HLOOKUP(B16,H22:I31,9,FALSE) -> 1 | C36: MW | D36: Reference Capacity (based on heat exchange capacity)
B37: =HLOOKUP(B16,H22:I31,10,FALSE) -> 4806408 | C37: USD | D37: Unit Cost at the Reference Capacity
B38: =B37*((B34/B36)^B35)*B9/100 -> 83842703 | C38: USD | D38: Includes capital cost loading (if applied)
A39: Annual Maintenance Costs | B39: 1.5 | C39: % of CAPEX | D39: Annual Maintenance Costs | E39: 1.5% installed cost DOI: 10.1016/j.jclepro.2022.131339
A40: Recycle Compressor Capital Costs
A41: Recycle Compressor Sizing | B41: 0.023 | C41: MWh/tonneIron | D41: Recycle compressor rating for plant capacity | E41: 0.023 MWh/tonneIron 10.1039/d3ee01077e
B42: =(B26/(365*24))*B41 -> 2.6255708 | C42: MW | D42: Rated Capacity Based on DRI Output Calculated value, please do not change this cell
A43: Capital Costs | B43: 0.71 | C43: Factor | D43: Uses the scale index formula: https://evcvaluation.com/the-cost-to-capacity-method-and-scale-factors/ | E43: DOI: 10.1039/d3ee01077e
B44: 1 | C44: MW | D44: Reference Capacity (based on heat exchange capacity)
B45: 5995914 | C45: USD | D45: Unit Cost at the Reference Capacity
B46: =B45*((B42/B44)^B43)*B9/100 -> 11898830 | C46: USD | D46: Includes capital cost loading (if applied)
A47: Annual Maintenance Costs | B47: 1.5 | C47: % of CAPEX | D47: Annual Maintenance Costs | E47: 1.5% installed cost DOI: 10.1016/j.jclepro.2022.131339
A48: Cooling Tower Capital Costs
A49: Cooling Tower Sizing | B49: 1 | C49: tonneH2O/tonneIron | D49: Cooling water required per tonne of Iron | E49: 0.9-1.3 tonneH2O/tonneIron 10.1039/d3ee01077e
B50: =B49*B26 -> 1000000 | C50: tonneH2O/yr | D50: Rated Capacity Based on DRI Output Calculated value, please do not change this cell
A51: Capital Costs | B51: 0.6303 | C51: Factor | D51: Uses the scale index formula: https://evcvaluation.com/the-cost-to-capacity-method-and-scale-factors/ | E51: DOI: 10.1039/d3ee01077e
B52: 8760 | C52: tonne/yr | D52: Reference Capacity (based on water flow-rate)
B53: 59277 | C53: USD | D53: Unit Cost at the Reference Capacity
B54: =B53*((B50/B52)^B51)*B9/100 -> 1174156.2 | C54: USD | D54: Includes capital cost loading (if applied)
A55: Annual Maintenance Costs | B55: 1.5 | C55: % of CAPEX | D55: Annual Maintenance Costs | E55: 1.5% installed cost DOI: 10.1016/j.jclepro.2022.131339
A56: Hot Briquetted Iron (HBI) Plant Parameters
A57: Process Inputs (for HBI Roller Press)
A58: Electricity for HBI Production | B58: 10 | C58: kWh/tonneHBI | D58: Electricity for Roller Press operation required to produce 1 tonne of Hot Briquetted Iron (HBI) | E58: HBI briquette compression (10 kWh/tonneHBI) https://doi.org/10.1038/s41467-023-38123-2
A59: HBI Roller PressCapital Costs
A60: HBI Roller Press Sizing | B60: =B26 -> 1000000 | C60: tonneHBI/yr | D60: Rated Capacity Based on DRI Output Calculated value, please do not change this cell
A61: Capital Costs | B61: 0.9 | C61: Factor | D61: Uses the scale index formula: https://evcvaluation.com/the-cost-to-capacity-method-and-scale-factors/ | E61: Assumed
B62: 438000 | C62: tonneIron/yr | D62: Reference Capacity (based on product flow) | E62: 50tonne/h (438,000tonne/yr) USD80,000 (114,286AUD) and 30tonne/h (262,800tonne/yr) USD50,000 (71,429AUD) https://www.alibaba.com/product-detail/China-Sponge-Iron-Coal-Manganese-ore_62200455172.html?spm=a2700.7724857.0.0.48582620YpIqKE https://www.alibaba.com/product-detail/for-sale-sponge-iron-DRI-fines-_1936321447.html?spm=a2700.7724857.0.0.48582620YpIqKE
B63: 80000 | C63: USD | D63: Unit Cost at the Reference Capacity | E63: 114286
B64: =B63*((B60/B62)^B61)*B9/100 -> 168175.72 | C64: USD | D64: Includes capital cost loading (if applied)
A65: Maintenance | B65: 1.5 | C65: % of CAPEX | D65: Annual Maintenance Costs | E65: Assumed to be same as the DRI shaft furnace
A66: Oxygen Pressure Swing Adsorption (PSA )(Auxiliary Equipment)
A67: Process Inputs (for Auxiliary Equipment)
A68: Electricity | B68: 385 | C68: kWh/tonneOxygen | D68: Electricity required to produce 1 tonne of Oxygen | E68: Air Separation: 385 kWh/tonneOxygen DOI: 10.1016/j.jclepro.2022.135146
A69: Oxygen Pressure Swing Adsorption (PSA) Capital Costs
A70: Oxygen Requirements | B70: =B20 -> 0.003 | C70: tonneO2/tonneHotMetal | D70: Oxygen required to produce 1 tonne of hot metal. Takes into account all unit processes that require oxygen Calculated value, please do not change this cell
A71: Oxygen PSA Sizing | B71: =B70*B26 -> 3000 | C71: tonneOxygen/yr
A72: Capital Costs | B72: 0.6357 | C72: Factor | D72: Uses the scale index formula: https://evcvaluation.com/the-cost-to-capacity-method-and-scale-factors/ | E72: DOI: 10.1039/d3ee01077e
B73: 8.76 | C73: tonneOxygen/yr | D73: Reference Capacity (based on product flow)
B74: 29849 | C74: USD | D74: Unit Cost at the Reference Capacity
B75: =B74*((B71/B73)^B72)*B9/100 -> 1219511.5 | C75: USD | D75: Includes capital cost loading (if applied)
A76: Annual Maintenance Costs | B76: 2.5 | C76: % of CAPEX | D76: Annual Maintenance Costs | E76: 2.5% installed cost DOI:10.1016/j.ijggc.2023.103958
A77: DRI Process Labour Costs (for Overall Ironmaking Process)
A78: Number of Shift Positions Required for DRI | B78: 8 | C78: shift position | E78: Assuming 4 shift positions for shaft furnace operation and 4 shift positions for HBI Storage and handling. https://doi.org/10.1007/s40831-024-00878-3
A79: Shift Position Multiplier | B79: 4.8 | C79: worker/shift position | D79: Multiply the number of shift positions by 4.8 to estimate the number of people to staff each position to cover three shifts per day, along with weekends, holidays,personal time off, and sick leave | E79: https://doi.org/10.1007/s40831-024-00878-3
A80: Hours worked per worker per year | B80: 1920 | C80: (WorkHours/Worker)/yr | E80: Estimated based on a 40 hour work week and 48 weeks per year
A81: Average worker hourly wage | B81: 36 | C81: USD/hour | E81: Based on OECD estimates of annual wage in Australia 97,318 AUD/yr (68,123USD/yr)https://www.oecd.org/en/data/indicators/average-annual-wages.html
A82: Annual Labour Costs | B82: =B78*B79*B80*B81 -> 2654208 | C82: USD/yr
A83: Miscellaneous Plant
A84: Electrical & Instrumentation Capital Costs
A85: Capital Costs | B85: 0.5584 | C85: Factor | D85: Uses the scale index formula: https://evcvaluation.com/the-cost-to-capacity-method-and-scale-factors/ | E85: DOI: 10.1039/d3ee01077e
B86: 8.76 | C86: tonne/yr | D86: Reference Capacity (based on total plant capacity)
B87: 68056 | C87: USD | D87: Unit Cost at the Reference Capacity
B88: =B87*((B12/B86)^B85)*B9/100 -> 45391248 | C88: USD | D88: Includes capital cost loading (if applied)
A89: Building & Storage Capital Costs
A90: Capital Costs | B90: 0.8 | C90: Factor | D90: Uses the scale index formula: https://evcvaluation.com/the-cost-to-capacity-method-and-scale-factors/ | E90: DOI: 10.1039/d3ee01077e
B91: 8.76 | C91: tonne/yr | D91: Reference Capacity (based on total plant capacity)
B92: 6160 | C92: USD | D92: Unit Cost at the Reference Capacity
B93: =B92*((B12/B91)^B90)*B9/100 -> 68482156 | C93: USD | D93: Includes capital cost loading (if applied)
A94: Other Miscellaneous Costs
A95: Capital Costs | B95: 0.5583 | C95: Factor | D95: Uses the scale index formula: https://evcvaluation.com/the-cost-to-capacity-method-and-scale-factors/ | E95: DOI: 10.1039/d3ee01077e
B96: 8.76 | C96: tonne/yr | D96: Reference Capacity (based on total plant capacity)
B97: 170142 | C97: USD | D97: Unit Cost at the Reference Capacity
B98: =B97*((B12/B96)^B95)*B9/100 -> 1.1334738e+08 | C98: USD | D98: Includes capital cost loading (if applied)
A99: Additional Capital Costs
A100: Additional Capital Costs | B100: 0 | C100: USD | D100: User input value to account for any additional operating costs unaccounted for by this model
A101: Process Inputs Costs (for Entire Process)
A102: Iron Ore | B102: 0 | C102: USD/tonneOre | D102: Iron ore cost. Input literature value or the value determined in the iron ore model | E102: Iron Ore Pellets: 130 USD/tonne DOI: 10.1039/d3ee01077e
...

Sheet S1. Steelmaking_DRI_ESF_BOF
A1: S1. Ore Extraction and Transport Model
A3: Parameter | B3: Value | C3: Unit | D3: Note | E3: Default Value
A4: Financial Assumptions
A5: USD:AUD Conversion Rate | B5: =0.7 -> 0.7 | C5: - | E5: =0.7 -> 0.7
A6: Interest Rate | B6: 7 | C6: % | D6: Annual Interest Rate | E6: 7
A7: Economic Life | B7: 30 | C7: years
A8: CRF | B8: =(($B$6/100)*(1+$B$6/100)^$B$7)/(((1+$B$6/100)^$B$7)-1)*100 -> 8.0586404 | C8: % | D8: Capital Recovery Factor
A9: Capex Increase Compared to Benchmarked Costs | B9: 100 | C9: % of Benchmarked Cost | D9: This factor is applied to plant that is constructed in Australia, to account for increased costs compared to international costs. Use this if cost correlations are from international costs. This is not applied to equipmet that is delivered as is, such as vehicle costs. | E9: 100%
A11: System Sizing
A12: Plant Capacity | B12: 1000000 | C12: tonne/yr | D12: Annual Production
A13: Process Plant Availability | B13: 90 | C13: % | D13: Only Applies to process plant availability
A14: DRI Plant Parameters
A15: DRI Process Inputs (for Overall DRI Process)
A16: Reducing Gas | B16: Natural Gas | C16: - | D16: Fuel source for reducing iron ore to DRI
B17: =HLOOKUP(B16,H23:I32,4,FALSE) -> 0.2 | C17: tonneGas/tonneHotMetal | D17: Reducing Gas required to produce 1 tonne of hotmetal Calculated value, please do not change this cell | E17: Refer to iron ore reducing gas table
B18: =HLOOKUP(B16,H23:I32,5,FALSE) -> 13.9 | C18: kWh/kgGas | D18: Reducing Gas required to produce 1 tonne of hotmetal Calculated value, please do not change this cell | E18: Refer to iron ore reducing gas table
B19: =B18*1000*B17 -> 2780 | C19: kWh/tonneHotMetal | D19: Reducing Gas required to produce 1 tonne of hotmetal Calculated value, please do not change this cell | E19: Refer to iron ore reducing gas table
A20: Oxygen Gas | B20: =HLOOKUP(B16,H23:I32,6,FALSE) -> 0.003 | C20: tonneO2/tonneHotMetal | D20: Oxygen required to produce 1 tonne of iron. Oxygen is injected into the furnace (or upstream of the shaft furnace) to raise the operating temperature of the shaft furnace, which improves reaction kinetics. (DOI: 10.1039/d3ee01077e) | E20: Refer to iron ore reducing gas table
A21: Electricity | B21: 70 | C21: kWh/tonneHotMetal | D21: Electricity required to produce 1 tonne of iron (assumes operation of shaft furnace, reformer, recycle compressor & cooling tower) | E21: DRI Plant: 67-85 kWh/tonneHotMetal DOI: 10.1016/j.jclepro.2022.135146, https://www.energiron.com/wp-content/uploads/2020/01/Energiron_Brochure-2020.pdf
A22: Iron Ore Requirements | B22: 67 | C22: % Fe (w/w) | D22: Iron ore grade (assuming pellet) | E22: >65% For DRI Process Dutta, S.K. and Chokshi, Y.B., 2020. Basic concepts of Iron and steel making. Springer Nature. | G22: Iron Ore Reducing Gas | J22: Notes/ Reference
B23: 95 | C23: % Fe (w/w) | D23: Total Fe in end product (ie hot metal) (in metallic form and residual oxidised form) | G23: Fuel Source | H23: Natural Gas | I23: Hydrogen | J23: Natural Gas Default Value | K23: Hydrogen Default Value
B24: =(((B23/100)*B26)/(B22/100))/B26 -> 1.4179104 | C24: tonneOre/tonneHotMetal | D24: Iron ore required to produce 1 tonne of iron. This takes into account grade of iron ore and metallisation rate of DRI process. Calculated value, please do not change this cell | G24: Fuel Price (USD/kWh) | H24: 0.03 | I24: 0.186 | J24: Natural gas price of 12AUD/GJ (8.4 USD/GJ) | K24: 0.30USD/kWh based on 10USD/kg and LHV of 33.3kWh/kg. Green Hydrogen Cost Current Range: AUD8-14/kg; Gladstone Project: AUD3/kg; Target: AUD2/kg
A25: Shaft Furnace | G25: Emissions Factor (kgCO2/kWh) | H25: 0.186 | I25: 0 | J25: Natural Gas: 51.53 kgCO2-e/GJ (0.186 kg/kWh)https://www.dcceew.gov.au/sites/default/files/documents/national-greenhouse-account-factors-2024.pdf | K25: Assume 0 for hydrogen
A26: Shaft Furncace Capacity | B26: =B12 -> 1000000 | C26: tonne/yr | D26: Rated capacity Calculated value, please do not change this cell | G26: Reducing Gas Requirements (tonneGas/tonneHotMetal) | H26: 0.2 | I26: 0.062 | J26: 0.17-0.23 tonneNG/tonneIron | K26: 0.062 tonneH2/tonneIron
A27: Shaft Furnace Capital Costs | B27: 0.6538 | C27: Factor | D27: Uses the scale index formula: https://evcvaluation.com/the-cost-to-capacity-method-and-scale-factors/ | E27: DOI: 10.1039/d3ee01077e | G27: Reducing Gas Energy Content (kWh/kg) | H27: 13.9 | I27: 33.3 | J27: 13.9 kWh/kg https://www.engineeringtoolbox.com/fuels-higher-calorific-values-d_169.html | K27: 33.3 kWh/kg https://www.engineeringtoolbox.com/fuels-higher-calorific-values-d_169.html
B28: 8.76 | C28: tonne/yr | D28: Reference Capacity (based on product flow) | G28: Oxygen gas requirements (tonneO2/tonneHotMetal) | H28: 0.003 | I28: 0.055 | J28: 0.1kmolO2/tonneHotMetal (0.003 tonneO2/tonneHotMetal) DOI: 10.1039/d3ee01077e | K28: 0.055 tonneO2/tonneIron DOI: 10.1039/d3ee01077e
B29: 47841 | C29: USD | D29: Unit Cost at the Reference Capacity | G29: Reformer / Hydrogen pre-heater Sizing (MWh/tonneHotMetal) | H29: 0.71 | I29: 0.25
B30: =B29*((B12/B28)^B27)*B9/100 -> 96915014 | C30: USD | D30: Includes capital cost loading (if applied) | G30: Reformer / Hydrogen pre-heater CAPEX Scale Factor | H30: 0.6505 | I30: 0.7848 | J30: DOI: 10.1039/d3ee01077e | K30: DOI: 10.1039/d3ee01077e
A31: Annual Maintenance Costs | B31: 1.5 | C31: % of CAPEX | D31: Annual Maintenance Costs | E31: 1.5% installed cost DOI: 10.1016/j.jclepro.2022.131339 | G31: Reformer / Hydrogen pre-heater CAPEX Reference Capacity (MW) | H31: 1 | I31: 1 | J31: DOI: 10.1039/d3ee01077e | K31: DOI: 10.1039/d3ee01077e
A32: Reformer / Hydrogen Pre-heater (Based on Reducing Gas Selection) | G32: Reformer / Hydrogen pre-heater CAPEX Reference Cost (USD) | H32: 4806408 | I32: 223082 | J32: DOI: 10.1039/d3ee01077e | K32: DOI: 10.1039/d3ee01077e
A33: Reformer Sizing | B33: =HLOOKUP(B16,H23:I32,7,FALSE) -> 0.71 | C33: MWh/tonneHotMetal | D33: Reformer rating for plant capacity | E33: 0.71 MWh/tonneIron 10.1039/d3ee01077e | G33: Carbon Content of DRI (%C) | H33: 2 | I33: 0 | J33: DRI from natural gas DRI (1-4.5% Carbon) | K33: DRI from H2 DRI (0% carbon)
B34: =(B26/(365*24))*B33 -> 81.050228 | C34: MW | D34: Rated Capacity Based on DRI Output Calculated value, please do not change this cell
A35: Capital Costs | B35: =HLOOKUP(B16,H23:I32,8,FALSE) -> 0.6505 | C35: Factor | D35: Uses the scale index formula: https://evcvaluation.com/the-cost-to-capacity-method-and-scale-factors/
B36: =HLOOKUP(B16,H23:I32,9,FALSE) -> 1 | C36: MW | D36: Reference Capacity (based on heat exchange capacity)
B37: =HLOOKUP(B16,H23:I32,10,FALSE) -> 4806408 | C37: USD | D37: Unit Cost at the Reference Capacity
B38: =B37*((B34/B36)^B35)*B9/100 -> 83842703 | C38: USD | D38: Includes capital cost loading (if applied)
A39: Annual Maintenance Costs | B39: 1.5 | C39: % of CAPEX | D39: Annual Maintenance Costs | E39: 1.5% installed cost DOI: 10.1016/j.jclepro.2022.131339
A40: Recycle Compressor Capital Costs
A41: Recycle Compressor Sizing | B41: 0.023 | C41: MWh/tonneIron | D41: Recycle compressor rating for plant capacity | E41: 0.023 MWh/tonneIron Refer to tab 'A3. Compressor Sizing' for details
B42: =(B26/(365*24))*B41 -> 2.6255708 | C42: MW | D42: Rated Capacity Based on DRI Output Calculated value, please do not change this cell
A43: Capital Costs | B43: 0.71 | C43: Factor | D43: Uses the scale index formula: https://evcvaluation.com/the-cost-to-capacity-method-and-scale-factors/ | E43: DOI: 10.1039/d3ee01077e
B44: 1 | C44: MW | D44: Reference Capacity (based on heat exchange capacity)
B45: 5995914 | C45: USD | D45: Unit Cost at the Reference Capacity
B46: =B45*((B42/B44)^B43)*B9/100 -> 11898830 | C46: USD | D46: Includes capital cost loading (if applied)
A47: Annual Maintenance Costs | B47: 1.5 | C47: % of CAPEX | D47: Annual Maintenance Costs | E47: 1.5% installed cost DOI: 10.1016/j.jclepro.2022.131339
A48: Cooling Tower Capital Costs
A49: Cooling Tower Sizing | B49: 1 | C49: tonneH2O/tonneIron | D49: Cooling water required per tonne of Iron | E49: 0.9-1.3 tonneH2O/tonneIron 10.1039/d3ee01077e
B50: =B49*B26 -> 1000000 | C50: tonneH2O/yr | D50: Rated Capacity Based on DRI Output Calculated value, please do not change this cell
A51: Capital Costs | B51: 0.6303 | C51: Factor | D51: Uses the scale index formula: https://evcvaluation.com/the-cost-to-capacity-method-and-scale-factors/ | E51: DOI: 10.1039/d3ee01077e
B52: 8760 | C52: tonne/yr | D52: Reference Capacity (based on water flow-rate)
B53: 59277 | C53: USD | D53: Unit Cost at the Reference Capacity
B54: =B53*((B50/B52)^B51)*B9/100 -> 1174156.2 | C54: USD | D54: Includes capital cost loading (if applied)
A55: Annual Maintenance Costs | B55: 1.5 | C55: % of CAPEX | D55: Annual Maintenance Costs | E55: 1.5% installed cost DOI: 10.1016/j.jclepro.2022.131339
A56: Electric Smelting Furance (ESF) Plant Parameters
A57: Process Inputs (for ESF)
A58: Electricity for ESF Operation | B58: 380 | C58: kWh/tonneHotMetal | D58: Electricity for EAF operation. Assuming operation as an integrated process (ie hot-linked) meaning DRI is added directly to the ESF, resulting in an energy saving of not having to heat the DRI up from ambient temperature | E58: Assumed similar to the energy requirements of an EAF: If hot-linked: 355-380 kWh/tonne If not hot-linked: 453 kWh/tonne DOI: 10.1016/j.jclepro.2022.135146, DOI: 10.1039/d3ee01077e
A59: Lime | B59: 0.05 | C59: tonneLime/tonneHotMetal | D59: Lime required to produce 1 tonne of hot metal | E59: Assumed simlar to lime addition in an EAF (https://doi.org/10.1007/s40831-024-00878-3) Lime for EAF: 0.04-0.05 tonneLime/tonneSteel DOI: 10.1016/j.jclepro.2022.135146, DOI: 10.1039/d3ee01077e
A60: Carbon | B60: 0.027 | C60: tonneC/tonneHotMetal | D60: Carbon required to produce 1 tonne of product. If no carbon is added, set this value to 0 | E60: Assumed similar amount of carbon as is used in an EAF: Carbon for EAF: 27kg/tonneSteel DOI: 10.1039/d3ee01077e
A61: ESF Slag Production | B61: 0.2 | C61: tonneSlag/tonneHotMetal | D61: Slag generated to produce 1 tonne of product | E61: Assumed simialr to an EAF: 0.200 tonneSlag/tonneHotMetal https://doi.org/10.1016/j.jclepro.2022.131339
A62: ESF Capital Costs
A63: ESF Sizing | B63: =B26 -> 1000000 | C63: tonneHotMetal/yr | D63: Rated Capacity Based on DRI Output Calculated value, please do not change this cell
A64: Capital Costs | B64: 0.8 | C64: Factor | D64: Uses the scale index formula: https://evcvaluation.com/the-cost-to-capacity-method-and-scale-factors/ | E64: Assumed similar to an EAF: https://doi.org/10.1016/j.ijggc.2023.103958
B65: 4920000 | C65: tonneHotMetal/yr | D65: Reference Capacity (based on product flow) | E65: Assumed similar to an EAF: https://doi.org/10.1016/j.ijggc.2023.103958
B66: 5.7510539e+08 | C66: USD | D66: Unit Cost at the Reference Capacity | E66: Assumed similar to an EAF: https://doi.org/10.1016/j.ijggc.2023.103958
B67: =B66*((B63/B65)^B64)*B9/100 -> 1.6075902e+08 | C67: USD | D67: Includes capital cost loading (if applied)
A68: Maintenance | B68: 3 | C68: % of CAPEX | D68: Annual Maintenance Costs | E68: Assumed similar to an EAF: 3% installed cost (which includes refractory lining) DOI: 10.1016/j.jclepro.2018.08.279
A69: Basic Oxygen Furnace (BOF) Plant Parameters
A70: Process Inputs (for BOF)
A71: Electricity for BOF Operation | B71: 21 | C71: kWh/tonneHotMetal | D71: Electricity required to produce 1 ton of steel | E71: 20-23 kWh/tonneHotMetal https://doi.org/10.1016/j.jclepro.2022.135146; Baig, S. Cost effectiveness analysis of HYL and Midrex DRI technologies for the iron and steel-making industry. (2016)
A72: Electricity for Casting Operation | B72: 10 | C72: kWh/tonneHotMetal | D72: Electricity for continuos casting operation | E72: Casting electricity requiremetns:10 kWh/t "Start with Steel. A practival plan to support carbon workers and cut emissions. Grattan Institute 2020"
A73: Lime | B73: 0.043 | C73: tonneLime/tonneHotMetal | D73: Lime required to produce 1 ton of steel. Lime is typically used as flux for the BOF (https://doi.org/10.1016/j.ijggc.2023.103958) | E73: 43 kg/tonneHotMetal https://doi.org/10.1016/j.ijggc.2023.103958
A74: Oxygen Gas | B74: 0.079 | C74: tonneO2/tonneHotMetal | D74: Oxygen required to produce 1 ton of steel. | E74: 55 Nm3/tonSteel (78.6 kg/tonneHotMetal) Baig, S. Cost effectiveness analysis of HYL and Midrex DRI technologies for the iron and steel-making industry. (2016)
A75: BOF Slag Production | B75: 0.058 | C75: tonne/tonneHotMetal | D75: Slag generated to produce 1 ton of steel | E75: 56-60 kgSlag/tonneHotMetal doi: 10.1016/j.egypro.2013.06.651, 10.1016/j.ijggc.2014.09.004
A76: BOF Capital Costs
A77: BOF Sizing | B77: =B26 -> 1000000 | C77: tonneHotMetal/yr
A78: Capital Costs | B78: 0.8 | C78: Factor | D78: Uses the scale index formula: https://evcvaluation.com/the-cost-to-capacity-method-and-scale-factors/ | E78: doi.org/10.1016/j.ijggc.2023.103958
B79: 4323327 | C79: tonneHotMetal/yr | D79: Reference Capacity (based on product flow)
B80: 447412500 | C80: USD | D80: Unit Cost at the Reference Capacity
B81: =B80*((B77/B79)^B78)*B9/100 -> 1.3869271e+08 | C81: USD | D81: Includes capital cost loading (if applied)
A82: Maintenance | B82: 5 | C82: % of CAPEX | D82: Annual Maintenance Costs | E82: 5% Installed Costs doi.org/10.1016/j.ijggc.2023.103958
A83: Casting Capital Costs
A84: Casting Sizing | B84: =B26 -> 1000000 | C84: tonneHotMetal/yr | D84: Rated Capacity Based on DRI Output Calculated value, please do not change this cell
A85: Capital Costs | B85: 0.8 | C85: Factor | D85: Uses the scale index formula: https://evcvaluation.com/the-cost-to-capacity-method-and-scale-factors/ | E85: Continuous slab caster: https://doi.org/10.1016/j.ijggc.2023.103958
B86: 4000000 | C86: tonneHotMetal/yr | D86: Reference Capacity (based on product flow) | E86: Continuous slab caster: https://doi.org/10.1016/j.ijggc.2023.103958
B87: 1.9007721e+08 | C87: USD | D87: Unit Cost at the Reference Capacity | E87: Continuous slab caster: https://doi.org/10.1016/j.ijggc.2023.103958
B88: =B87*((B84/B86)^B85)*B9/100 -> 62702094 | C88: USD | D88: Includes capital cost loading (if applied)
A89: Maintenance | B89: 8 | C89: % of CAPEX | D89: Annual Maintenance Costs | E89: Continuous slab caster: https://doi.org/10.1016/j.ijggc.2023.103958
A90: Oxygen Pressure Swing Adsorption (PSA) (Auxiliary Equipment)
A91: Process Inputs (for Auxiliary Equipment)
A92: Electricity | B92: 385 | C92: kWh/tonneOxygen | D92: Electricity required to produce 1 tonne of Oxygen | E92: Air Separation: 385 kWh/tonneOxygen DOI: 10.1016/j.jclepro.2022.135146
A93: Oxygen Pressure Swing Adsorption (PSA) Capital Costs
A94: Oxygen Requirements | B94: =B20+B74 -> 0.082 | C94: tonneO2/tonneHotMetal | D94: Oxygen required to produce 1 tonne of hot metal. Takes into account all unit processes that require oxygen Calculated value, please do not change this cell
A95: Oxygen PSA Sizing | B95: =B94*B26 -> 82000 | C95: tonneOxygen/yr
A96: Capital Costs | B96: 0.6357 | C96: Factor | D96: Uses the scale index formula: https://evcvaluation.com/the-cost-to-capacity-method-and-scale-factors/ | E96: DOI: 10.1039/d3ee01077e
B97: 8.76 | C97: tonneOxygen/yr | D97: Reference Capacity (based on product flow)
B98: 29849 | C98: USD | D98: Unit Cost at the Reference Capacity
B99: =B98*((B95/B97)^B96)*B9/100 -> 9988295.7 | C99: USD | D99: Includes capital cost loading (if applied)
A100: Annual Maintenance Costs | B100: 2.5 | C100: % of CAPEX | D100: Annual Maintenance Costs | E100: 2.5% installed cost DOI:10.1016/j.ijggc.2023.103958
A101: DRI, ESF and BOF Process Labour Costs (for Overall Steelmaking Process)
A102: Number of Shift Positions Required for DRI | B102: 16 | C102: shift position | E102: Assuming 4 shift positions for shaft furnace operation, 4 shift positions for EAF, 4 shift positions for BOF and 4 shift positions for Steel Storage an handling. https://doi.org/10.1007/s40831-024-00878-3
...

Sheet S1. Steelmaking_DRI_EAF
A1: S1. Ore Extraction and Transport Model
A3: Parameter | B3: Value | C3: Unit | D3: Note | E3: Default Value
A4: Financial Assumptions
A5: USD:AUD Conversion Rate | B5: =0.7 -> 0.7 | C5: - | E5: =0.7 -> 0.7
A6: Interest Rate | B6: 7 | C6: % | D6: Annual Interest Rate | E6: 7
A7: Economic Life | B7: 30 | C7: years
A8: CRF | B8: =(($B$6/100)*(1+$B$6/100)^$B$7)/(((1+$B$6/100)^$B$7)-1)*100 -> 8.0586404 | C8: % | D8: Capital Recovery Factor
A9: Capex Increase Compared to Benchmarked Costs | B9: 100 | C9: % of Benchmarked Cost | D9: This factor is applied to plant that is constructed in Australia, to account for increased costs compared to international costs. Use this if cost correlations are from international costs. This is not applied to equipmet that is delivered as is, such as vehicle costs. | E9: 100%
A11: System Sizing
A12: Plant Capacity | B12: 1000000 | C12: tonne/yr | D12: Annual Production
A13: Process Plant Availability | B13: 90 | C13: % | D13: Only Applies to process plant availability
A14: DRI Plant Parameters
A15: DRI Process Inputs (for Overall DRI Process)
A16: Reducing Gas | B16: Natural Gas | C16: - | D16: Fuel source for reducing iron ore to DRI
B17: =HLOOKUP(B16,H23:I32,4,FALSE) -> 0.2 | C17: tonneGas/tonneHotMetal | D17: Reducing Gas required to produce 1 tonne of hotmetal Calculated value, please do not change this cell | E17: Refer to iron ore reducing gas table
B18: =HLOOKUP(B16,H23:I32,5,FALSE) -> 13.9 | C18: kWh/kgGas | D18: Reducing Gas required to produce 1 tonne of hotmetal Calculated value, please do not change this cell | E18: Refer to iron ore reducing gas table
B19: =B18*1000*B17 -> 2780 | C19: kWh/tonneHotMetal | D19: Reducing Gas required to produce 1 tonne of hotmetal Calculated value, please do not change this cell | E19: Refer to iron ore reducing gas table
A20: Oxygen Gas | B20: =HLOOKUP(B16,H23:I32,6,FALSE) -> 0.003 | C20: tonneO2/tonneHotMetal | D20: Oxygen required to produce 1 tonne of iron. Oxygen is injected into the furnace (or upstream of the shaft furnace) to raise the operating temperature of the shaft furnace, which improves reaction kinetics. (DOI: 10.1039/d3ee01077e) | E20: Refer to iron ore reducing gas table
A21: Electricity | B21: 70 | C21: kWh/tonneHotMetal | D21: Electricity required to produce 1 tonne of iron (assumes operation of shaft furnace, reformer, recycle compressor & cooling tower) | E21: DRI Plant: 67-85 kWh/tonneHotMetal DOI: 10.1016/j.jclepro.2022.135146, https://www.energiron.com/wp-content/uploads/2020/01/Energiron_Brochure-2020.pdf
A22: Iron Ore Requirements | B22: 67 | C22: % Fe (w/w) | D22: Iron ore grade (assuming pellet) | E22: >65% For DRI Process Dutta, S.K. and Chokshi, Y.B., 2020. Basic concepts of Iron and steel making. Springer Nature. | G22: Iron Ore Reducing Gas | J22: Notes/ Reference
B23: 95 | C23: % Fe (w/w) | D23: Total Fe in end product (ie hot metal) (in metallic form and residual oxidised form) | G23: Fuel Source | H23: Natural Gas | I23: Hydrogen | J23: Natural Gas Default Value | K23: Hydrogen Default Value
B24: =(((B23/100)*B26)/(B22/100))/B26 -> 1.4179104 | C24: tonneOre/tonneHotMetal | D24: Iron ore required to produce 1 tonne of iron. This takes into account grade of iron ore and metallisation rate of DRI process. Calculated value, please do not change this cell | G24: Fuel Price (USD/kWh) | H24: 0.03 | I24: 0.186 | J24: Natural gas price of 12AUD/GJ (8.4 USD/GJ) | K24: 0.30USD/kWh based on 10USD/kg and LHV of 33.3kWh/kg. Green Hydrogen Cost Current Range: AUD8-14/kg; Gladstone Project: AUD3/kg; Target: AUD2/kg
A25: Shaft Furnace | G25: Emissions Factor (kgCO2/kWh) | H25: 0.186 | I25: 0 | J25: Natural Gas: 51.53 kgCO2-e/GJ (0.186 kg/kWh)https://www.dcceew.gov.au/sites/default/files/documents/national-greenhouse-account-factors-2024.pdf | K25: Assume 0 for hydrogen
A26: Shaft Furncace Capacity | B26: =B12 -> 1000000 | C26: tonne/yr | D26: Rated capacity Calculated value, please do not change this cell | G26: Reducing Gas Requirements (tonneGas/tonneHotMetal) | H26: 0.2 | I26: 0.062 | J26: 0.17-0.23 tonneNG/tonneIron | K26: 0.062 tonneH2/tonneIron
A27: Shaft Furnace Capital Costs | B27: 0.6538 | C27: Factor | D27: Uses the scale index formula: https://evcvaluation.com/the-cost-to-capacity-method-and-scale-factors/ | E27: DOI: 10.1039/d3ee01077e | G27: Reducing Gas Energy Content (kWh/kg) | H27: 13.9 | I27: 33.3 | J27: 13.9 kWh/kg https://www.engineeringtoolbox.com/fuels-higher-calorific-values-d_169.html | K27: 33.3 kWh/kg https://www.engineeringtoolbox.com/fuels-higher-calorific-values-d_169.html
B28: 8.76 | C28: tonne/yr | D28: Reference Capacity (based on product flow) | G28: Oxygen gas requirements (tonneO2/tonneHotMetal) | H28: 0.003 | I28: 0.055 | J28: 0.1kmolO2/tonneHotMetal (0.003 tonneO2/tonneHotMetal) DOI: 10.1039/d3ee01077e | K28: 0.055 tonneO2/tonneIron DOI: 10.1039/d3ee01077e
B29: 47841 | C29: USD | D29: Unit Cost at the Reference Capacity | G29: Reformer / Hydrogen pre-heater Sizing (MWh/tonneHotMetal) | H29: 0.71 | I29: 0.25
B30: =B29*((B12/B28)^B27)*B9/100 -> 96915014 | C30: USD | D30: Includes capital cost loading (if applied) | G30: Reformer / Hydrogen pre-heater CAPEX Scale Factor | H30: 0.6505 | I30: 0.7848 | J30: DOI: 10.1039/d3ee01077e | K30: DOI: 10.1039/d3ee01077e
A31: Annual Maintenance Costs | B31: 1.5 | C31: % of CAPEX | D31: Annual Maintenance Costs | E31: 1.5% installed cost DOI: 10.1016/j.jclepro.2022.131339 | G31: Reformer / Hydrogen pre-heater CAPEX Reference Capacity (MW) | H31: 1 | I31: 1 | J31: DOI: 10.1039/d3ee01077e | K31: DOI: 10.1039/d3ee01077e
A32: Reformer / Hydrogen Pre-heater (Based on Reducing Gas Selection) | G32: Reformer / Hydrogen pre-heater CAPEX Reference Cost (USD) | H32: 4806408 | I32: 223082 | J32: DOI: 10.1039/d3ee01077e | K32: DOI: 10.1039/d3ee01077e
A33: Reformer Sizing | B33: =HLOOKUP(B16,H23:I32,7,FALSE) -> 0.71 | C33: MWh/tonneHotMetal | D33: Reformer rating for plant capacity | E33: 0.71 MWh/tonneIron DOI: 10.1039/d3ee01077e | G33: Carbon Content of DRI (%C) | H33: 2 | I33: 0 | J33: DRI from natural gas DRI (1-4.5% Carbon) | K33: DRI from H2 DRI (0% carbon)
B34: =(B26/(365*24))*B33 -> 81.050228 | C34: MW | D34: Rated Capacity Based on DRI Output Calculated value, please do not change this cell
A35: Capital Costs | B35: =HLOOKUP(B16,H23:I32,8,FALSE) -> 0.6505 | C35: Factor | D35: Uses the scale index formula: https://evcvaluation.com/the-cost-to-capacity-method-and-scale-factors/
B36: =HLOOKUP(B16,H23:I32,9,FALSE) -> 1 | C36: MW | D36: Reference Capacity (based on heat exchange capacity)
B37: =HLOOKUP(B16,H23:I32,10,FALSE) -> 4806408 | C37: USD | D37: Unit Cost at the Reference Capacity
B38: =B37*((B34/B36)^B35)*B9/100 -> 83842703 | C38: USD | D38: Includes capital cost loading (if applied)
A39: Annual Maintenance Costs | B39: 1.5 | C39: % of CAPEX | D39: Annual Maintenance Costs | E39: 1.5% installed cost DOI: 10.1016/j.jclepro.2022.131339
A40: Recycle Compressor Capital Costs
A41: Recycle Compressor Sizing | B41: 0.023 | C41: MWh/tonneIron | D41: Recycle compressor rating for plant capacity | E41: 0.023 MWh/tonneIron DOI: 10.1039/d3ee01077e
B42: =(B26/(365*24))*B41 -> 2.6255708 | C42: MW | D42: Rated Capacity Based on DRI Output Calculated value, please do not change this cell
A43: Capital Costs | B43: 0.71 | C43: Factor | D43: Uses the scale index formula: https://evcvaluation.com/the-cost-to-capacity-method-and-scale-factors/ | E43: DOI: 10.1039/d3ee01077e
B44: 1 | C44: MW | D44: Reference Capacity (based on heat exchange capacity)
B45: 5995914 | C45: USD | D45: Unit Cost at the Reference Capacity
B46: =B45*((B42/B44)^B43)*B9/100 -> 11898830 | C46: USD | D46: Includes capital cost loading (if applied)
A47: Annual Maintenance Costs | B47: 1.5 | C47: % of CAPEX | D47: Annual Maintenance Costs | E47: 1.5% installed cost DOI: 10.1016/j.jclepro.2022.131339
A48: Cooling Tower Capital Costs
A49: Cooling Tower Sizing | B49: 1 | C49: tonneH2O/tonneIron | D49: Cooling water required per tonne of Iron | E49: 0.9-1.3 tonneH2O/tonneIron DOI: 10.1039/d3ee01077e
B50: =B49*B26 -> 1000000 | C50: tonneH2O/yr | D50: Rated Capacity Based on DRI Output Calculated value, please do not change this cell
A51: Capital Costs | B51: 0.6303 | C51: Factor | D51: Uses the scale index formula: https://evcvaluation.com/the-cost-to-capacity-method-and-scale-factors/ | E51: DOI: 10.1039/d3ee01077e
B52: 8760 | C52: tonne/yr | D52: Reference Capacity (based on water flow-rate)
B53: 59277 | C53: USD | D53: Unit Cost at the Reference Capacity
B54: =B53*((B50/B52)^B51)*B9/100 -> 1174156.2 | C54: USD | D54: Includes capital cost loading (if applied)
A55: Annual Maintenance Costs | B55: 1.5 | C55: % of CAPEX | D55: Annual Maintenance Costs | E55: 1.5% installed cost DOI: 10.1016/j.jclepro.2022.131339
A56: Electric Arc Furance (EAF) Plant Parameters
A57: Process Inputs (for EAF)
A58: Electricity for EAF Operation | B58: 380 | C58: kWh/tonneHotMetal | D58: Electricity for EAF operation. Assuming operation as an integrated process (ie hot-linked) meaning DRI is added directly to the EAF, resulting in an energy saving of not having to heat the DRI up from ambient temperature | E58: If hot-linked: 355-380 kWh/tonne If not hot-linked: 453 kWh/tonne DOI: 10.1016/j.jclepro.2022.135146, DOI: 10.1039/d3ee01077e
A59: Electricity for Casting Operation | B59: 10 | C59: kWh/tonneHotMetal | D59: Electricity for continuos casting operation | E59: Casting electricity requiremetns:10 kWh/t "Start with Steel. A practival plan to support carbon workers and cut emissions. Grattan Institute 2020"
A60: Lime | B60: 0.05 | C60: tonneLime/tonneHotMetal | D60: Lime required to produce 1 tonne of steel | E60: Lime for EAF: 0.04-0.05 tonneLime/tonneSteel DOI: 10.1016/j.jclepro.2022.135146, DOI: 10.1039/d3ee01077e
A61: Carbon | B61: 0.027 | C61: tonneC/tonneHotMetal | D61: Carbon required to produce 1 tonne of product. If no carbon is added, set this value to 0 | E61: Carbon for EAF: 27kg/tonneSteel DOI: 10.1039/d3ee01077e
A62: Slag Production | B62: 0.2 | C62: tonneSlag/tonneHotMetal | D62: Slag generated to produce 1 tonne of product | E62: 0.200 tonneSlag/tonneHotMetal https://doi.org/10.1016/j.jclepro.2022.131339
A63: Oxygen Gas | B63: 0.054 | C63: tonneO2/tonneHotMetal | D63: Oxygen required to produce 1 tonne of steel | E63: 0.054 tonneO2/tonneHotMetal Refer to tab: "A5. OxygenRequirements"
A64: EAF Electrode Replacement | B64: 2 | C64: kgElectrode/tonneHotMetal | D64: Graphite Electrode Consumption Rate | E64: Graphite Electrode Consumption Rate: 2kg/tonneHotMetal DOI: 10.1016/j.jclepro.2018.08.279
A65: EAF Capital Costs
A66: EAF Sizing | B66: =B26 -> 1000000 | C66: tonneHotMetal/yr | D66: Rated Capacity Based on DRI Output Calculated value, please do not change this cell
A67: Capital Costs | B67: 0.8 | C67: Factor | D67: Uses the scale index formula: https://evcvaluation.com/the-cost-to-capacity-method-and-scale-factors/ | E67: https://doi.org/10.1016/j.ijggc.2023.103958
B68: 4920000 | C68: tonneHotMetal/yr | D68: Reference Capacity (based on product flow) | E68: https://doi.org/10.1016/j.ijggc.2023.103958
B69: 5.7510539e+08 | C69: USD | D69: Unit Cost at the Reference Capacity | E69: https://doi.org/10.1016/j.ijggc.2023.103958
B70: =B69*((B66/B68)^B67)*B9/100 -> 1.6075902e+08 | C70: USD | D70: Includes capital cost loading (if applied)
A71: Maintenance | B71: 3 | C71: % of CAPEX | D71: Annual Maintenance Costs | E71: Assumed similar to an EAF: 3% installed cost (which includes refractory lining) DOI: 10.1016/j.jclepro.2018.08.279
A72: Casting Capital Costs
A73: Casting Sizing | B73: =B26 -> 1000000 | C73: tonneHotMetal/yr | D73: Rated Capacity Based on DRI Output Calculated value, please do not change this cell
A74: Capital Costs | B74: 0.8 | C74: Factor | D74: Uses the scale index formula: https://evcvaluation.com/the-cost-to-capacity-method-and-scale-factors/ | E74: Continuous slab caster: https://doi.org/10.1016/j.ijggc.2023.103958
B75: 4000000 | C75: tonneHotMetal/yr | D75: Reference Capacity (based on product flow) | E75: Continuous slab caster: https://doi.org/10.1016/j.ijggc.2023.103958
B76: 1.9007721e+08 | C76: USD | D76: Unit Cost at the Reference Capacity | E76: Continuous slab caster: https://doi.org/10.1016/j.ijggc.2023.103958
B77: =B76*((B73/B75)^B74)*B9/100 -> 62702094 | C77: USD | D77: Includes capital cost loading (if applied)
A78: Maintenance | B78: 8 | C78: % of CAPEX | D78: Annual Maintenance Costs | E78: Continuous slab caster: https://doi.org/10.1016/j.ijggc.2023.103958
A79: Oxygen Pressure Swing Adsorption (PSA) (Auxiliary Equipment)
A80: Process Inputs (for Auxiliary Equipment)
A81: Electricity | B81: 385 | C81: kWh/tonneOxygen | D81: Electricity required to produce 1 tonne of Oxygen | E81: Air Separation: 385 kWh/tonneOxygen DOI: 10.1016/j.jclepro.2022.135146
A82: Oxygen Pressure Swing Adsorption (PSA) Capital Costs
A83: Oxygen Requirements | B83: =B20+B63 -> 0.057 | C83: tonneO2/tonneHotMetal | D83: Oxygen required to produce 1 tonne of hot metal. Takes into account all unit processes that require oxygen Calculated value, please do not change this cell
A84: Oxygen PSA Sizing | B84: =B83*B26 -> 57000 | C84: tonneOxygen/yr
A85: Capital Costs | B85: 0.6357 | C85: Factor | D85: Uses the scale index formula: https://evcvaluation.com/the-cost-to-capacity-method-and-scale-factors/ | E85: DOI: 10.1039/d3ee01077e
B86: 8.76 | C86: tonneOxygen/yr | D86: Reference Capacity (based on product flow)
B87: 29849 | C87: USD | D87: Unit Cost at the Reference Capacity
B88: =B87*((B84/B86)^B85)*B9/100 -> 7926648 | C88: USD | D88: Includes capital cost loading (if applied)
A89: Annual Maintenance Costs | B89: 2.5 | C89: % of CAPEX | D89: Annual Maintenance Costs | E89: 2.5% installed cost DOI:10.1016/j.ijggc.2023.103958
A90: DRI and EAF Process Labour Costs (for Overall Steelmaking Process)
A91: Number of Shift Positions Required for DRI | B91: 12 | C91: shift position | E91: Assuming 4 shift positions for shaft furnace operation, 4 shift positions for EAF and 4 shift positions for Pig Iron Storage. https://doi.org/10.1007/s40831-024-00878-3
A92: Shift Position Multiplier | B92: 4.8 | C92: worker/shift position | D92: Multiply the number of shift positions by 4.8 to estimate the number of people to staff each position to cover three shifts per day, along with weekends, holidays,personal time off, and sick leave | E92: https://doi.org/10.1007/s40831-024-00878-3
A93: Hours worked per worker per year | B93: 1920 | C93: (WorkHours/Worker)/yr | E93: Estimated based on a 40 hour work week and 48 weeks per year
A94: Average worker hourly wage | B94: 36 | C94: USD/hour | E94: Based on OECD estimates of annual wage in Australia 97,318 AUD/yr (68,123USD/yr)https://www.oecd.org/en/data/indicators/average-annual-wages.html
A95: Annual Labour Costs | B95: =B91*B92*B93*B94 -> 3981312 | C95: USD/yr
A96: Miscellaneous Plant
A97: Electrical & Instrumentation Capital Costs
A98: Capital Costs | B98: 0.5584 | C98: Factor | D98: Uses the scale index formula: https://evcvaluation.com/the-cost-to-capacity-method-and-scale-factors/ | E98: DOI: 10.1039/d3ee01077e
B99: 8.76 | C99: tonne/yr | D99: Reference Capacity (based on total plant capacity)
B100: 68056 | C100: USD | D100: Unit Cost at the Reference Capacity
B101: =B100*((B12/B99)^B98)*B9/100 -> 45391248 | C101: USD | D101: Includes capital cost loading (if applied)
A102: Building & Storage Capital Costs
...

Sheet S1. Steelmaking_EAF
A1: S1. Ore Extraction and Transport Model
A3: Parameter | B3: Value | C3: Unit | D3: Note | E3: Default Value
A4: Financial Assumptions
A5: USD:AUD Conversion Rate | B5: =0.7 -> 0.7 | C5: - | E5: =0.7 -> 0.7
A6: Interest Rate | B6: 7 | C6: % | D6: Annual Interest Rate | E6: 7
A7: Economic Life | B7: 30 | C7: years
A8: CRF | B8: =(($B$6/100)*(1+$B$6/100)^$B$7)/(((1+$B$6/100)^$B$7)-1)*100 -> 8.0586404 | C8: % | D8: Capital Recovery Factor
A9: Capex Increase Compared to Benchmarked Costs | B9: 100 | C9: % of Benchmarked Cost | D9: This factor is applied to plant that is constructed in Australia, to account for increased costs compared to international costs. Use this if cost correlations are from international costs. This is not applied to equipmet that is delivered as is, such as vehicle costs. | E9: 100%
A11: System Sizing
A12: Plant Capacity | B12: 1000000 | C12: tonne/yr | D12: Annual Production
A13: Process Plant Availability | B13: 90 | C13: % | D13: Only Applies to process plant availability
A14: Electric Arc Furance (EAF) Plant Parameters
A15: Process Inputs (for EAF)
A16: Electricity for EAF Operation | B16: 453 | C16: kWh/tonneHotMetal | D16: Electricity for EAF operation. Assuming operation as an integrated process (ie hot-linked) meaning DRI is added directly to the EAF, resulting in an energy saving of not having to heat the DRI up from ambient temperature | E16: If hot-linked: 355-380 kWh/tonne If not hot-linked: 453 kWh/tonne DOI: 10.1016/j.jclepro.2022.135146, DOI: 10.1039/d3ee01077e
A17: Electricity for Casting Operation | B17: 10 | C17: kWh/tonneHotMetal | D17: Electricity for continuos casting operation | E17: Casting electricity requiremetns:10 kWh/t "Start with Steel. A practival plan to support carbon workers and cut emissions. Grattan Institute 2020"
A18: Lime | B18: 0.05 | C18: tonneLime/tonneHotMetal | D18: Lime required to produce 1 tonne of steel | E18: Lime for EAF: 0.04-0.05 tonneLime/tonneSteel DOI: 10.1016/j.jclepro.2022.135146, DOI: 10.1039/d3ee01077e
A19: Carbon | B19: 0.027 | C19: tonneC/tonneHotMetal | D19: Carbon required to produce 1 tonne of product. If no carbon is added, set this value to 0 | E19: Carbon for EAF: 27kg/tonneSteel DOI: 10.1039/d3ee01077e
A20: Slag Production | B20: 0.2 | C20: tonneSlag/tonneHotMetal | D20: Slag generated to produce 1 tonne of product | E20: 0.200 tonneSlag/tonneHotMetal https://doi.org/10.1016/j.jclepro.2022.131339
A21: Oxygen Gas | B21: 0.054 | C21: tonneO2/tonneHotMetal | D21: Oxygen required to produce 1 tonne of steel | E21: 0.054 tonneO2/tonneHotMetal Refer to tab: "A5. OxygenRequirements"
A22: EAF Electrode Replacement | B22: 2 | C22: kgElectrode/tonneHotMetal | D22: Graphite Electrode Consumption Rate | E22: Graphite Electrode Consumption Rate: 2kg/tonneHotMetal DOI: 10.1016/j.jclepro.2018.08.279
A23: EAF Capital Costs
A24: EAF Sizing | B24: =B12 -> 1000000 | C24: tonneHotMetal/yr | D24: Rated Capacity Based on DRI Output Calculated value, please do not change this cell
A25: Capital Costs | B25: 0.8 | C25: Factor | D25: Uses the scale index formula: https://evcvaluation.com/the-cost-to-capacity-method-and-scale-factors/ | E25: https://doi.org/10.1016/j.ijggc.2023.103958
B26: 4920000 | C26: tonneHotMetal/yr | D26: Reference Capacity (based on product flow) | E26: https://doi.org/10.1016/j.ijggc.2023.103958
B27: 5.7510539e+08 | C27: USD | D27: Unit Cost at the Reference Capacity | E27: https://doi.org/10.1016/j.ijggc.2023.103958
B28: =B27*((B24/B26)^B25)*B9/100 -> 1.6075902e+08 | C28: USD | D28: Includes capital cost loading (if applied)
A29: Maintenance | B29: 3 | C29: % of CAPEX | D29: Annual Maintenance Costs | E29: Assumed similar to an EAF: 3% installed cost (which includes refractory lining) DOI: 10.1016/j.jclepro.2018.08.279
A30: Casting Capital Costs
A31: Casting Sizing | B31: =B12 -> 1000000 | C31: tonneHotMetal/yr | D31: Rated Capacity Based on DRI Output Calculated value, please do not change this cell
A32: Capital Costs | B32: 0.8 | C32: Factor | D32: Uses the scale index formula: https://evcvaluation.com/the-cost-to-capacity-method-and-scale-factors/ | E32: Continuous slab caster: https://doi.org/10.1016/j.ijggc.2023.103958
B33: 4000000 | C33: tonneHotMetal/yr | D33: Reference Capacity (based on product flow) | E33: Continuous slab caster: https://doi.org/10.1016/j.ijggc.2023.103958
B34: 1.9007721e+08 | C34: USD | D34: Unit Cost at the Reference Capacity | E34: Continuous slab caster: https://doi.org/10.1016/j.ijggc.2023.103958
B35: =B34*((B31/B33)^B32)*B9/100 -> 62702094 | C35: USD | D35: Includes capital cost loading (if applied)
A36: Maintenance | B36: 8 | C36: % of CAPEX | D36: Annual Maintenance Costs | E36: Continuous slab caster: https://doi.org/10.1016/j.ijggc.2023.103958
A37: Oxygen Pressure Swing Adsorption (PSA) (Auxiliary Equipment)
A38: Process Inputs (for Auxiliary Equipment)
A39: Electricity | B39: 385 | C39: kWh/tonneOxygen | D39: Electricity required to produce 1 tonne of Oxygen | E39: Air Separation: 385 kWh/tonneOxygen DOI: 10.1016/j.jclepro.2022.135146
A40: Oxygen Pressure Swing Adsorption (PSA) Capital Costs
A41: Oxygen Requirements | B41: =B21 -> 0.054 | C41: tonneO2/tonneHotMetal | D41: Oxygen required to produce 1 tonne of hot metal. Takes into account all unit processes that require oxygen Calculated value, please do not change this cell
A42: Oxygen PSA Sizing | B42: =B41*B24 -> 54000 | C42: tonneOxygen/yr
A43: Capital Costs | B43: 0.6357 | C43: Factor | D43: Uses the scale index formula: https://evcvaluation.com/the-cost-to-capacity-method-and-scale-factors/ | E43: DOI: 10.1039/d3ee01077e
B44: 8.76 | C44: tonneOxygen/yr | D44: Reference Capacity (based on product flow)
B45: 29849 | C45: USD | D45: Unit Cost at the Reference Capacity
B46: =B45*((B42/B44)^B43)*B9/100 -> 7658833.7 | C46: USD | D46: Includes capital cost loading (if applied)
A47: Annual Maintenance Costs | B47: 2.5 | C47: % of CAPEX | D47: Annual Maintenance Costs | E47: 2.5% installed cost DOI:10.1016/j.ijggc.2023.103958
A48: DRI and EAF Process Labour Costs (for Overall Steelmaking Process)
A49: Number of Shift Positions Required for DRI | B49: 8 | C49: shift position | E49: Assuming 4 shift positions for EAF and 4 shift positions for Pig Iron Storage. https://doi.org/10.1007/s40831-024-00878-3
A50: Shift Position Multiplier | B50: 4.8 | C50: worker/shift position | D50: Multiply the number of shift positions by 4.8 to estimate the number of people to staff each position to cover three shifts per day, along with weekends, holidays,personal time off, and sick leave | E50: https://doi.org/10.1007/s40831-024-00878-3
A51: Hours worked per worker per year | B51: 1920 | C51: (WorkHours/Worker)/yr | E51: Estimated based on a 40 hour work week and 48 weeks per year
A52: Average worker hourly wage | B52: 36 | C52: USD/hour | E52: Based on OECD estimates of annual wage in Australia 97,318 AUD/yr (68,123USD/yr)https://www.oecd.org/en/data/indicators/average-annual-wages.html
A53: Annual Labour Costs | B53: =B49*B50*B51*B52 -> 2654208 | C53: USD/yr
A54: Miscellaneous Plant
A55: Electrical & Instrumentation Capital Costs
A56: Capital Costs | B56: 0.5584 | C56: Factor | D56: Uses the scale index formula: https://evcvaluation.com/the-cost-to-capacity-method-and-scale-factors/ | E56: DOI: 10.1039/d3ee01077e
B57: 8.76 | C57: tonne/yr | D57: Reference Capacity (based on total plant capacity)
B58: 68056 | C58: USD | D58: Unit Cost at the Reference Capacity
B59: =B58*((B12/B57)^B56)*B9/100 -> 45391248 | C59: USD | D59: Includes capital cost loading (if applied)
A60: Building & Storage Capital Costs
A61: Capital Costs | B61: 0.8 | C61: Factor | D61: Uses the scale index formula: https://evcvaluation.com/the-cost-to-capacity-method-and-scale-factors/ | E61: DOI: 10.1039/d3ee01077e
B62: 8.76 | C62: tonne/yr | D62: Reference Capacity (based on total plant capacity)
B63: 6160 | C63: USD | D63: Unit Cost at the Reference Capacity
B64: =B63*((B12/B62)^B61)*B9/100 -> 68482156 | C64: USD | D64: Includes capital cost loading (if applied)
A65: Other Miscellaneous Costs
A66: Capital Costs | B66: 0.5583 | C66: Factor | D66: Uses the scale index formula: https://evcvaluation.com/the-cost-to-capacity-method-and-scale-factors/ | E66: DOI: 10.1039/d3ee01077e
B67: 8.76 | C67: tonne/yr | D67: Reference Capacity (based on total plant capacity)
B68: 170142 | C68: USD | D68: Unit Cost at the Reference Capacity
B69: =B68*((B12/B67)^B66)*B9/100 -> 1.1334738e+08 | C69: USD | D69: Includes capital cost loading (if applied)
A70: Additional Capital Costs
A71: Additional Capital Costs | B71: 0 | C71: USD | D71: User input value to account for any additional operating costs unaccounted for by this model
A72: Process Inputs Costs (for Entire Process)
A73: Electricity | B73: 0.152 | C73: USD/kWh | D73: Electricity cost
A74: Lime (EAF Addition) | B74: 80 | C74: USD/tonne | E74: Lime 80USD/tonne https://www.ec21.com/ec-market/quick-lime-price.html Lime: 100 USD/tonne (142.86 A$/tonne) DOI: 10.1039/d3ee01077e
A75: Carbon (EAF Addition) | B75: 170 | C75: USD/tonne | E75: Carbon: 168.8 USD/tonne https://www.statista.com/statistics/779868/forecasted-price-of-coking-coal-by-type/#:~:text=It%20is%20forecast%20that%20the,per%20metric%20tonne%20that%20year. 179.47 USD/tonne (256.39 A$/tonne) DOI: 10.1039/d3ee01077e
A76: Slag Disposal (Produced in EAF) | B76: 30 | C76: USD/tonne | D76: Set this to zero if the slag is being stored on site | E76: Slag Disposal: 30 USD/tonne DOI: 10.1039/d3ee01077e
A77: EAF Electrode Replacement Cost | B77: 4 | C77: USD/kgElectrode | E77: Graphite Electrode Cost: 4 EUR/kgElectrode (4 USD/kgElectrode) DOI: 10.1016/j.jclepro.2018.08.279
A78: Additional Costs
A79: Installation Costs | B79: 0 | C79: % of CAPEX | D79: Includes engineering, procurement and construction costs | E79: Project specific
A80: Land Procurement Costs | B80: 0 | C80: % of CAPEX | D80: Costs incurred for procurement of land | E80: Project specific
A81: Additional Upfront Costs | B81: 0 | C81: USD | D81: Any additional costs to include as a once off in the levelised cost calculation | E81: Project specific
A82: Additional Annual Costs | B82: 0 | C82: USD/yr | D82: Any additional costs to include as an annual expenditure in the levelised cost calculation | E82: Project specific
A83: Additional Operating Costs | B83: 0 | C83: USD/yr | D83: User input value to account for any additional operating costs unaccounted for by this model
A84: Emissions Analysis
A85: Carbon Pricing
A86: Carbon Price | B86: 0 | C86: USD/tonneCO2 | D86: Carbon Price. Applied to Scope 1 (Direct) emissions | E86: 0-170 USD/tonneCO2 https://carbonpricingdashboard.worldbank.org/compliance/price
A87: Direct Emissions Factors
A88: EAF Carbon Addition | B88: 2617 | C88: kgCO2/tonneC | E88: Based on Antracite 2617 kgCO2-e/tonne https://www.dcceew.gov.au/sites/default/files/documents/national-greenhouse-account-factors-2024.pdf
A89: EAF Electrode Consumption | B89: 2617 | C89: kgCO2/tonneC | E89: Assuming graphite electrodes have similar emissions to Antracite 2617 kgCO2-e/tonne https://www.dcceew.gov.au/sites/default/files/documents/national-greenhouse-account-factors-2024.pdf
A90: Carbon Contained in the Hot Metal out of the DRI Process | B90: 2 | C90: % C (w/w)
B91: =B90*0.27 -> 0.54 | C91: kgCO2/tonneHotMetal | E91: Molar Ratio, equivalent CO2 content 12 g/mol (C) / 44 g/mol (CO2) = 0.27
A92: Carbon Contained in the Hot Metal out of EAF | B92: 0.5 | C92: % C (w/w) | E92: Low-carbon steel: 0.30% carbon. Medium-carbon steel: 0.30% to 0.60% carbon. High-carbon steel > 0.60% carbon.
B93: =B92*0.27 -> 0.135 | C93: kgCO2/tonneHotMetal | D93: Equivalnet CO2 remaining in hot metal Calculated value, please do not change this cell | E93: Molar Ratio, equivalent CO2 content 12 g/mol (C) / 44 g/mol (CO2) = 0.27
A94: Indirect Emissions Factors
A95: Electricity | B95: 0.63 | C95: kgCO2/kWh | D95: Carbon emissions per kWh of electricity generated | E95: South Australia 0.25 kgCO2/kWh; Western Australia - South West Interconnected System (SWIS) 0.51 kgCO2/kWh; Western Australia - North Western Interconnected System (NWIS) 0.58 kgCO2/kWh; https://www.dcceew.gov.au/sites/default/files/documents/national-greenhouse-accounts-factors-2022.pdf
A96: Iron Ore Mining | B96: 0 | C96: kgCO2/tonneOre | D96: Carbon emissions per tonne of iron ore mined. Input literature value or value from iron ore mining model | E96: Iron Ore Mining: 0.02 kgCO2/kgOre (20 kgCO2/tonneOre) DOI: 10.1039/d3ee01077e
A97: Iron Ore Pelletisation | B97: 0 | C97: kgCO2/tonneOre | D97: Carbon emissions per tonne of iron ore pelletised. Input literature value or value from iron ore mining model | E97: Iron Ore Pelletisation: 0.16 kgCO2/kgOre (160 kgCO2/tonneOre) DOI: 10.1039/d3ee01077e
A98: CO2-eq Emissions
A99: Electricity (EAF) | B99: =B95*B16*B24*(B13/100) -> 256851000 | C99: kgCO2/yr
B100: =B95*B16 -> 285.39 | C100: kgCO2/tonneHotMetal
A101: Electricity (Casting) | B101: =B95*B17*B31*(B13/100) -> 5670000 | C101: kgCO2/yr
B102: =B95*B17 -> 6.3 | C102: kgCO2/tonneHotMetal
...

Sheet S1. Steelmaking_BOF
A1: S1. Ore Extraction and Transport Model
A3: Parameter | B3: Value | C3: Unit | D3: Note | E3: Default Value
A4: Financial Assumptions
A5: USD:AUD Conversion Rate | B5: =0.7 -> 0.7 | C5: - | E5: =0.7 -> 0.7
A6: Interest Rate | B6: 7 | C6: % | D6: Annual Interest Rate | E6: 7
A7: Economic Life | B7: 30 | C7: years
A8: CRF | B8: =(($B$6/100)*(1+$B$6/100)^$B$7)/(((1+$B$6/100)^$B$7)-1)*100 -> 8.0586404 | C8: % | D8: Capital Recovery Factor
A9: Capex Increase Compared to Benchmarked Costs | B9: 100 | C9: % of Benchmarked Cost | D9: This factor is applied to plant that is constructed in Australia, to account for increased costs compared to international costs. Use this if cost correlations are from international costs. This is not applied to equipmet that is delivered as is, such as vehicle costs. | E9: 100%
A11: System Sizing
A12: Plant Capacity | B12: 1000000 | C12: tonne/yr | D12: Annual Production
A13: Process Plant Availability | B13: 90 | C13: % | D13: Only Applies to process plant availability
A14: Basic Oxygen Furnace (BOF) Plant Parameters
A15: Process Inputs (for BOF)
A16: Electricity for BOF Operation | B16: 21 | C16: kWh/tonneHotMetal | D16: Electricity required to produce 1 ton of steel | E16: 20-23 kWh/tonneHotMetal https://doi.org/10.1016/j.jclepro.2022.135146; Baig, S. Cost effectiveness analysis of HYL and Midrex DRI technologies for the iron and steel-making industry. (2016)
A17: Electricity for Casting Operation | B17: 10 | C17: kWh/tonneHotMetal | D17: Electricity for continuos casting operation | E17: Casting electricity requiremetns:10 kWh/t "Start with Steel. A practival plan to support carbon workers and cut emissions. Grattan Institute 2020"
A18: Lime | B18: 0.043 | C18: tonneLime/tonneHotMetal | D18: Lime required to produce 1 ton of steel. Lime is typically used as flux for the BOF (https://doi.org/10.1016/j.ijggc.2023.103958) | E18: 43 kg/tonneHotMetal https://doi.org/10.1016/j.ijggc.2023.103958
A19: Oxygen Gas | B19: 0.079 | C19: tonneO2/tonneHotMetal | D19: Oxygen required to produce 1 ton of steel. | E19: 55 Nm3/tonSteel (78.6 kg/tonneHotMetal) Baig, S. Cost effectiveness analysis of HYL and Midrex DRI technologies for the iron and steel-making industry. (2016)
A20: BOF Slag Production | B20: 0.058 | C20: tonne/tonneHotMetal | D20: Slag generated to produce 1 ton of steel | E20: 56-60 kgSlag/tonneHotMetal doi: 10.1016/j.egypro.2013.06.651, 10.1016/j.ijggc.2014.09.004
A21: BOF Capital Costs
A22: BOF Sizing | B22: =B12 -> 1000000 | C22: tonneHotMetal/yr
A23: Capital Costs | B23: 0.8 | C23: Factor | D23: Uses the scale index formula: https://evcvaluation.com/the-cost-to-capacity-method-and-scale-factors/ | E23: doi.org/10.1016/j.ijggc.2023.103958
B24: 4323327 | C24: tonneHotMetal/yr | D24: Reference Capacity (based on product flow)
B25: 447412500 | C25: USD | D25: Unit Cost at the Reference Capacity
B26: =B25*((B22/B24)^B23)*B9/100 -> 1.3869271e+08 | C26: USD | D26: Includes capital cost loading (if applied)
A27: Maintenance | B27: 5 | C27: % of CAPEX | D27: Annual Maintenance Costs | E27: 5% Installed Costs doi.org/10.1016/j.ijggc.2023.103958
A28: Casting Capital Costs
A29: Casting Sizing | B29: =B12 -> 1000000 | C29: tonneHotMetal/yr | D29: Rated Capacity Based on DRI Output Calculated value, please do not change this cell
A30: Capital Costs | B30: 0.8 | C30: Factor | D30: Uses the scale index formula: https://evcvaluation.com/the-cost-to-capacity-method-and-scale-factors/ | E30: Continuous slab caster: https://doi.org/10.1016/j.ijggc.2023.103958
B31: 4000000 | C31: tonneHotMetal/yr | D31: Reference Capacity (based on product flow) | E31: Continuous slab caster: https://doi.org/10.1016/j.ijggc.2023.103958
B32: 1.9007721e+08 | C32: USD | D32: Unit Cost at the Reference Capacity | E32: Continuous slab caster: https://doi.org/10.1016/j.ijggc.2023.103958
B33: =B32*((B29/B31)^B30)*B9/100 -> 62702094 | C33: USD | D33: Includes capital cost loading (if applied)
A34: Maintenance | B34: 8 | C34: % of CAPEX | D34: Annual Maintenance Costs | E34: Continuous slab caster: https://doi.org/10.1016/j.ijggc.2023.103958
A35: Oxygen Pressure Swing Adsorption (PSA) (Auxiliary Equipment)
A36: Process Inputs (for Auxiliary Equipment)
A37: Electricity | B37: 385 | C37: kWh/tonneOxygen | D37: Electricity required to produce 1 tonne of Oxygen | E37: Air Separation: 385 kWh/tonneOxygen DOI: 10.1016/j.jclepro.2022.135146
A38: Oxygen Pressure Swing Adsorption (PSA) Capital Costs
A39: Oxygen Requirements | B39: =B19 -> 0.079 | C39: tonneO2/tonneHotMetal | D39: Oxygen required to produce 1 tonne of hot metal. Takes into account all unit processes that require oxygen Calculated value, please do not change this cell
A40: Oxygen PSA Sizing | B40: =B39*B22 -> 79000 | C40: tonneOxygen/yr
A41: Capital Costs | B41: 0.6357 | C41: Factor | D41: Uses the scale index formula: https://evcvaluation.com/the-cost-to-capacity-method-and-scale-factors/ | E41: DOI: 10.1039/d3ee01077e
B42: 8.76 | C42: tonneOxygen/yr | D42: Reference Capacity (based on product flow)
B43: 29849 | C43: USD | D43: Unit Cost at the Reference Capacity
B44: =B43*((B40/B42)^B41)*B9/100 -> 9754420.4 | C44: USD | D44: Includes capital cost loading (if applied)
A45: Annual Maintenance Costs | B45: 2.5 | C45: % of CAPEX | D45: Annual Maintenance Costs | E45: 2.5% installed cost DOI:10.1016/j.ijggc.2023.103958
A46: BOF Process Labour Costs (for Overall Steelmaking Process)
A47: Number of Shift Positions Required for DRI | B47: 8 | C47: shift position | E47: Assuming 4 shift positions for BOF and 4 shift positions for Steel Storage an handling. https://doi.org/10.1007/s40831-024-00878-3
A48: Shift Position Multiplier | B48: 4.8 | C48: worker/shift position | D48: Multiply the number of shift positions by 4.8 to estimate the number of people to staff each position to cover three shifts per day, along with weekends, holidays,personal time off, and sick leave | E48: https://doi.org/10.1007/s40831-024-00878-3
A49: Hours worked per worker per year | B49: 1920 | C49: (WorkHours/Worker)/yr | E49: Estimated based on a 40 hour work week and 48 weeks per year
A50: Average worker hourly wage | B50: 36 | C50: USD/hour | E50: Based on OECD estimates of annual wage in Australia 97,318 AUD/yr (68,123USD/yr)https://www.oecd.org/en/data/indicators/average-annual-wages.html
A51: Annual Labour Costs | B51: =B47*B48*B49*B50 -> 2654208 | C51: USD/yr
A52: Miscellaneous Plant
A53: Electrical & Instrumentation Capital Costs
A54: Capital Costs | B54: 0.5584 | C54: Factor | D54: Uses the scale index formula: https://evcvaluation.com/the-cost-to-capacity-method-and-scale-factors/ | E54: DOI: 10.1039/d3ee01077e
B55: 8.76 | C55: tonne/yr | D55: Reference Capacity (based on total plant capacity)
B56: 68056 | C56: USD | D56: Unit Cost at the Reference Capacity
B57: =B56*((B12/B55)^B54)*B9/100 -> 45391248 | C57: USD | D57: Includes capital cost loading (if applied)
A58: Building & Storage Capital Costs
A59: Capital Costs | B59: 0.8 | C59: Factor | D59: Uses the scale index formula: https://evcvaluation.com/the-cost-to-capacity-method-and-scale-factors/ | E59: DOI: 10.1039/d3ee01077e
B60: 8.76 | C60: tonne/yr | D60: Reference Capacity (based on total plant capacity)
B61: 6160 | C61: USD | D61: Unit Cost at the Reference Capacity
B62: =B61*((B12/B60)^B59)*B9/100 -> 68482156 | C62: USD | D62: Includes capital cost loading (if applied)
A63: Other Miscellaneous Costs
A64: Capital Costs | B64: 0.5583 | C64: Factor | D64: Uses the scale index formula: https://evcvaluation.com/the-cost-to-capacity-method-and-scale-factors/ | E64: DOI: 10.1039/d3ee01077e
B65: 8.76 | C65: tonne/yr | D65: Reference Capacity (based on total plant capacity)
B66: 170142 | C66: USD | D66: Unit Cost at the Reference Capacity
B67: =B66*((B12/B65)^B64)*B9/100 -> 1.1334738e+08 | C67: USD | D67: Includes capital cost loading (if applied)
A68: Additional Capital Costs
A69: Additional Capital Costs | B69: 0 | C69: USD | D69: User input value to account for any additional operating costs unaccounted for by this model
A70: Process Inputs Costs (for Entire Process)
A71: Electricity | B71: 0.152 | C71: USD/kWh | D71: Electricity cost | E71: 100 A$/MWh
A72: Lime (BOF Addition) | B72: 80 | C72: USD/tonne | E72: Lime 80USD/tonne https://www.ec21.com/ec-market/quick-lime-price.html Lime: 100 USD/tonne (142.86 A$/tonne) DOI: 10.1039/d3ee01077e
A73: Carbon (BOF Addition) | B73: 170 | C73: USD/tonne | E73: Carbon: 168.8 USD/tonne https://www.statista.com/statistics/779868/forecasted-price-of-coking-coal-by-type/#:~:text=It%20is%20forecast%20that%20the,per%20metric%20tonne%20that%20year. 179.47 USD/tonne (256.39 A$/tonne) DOI: 10.1039/d3ee01077e
A74: Slag Disposal (BOF) | B74: 30 | C74: USD/tonne | D74: Set this to zero if the slag is being stored on site | E74: Slag Disposal: 30 USD/tonne DOI: 10.1039/d3ee01077e
A75: Additional Costs
A76: Installation Costs | B76: 0 | C76: % of CAPEX | D76: Includes engineering, procurement and construction costs | E76: Project specific
A77: Land Procurement Costs | B77: 0 | C77: % of CAPEX | D77: Costs incurred for procurement of land | E77: Project specific
A78: Additional Upfront Costs | B78: 0 | C78: USD | D78: Any additional costs to include as a once off in the levelised cost calculation | E78: Project specific
A79: Additional Annual Costs | B79: 0 | C79: USD/yr | D79: Any additional costs to include as an annual expenditure in the levelised cost calculation | E79: Project specific
A80: Additional Operating Costs | B80: 0 | C80: USD/yr | D80: User input value to account for any additional operating costs unaccounted for by this model
A81: Emissions Analysis
A82: Carbon Pricing
A83: Carbon Price | B83: 0 | C83: USD/tonneCO2 | D83: Carbon Price. Applied to Scope 1 (Direct) emissions | E83: 0-170 USD/tonneCO2 https://carbonpricingdashboard.worldbank.org/compliance/price
A84: Direct Emissions Factors
A85: Carbon Contained in the Hot Metal entering BOF | B85: 2 | C85: % C (w/w) | D85: Carbon content of the metal entering the BOF
B86: =B85*0.27 -> 0.54 | C86: kgCO2/tonneHotMetal | D86: Equivalnet CO2 in hot metal Calculated value, please do not change this cell | E86: Molar Ratio, equivalent CO2 content 12 g/mol (C) / 44 g/mol (CO2) = 0.27
A87: Carbon Contained in the Hot Metal out of BOF | B87: 0.5 | C87: % C (w/w) | D87: Carbon content out of BOF must be lower than carbon content of hot metal entering BOF, as this process assumes no carbon is added to the BOF | E87: Low-carbon steel: 0.30% carbon. Medium-carbon steel: 0.30% to 0.60% carbon. High-carbon steel > 0.60% carbon.
B88: =B87*0.27 -> 0.135 | C88: kgCO2/tonneHotMetal | D88: Equivalnet CO2 remaining in hot metal Calculated value, please do not change this cell | E88: Molar Ratio, equivalent CO2 content 12 g/mol (C) / 44 g/mol (CO2) = 0.27
A89: Indirect Emissions Factors
A90: Electricity | B90: 0.63 | C90: kgCO2/kWh | D90: Carbon emissions per kWh of electricity generated | E90: South Australia 0.25 kgCO2/kWh; Western Australia - South West Interconnected System (SWIS) 0.51 kgCO2/kWh; Western Australia - North Western Interconnected System (NWIS) 0.58 kgCO2/kWh; https://www.dcceew.gov.au/sites/default/files/documents/national-greenhouse-accounts-factors-2022.pdf
A91: Iron Ore Mining | B91: 0 | C91: kgCO2/tonneOre | D91: Carbon emissions per tonne of iron ore mined. Input literature value or value from iron ore mining model | E91: Iron Ore Mining: 0.02 kgCO2/kgOre (20 kgCO2/tonneOre) DOI: 10.1039/d3ee01077e
A92: Iron Ore Pelletisation | B92: 0 | C92: kgCO2/tonneOre | D92: Carbon emissions per tonne of iron ore pelletised. Input literature value or value from iron ore mining model | E92: Iron Ore Pelletisation: 0.16 kgCO2/kgOre (160 kgCO2/tonneOre) DOI: 10.1039/d3ee01077e
A93: CO2-eq Emissions
A94: Electricity (BOF) | B94: =B90*B16*B22*(B13/100) -> 11907000 | C94: kgCO2/yr
B95: =B90*B16 -> 13.23 | C95: kgCO2/tonneHotMetal
A96: Electricity (Casting) | B96: =B90*B17*B29*(B13/100) -> 5670000 | C96: kgCO2/yr
B97: =B90*B17 -> 6.3 | C97: kgCO2/tonneHotMetal
A98: Electricity (Oxygen PSA Plant) | B98: =B90*B37*B40*(B13/100) -> 17245305 | C98: kgCO2/yr
B99: =B90*B37*B39 -> 19.16145 | C99: kgCO2/tonneHotMetal
A100: Carbon Released in BOF | B100: =(B86-B88)*B22*(B13/100) -> 364500 | C100: kgCO2/yr | D100: Accounts for the carbon contained in the final metal product
B101: =B86-B88 -> 0.405 | C101: kgCO2/tonneHotMetal | D101: Accounts for the carbon contained in the final metal product
A102: Total Indirect CO2 Emissions | B102: =B99+B97+B95 -> 38.69145 | C102: kgCO2/tonneHotMetal
...

Sheet S1. AmmoniaProduction
A1: S1. Ore Extraction and Transport Model
A3: Parameter | C3: Unit | D3: Note | E3: Default Value
A4: Financial Assumptions
A5: USD:AUD Conversion Rate | B5: =0.7 -> 0.7 | C5: - | E5: =0.7 -> 0.7
A6: Interest Rate | B6: 7 | C6: % | D6: Annual Interest Rate | E6: 7
A7: Economic Life | B7: 30 | C7: years | E7: https://www.iea.org/reports/global-hydrogen-review-2024#downloads
A8: CRF | B8: =((B6/100)*(1+B6/100)^B7)/(((1+B6/100)^B7)-1)*100 -> 8.0586404 | C8: % | D8: Capital Recovery Factor
A9: Capex Increase Compared to Benchmarked Costs | B9: 100 | C9: % of Benchmarked Cost | D9: This factor is applied to plant that is constructed in Australia, to account for increased costs compared to international costs. Use this if cost correlations are from international costs. This is not applied to equipmet that is delivered as is, such as vehicle costs. | E9: 100%
A11: System Sizing
A12: Plant Capacity | B12: 1000000 | C12: tonne/yr | D12: Annual Production
A13: Process Plant Availability | B13: 90 | C13: % | D13: Only Applies to process plant availability
A14: Plant Parameters
A15: Process Inputs
A16: Electricity | B16: 611 | C16: kWh/tonneNH3 | E16: Based on an electricity consumption of 2.2 GJ/tonneNH3 https://www.iea.org/reports/global-hydrogen-review-2024#downloads
A17: Hydrogen | B17: 177 | C17: kgH2/tonneNH3 | E17: Based on stoichiometric amount of hydrogen per tonne of ammonia ((3x1.008)/(14.01+3*1.008))
A18: Haber Bosch
A19: Capacity | B19: =B12 -> 1000000 | C19: tonne/yr | D19: Rated capacity
A20: Haber Bosch (including air separation) | B20: 770 | C20: USD/(tonneNH3/yr) | D20: Unit Cost at the Reference Capacity | E20: CAPEX (including air separation) 770 USD/(tNH3/yr) https://www.iea.org/reports/global-hydrogen-review-2024#downloads
B21: =(B20*B19)*(B9/100) -> 770000000 | C21: USD
A22: Annual OPEX | B22: 3 | C22: % of CAPEX | D22: Annual Maintenance Costs | E22: Annual Opex of 3% https://www.iea.org/reports/global-hydrogen-review-2024#downloads
A23: Process Output
A24: Process Output | B24: =B12*(B13/100) -> 900000 | C24: tonneNH3/yr | D24: Accounts for the Plant Availability of the processing plant
A25: Levelised Cost Analysis
A26: Process Input Costs
A27: Electricity | B27: 0.1535649 | C27: USD/kWh | D27: Input levelised cost of electricity determined for each region
A28: Hydrogen | B28: 6.51531 | C28: USD/kgH2 | D28: Input levelised cost of hydrogen for each region
A29: Capital Costs
A30: Haber Bosh and Air Separation CAPEX | B30: =B21*(B8/100) -> 62051531 | C30: USD/yr
A31: Fixed Operating Costs
A32: Haber Bosch and Air Separation OPEX | B32: =(B22/100)*B21 -> 23100000 | C32: USD/yr
A33: Variable Operating Costs (accounts for process availability)
A34: Electricity | B34: =B27*B16*B24 -> 84445337 | C34: USD/yr
A35: Hydrogen | B35: =B28*B17*B24 -> 1.0378889e+09 | C35: USD/yr
A36: Levelised Cost
A37: Levelised Cost Attributed to CAPEX | B37: =B30/B24 -> 68.946145 | C37: USD/tonneNH3
A38: Levelised Cost Attributed to Fixed OPEX | B38: =B32/B24 -> 25.666667 | C38: USD/tonneNH3
A39: Levelised Cost Attributed to Variable OPEX | B39: =(B34+B35)/B24 -> 1247.038 | C39: USD/tonneNH3
A40: Total Levelised Cost of Ammonia | B40: =SUM(B37:B39) -> 1341.6508 | C40: USD/tonneNH3
A41: Total Levelised Cost of Ammonia | B41: =B40/B5 -> 1916.644 | C41: AUD/tonneNH3
A42: Total Levelised Cost of Energy | B42: =B41/18.8 -> 101.94915 | C42: AUD/GJ | D42: Energy content of Ammonia (18.8 MJ/kg) = 18.8GJ/tonne

Sheet S1. AmmoniaCracking
A1: S1. Ore Extraction and Transport Model
A3: Parameter | B3: Value | C3: Unit | D3: Note | E3: Default Value
A4: Financial Assumptions
A5: USD:AUD Conversion Rate | B5: =0.7 -> 0.7 | C5: - | E5: =0.7 -> 0.7
A6: Interest Rate | B6: 7 | C6: % | D6: Annual Interest Rate | E6: 7
A7: Economic Life | B7: 30 | C7: years | E7: https://www.iea.org/reports/global-hydrogen-review-2024#downloads
A8: CRF | B8: =(($B$6/100)*(1+$B$6/100)^$B$7)/(((1+$B$6/100)^$B$7)-1)*100 -> 8.0586404 | C8: % | D8: Capital Recovery Factor
A10: System Sizing
A11: Plant Capacity | B11: 1000000 | C11: tonneH2/yr | D11: Annual Production
A12: Process Plant Availability | B12: 90 | C12: % | D12: Only Applies to process plant availability
A13: Plant Parameters
A14: Process Inputs
A15: Electricity | B15: 1.5 | C15: kWh/kgH2 | E15: Based on an electricity consumption of 1.5 kWh/kgH2 https://www.iea.org/reports/global-hydrogen-review-2024#downloads
A16: Heating Energy | B16: 9.7 | C16: kWh/kgH2 | D16: Assuming this heating energy is provided by hydrogen | E16: Based on a fuel consumption of 9.7 kWh/kgH2 https://www.iea.org/reports/global-hydrogen-review-2024#downloads
B17: =B16/33.3 -> 0.29129129 | C17: tonneH2/tonneH2 | D17: Assuming the LHV of hydrogen is 33.3 kWh/kgH2
A18: Stoichiometric Ammonia per tonne Hydrogen | B18: 5.65 | C18: tonneH2/tonneNH3 | D18: This is equivalent to the theoretical amount of ammonia needed to produce 1 tonne of hydrogen (before losses are accounted for) | E18: Based on stoichiometric amount of hydrogen per tonne of ammonia ((3x1.008)/(14.01+3*1.008))
A19: Dehydrogenation Rate | B19: 99 | C19: % | E19: https://www.iea.org/reports/global-hydrogen-review-2024#downloads
A20: PSA Hydrogen Recovery Rate | B20: 99 | C20: % | E20: https://www.iea.org/reports/global-hydrogen-review-2024#downloads
A21: Tonnes of Ammonia needed per tonne H2 | B21: =(B18/((B19/100)*(B20/100)))+B17 -> 6.0560092 | C21: tonneNH3/tonneH2
A22: Ammonia Cracking
A23: Capacity | B23: =B11 -> 1000000 | C23: tonneH2/yr | D23: Rated capacity
A24: Ammonia Cracking | B24: 3050 | C24: USD/(tonneH2/yr) | D24: Unit Cost at the Reference Capacity | E24: CAPEX 3050 USD/(tH2/yr) https://www.iea.org/reports/global-hydrogen-review-2024#downloads
B25: =B24*B23 -> 3050000000 | C25: USD
A26: Annual OPEX | B26: 4 | C26: % of CAPEX | D26: Annual Maintenance Costs | E26: Annual Opex of 4% https://www.iea.org/reports/global-hydrogen-review-2024#downloads
A27: Process Output
A28: Process Output | B28: =B11*(B12/100)*(B18/B21) -> 839661.87 | C28: tonneH2/yr | D28: Accounts for the Plant Availability of the processing plant an dehydrogenation and PSA recovery losses
A29: Levelised Cost Analysis
A30: Process Input Costs
A31: Electricity | B31: 0.3 | C31: USD/kWh | D31: Input levelised cost of electricity determined for each region | E31: Price of electricity in Europe (0.30 Euro/kWh). https://ec.europa.eu/eurostat/statistics-explained/index.php?title=Electricity_price_statistics
A32: Capital Costs
A33: Cracking Unit CAPEX | B33: =B25*(B8/100) -> 2.4578853e+08 | C33: USD/yr
A34: Fixed Operating Costs
A35: Cracking Unit OPEX | B35: =(B26/100)*B25 -> 122000000 | C35: USD/yr
A36: Variable Operating Costs (accounts for process availability)
A37: Electricity | B37: =B31*B15*B28*1000 -> 3.7784784e+08 | C37: USD/yr | D37: Assuming this heating energy is provided by electricity
A38: Levelised Cost
A39: Levelised Cost Attributed to CAPEX | B39: =B33/$B$28 -> 292.72322 | C39: USD/tonneH2
A40: Levelised Cost Attributed to Fixed OPEX | B40: =B35/B28 -> 145.29658 | C40: USD/tonneH2
A41: Levelised Cost Attributed to Variable OPEX | B41: =B37/B28 -> 450 | C41: USD/tonneH2
A42: Total Levelised Cost of Hydrogen | B42: =SUM(B39:B41) -> 888.01981 | C42: USD/tonneH2
A43: Total Levelised Cost of Hydrogen | B43: =B42/B5 -> 1268.5997 | C43: AUD/tonneH2
A44: Total Levelised Cost of Hydrogen | B44: =B42/1000 -> 0.88801981 | C44: USD/kgH2
A45: Total Levelised Cost of Hydrogen | B45: =B43/1000 -> 1.2685997 | C45: AUD/kgH2
A46: Total Levelised Cost of Energy | B46: =(B45/120)*1000 -> 10.571664 | C46: AUD/GJ | D46: Energy content of hydrogen 120MJ/kg = 120GJ/tonne

Sheet S1. MethanolProduction
A1: S1. Ore Extraction and Transport Model
A3: Parameter | C3: Unit | D3: Note | E3: Default Value
A4: Financial Assumptions
A5: USD:AUD Conversion Rate | B5: =0.7 -> 0.7 | C5: - | E5: =0.7 -> 0.7
A6: Interest Rate | B6: 7 | C6: % | D6: Annual Interest Rate | E6: 7
A7: Economic Life | B7: 30 | C7: years | E7: https://www.iea.org/reports/global-hydrogen-review-2024#downloads
A8: CRF | B8: =((B6/100)*(1+B6/100)^B7)/(((1+B6/100)^B7)-1)*100 -> 8.0586404 | C8: % | D8: Capital Recovery Factor
A9: Capex Increase Compared to Benchmarked Costs | B9: 100 | C9: % of Benchmarked Cost | D9: This factor is applied to plant that is constructed in Australia, to account for increased costs compared to international costs. Use this if cost correlations are from international costs. This is not applied to equipmet that is delivered as is, such as vehicle costs. | E9: 100%
A11: System Sizing
A12: Plant Capacity | B12: 1000000 | C12: tonne/yr | D12: Annual Production
A13: Process Plant Availability | B13: 90 | C13: % | D13: Only Applies to process plant availability
A14: Plant Parameters
A15: Process Inputs
A16: Enenrgy Content of Product Fuel | B16: 5540 | C16: kWh/tonneMeOH | D16: Energy content of methanol | E16: https://www.engineeringtoolbox.com/fuels-higher-calorific-values-d_169.html
A17: Electricity | B17: 0.018 | C17: GJ/GJProduct | E17: Electricity consumption of 0.018 GJ/GJProduct https://www.iea.org/reports/global-hydrogen-review-2024#downloads
B18: =B17*B16 -> 99.72 | C18: kWh/tonneMeOH
A19: Hydrogen | B19: 187.5 | C19: kgH2/tonneMeOH | E19: Based on stoichiometric amount of hydrogen per tonne of methanol (3molH2 x 2 g/molH2)/(1 mol MeOH x 32g/mol MeOH)
A20: Carbon Dioxide | B20: 1375 | C20: kgCO2/tonneMeOH | E20: Based on stoichiometric amount of CO2 per tonne of methanol (44gCO2/32gMeOH)
A21: Methanol Synthesis
A22: Capacity | B22: =B12 -> 1000000 | C22: tonneMeOH/yr | D22: Rated capacity
B23: =B22*B16*(1/(365*24)) -> 632420.09 | C23: kWMeOH | D23: kW of Methanol production
A24: Methanol Synthesis (Assumed similar to Fischer Tropsch) | B24: 2160 | C24: USD/(kWProductFuel) | D24: Unit Cost at the Reference Capacity | E24: Assumed similar to Fischer Tropsch CAPEX 2160 USD/kWProductFuel https://www.iea.org/reports/global-hydrogen-review-2024#downloads
B25: =(B24*B23)*(B9/100) -> 1.3660274e+09 | C25: USD
A26: Annual OPEX | B26: 5 | C26: % of CAPEX | D26: Annual Maintenance Costs | E26: Annual Opex of 5% https://www.iea.org/reports/global-hydrogen-review-2024#downloads
A27: Process Output
A28: Process Output | B28: =B12*(B13/100) -> 900000 | C28: tonneMeOH/yr | D28: Accounts for the Plant Availability of the processing plant
A29: Levelised Cost Analysis
A30: Process Input Costs
A31: Electricity | B31: 0.1535649 | C31: USD/kWh | D31: Input levelised cost of electricity determined for each region
A32: Hydrogen | B32: 6.51531 | C32: USD/kgH2 | D32: Input levelised cost of hydrogen for each region
A33: Carbon Dioxide | B33: 30 | C33: USD/tonneCO2 | D33: Assume an input costs of CO2 | E33: Biogenic CO2 cost 30 USD/tonne DAC CO2 cost of 600-1000 USD/tonne https://www.iea.org/reports/global-hydrogen-review-2024#downloads
A34: Capital Costs
A35: Fischer Tropsch CAPEX | B35: =B25*(B8/100) -> 1.1008324e+08 | C35: USD/yr
A36: Fixed Operating Costs
A37: Fischer Tropsch OPEX | B37: =(B26/100)*B25 -> 68301370 | C37: USD/yr
A38: Variable Operating Costs (accounts for process availability)
A39: Electricity | B39: =B31*B18*B28 -> 13782142 | C39: USD/yr
A40: Hydrogen | B40: =B32*B19*B28 -> 1.0994586e+09 | C40: USD/yr
A41: Carbon Dioxide | B41: =B33*(B20/1000)*B28 -> 37125000 | C41: USD/yr
A42: Levelised Cost
A43: Levelised Cost Attributed to CAPEX | B43: =B35/B28 -> 122.31471 | C43: USD/tonneMeOH
A44: Levelised Cost Attributed to Fixed OPEX | B44: =B37/B28 -> 75.890411 | C44: USD/tonneMeOH
A45: Levelised Cost Attributed to Variable OPEX | B45: =(B39+B40+B41)/B28 -> 1278.1841 | C45: USD/tonneMeOH
A46: Total Levelised Cost of Methanol | B46: =SUM(B43:B45) -> 1476.3892 | C46: USD/tonneMeOH
A47: Total Levelised Cost of Methanol | B47: =B46/B5 -> 2109.1275 | C47: AUD/tonneMeOH
A48: Total Levelised Cost of Energy | B48: =B47/19.9 -> 105.98631 | C48: AUD/GJ | D48: Methanol enerngy contentn 19.9 MJ/kg = 19.9GJ/tonne

Sheet S1. SyntheticNGProduction
A1: S1. Ore Extraction and Transport Model
A3: Parameter | C3: Unit | D3: Note | E3: Default Value
A4: Financial Assumptions
A5: USD:AUD Conversion Rate | B5: =0.7 -> 0.7 | C5: - | E5: =0.7 -> 0.7
A6: Interest Rate | B6: 7 | C6: % | D6: Annual Interest Rate | E6: 7
A7: Economic Life | B7: 30 | C7: years | E7: https://www.iea.org/reports/global-hydrogen-review-2024#downloads
A8: CRF | B8: =((B6/100)*(1+B6/100)^B7)/(((1+B6/100)^B7)-1)*100 -> 8.0586404 | C8: % | D8: Capital Recovery Factor
A9: Capex Increase Compared to Benchmarked Costs | B9: 100 | C9: % of Benchmarked Cost | D9: This factor is applied to plant that is constructed in Australia, to account for increased costs compared to international costs. Use this if cost correlations are from international costs. This is not applied to equipmet that is delivered as is, such as vehicle costs. | E9: 100%
A11: System Sizing
A12: Plant Capacity | B12: 1000000 | C12: tonne/yr | D12: Annual Production
A13: Process Plant Availability | B13: 90 | C13: % | D13: Only Applies to process plant availability
A14: Plant Parameters
A15: Process Inputs
A16: Energy Content of Product Fuel | B16: 13900 | C16: kWh/tonneCH4 | D16: Energy content of methane | E16: https://www.engineeringtoolbox.com/fuels-higher-calorific-values-d_169.html
A17: Electricity | B17: 0.018 | C17: GJ/GJProduct | E17: Electricity consumption of 0.018 GJ/GJProduct https://www.iea.org/reports/global-hydrogen-review-2024#downloads
B18: =B17*B16 -> 250.2 | C18: kWh/tonneCH4
A19: Hydrogen | B19: 500 | C19: kgH2/tonneCH4 | E19: Based on stoichiometric amount of hydrogen per tonne of methane (4molH2 x 2 g/molH2)/(1 mol CH4 x 16g/mol CH4)
A20: Carbon Dioxide | B20: 2750 | C20: kgCO2/tonneCH4 | E20: Based on stoichiometric amount of CO2 per tonne of methanol (44gCO2/16gCH4)
A21: Methanation Process
A22: Capacity | B22: =B12 -> 1000000 | C22: tonneCH4/yr | D22: Rated capacity
B23: =B22*B16*(1/(365*24)) -> 1586758 | C23: kWCH4 | D23: kW of Methae production
A24: Methanation (assumed similar to Fischer Tropsch) | B24: 2160 | C24: USD/(kWProductFuel) | D24: Unit Cost at the Reference Capacity | E24: Assumed similar to the Fischer Tropsch process CAPEX 2160 USD/kWProductFuel https://www.iea.org/reports/global-hydrogen-review-2024#downloads
B25: =(B24*B23)*(B9/100) -> 3.4273973e+09 | C25: USD
A26: Annual OPEX | B26: 5 | C26: % of CAPEX | D26: Annual Maintenance Costs | E26: Annual Opex of 5% https://www.iea.org/reports/global-hydrogen-review-2024#downloads
A27: Process Output
A28: Process Output | B28: =B12*(B13/100) -> 900000 | C28: tonneCH4/yr | D28: Accounts for the Plant Availability of the processing plant
A29: Levelised Cost Analysis
A30: Process Input Costs
A31: Electricity | B31: 0.1535649 | C31: USD/kWh | D31: Input levelised cost of electricity determined for each region
A32: Hydrogen | B32: 6.51531 | C32: USD/kgH2 | D32: Input levelised cost of hydrogen for each region
A33: Carbon Dioxide | B33: 30 | C33: USD/tonneCO2 | D33: Assume an input costs of CO2 | E33: Biogenic CO2 cost 30 USD/tonne DAC CO2 cost of 600-1000 USD/tonne https://www.iea.org/reports/global-hydrogen-review-2024#downloads
A34: Capital Costs
A35: Fischer Tropsch CAPEX | B35: =B25*(B8/100) -> 2.7620162e+08 | C35: USD/yr
A36: Fixed Operating Costs
A37: Fischer Tropsch OPEX | B37: =(B26/100)*B25 -> 1.7136986e+08 | C37: USD/yr
A38: Variable Operating Costs (accounts for process availability)
A39: Electricity | B39: =B31*B18*B28 -> 34579743 | C39: USD/yr
A40: Hydrogen | B40: =B32*B19*B28 -> 2931889500 | C40: USD/yr
A41: Carbon Dioxide | B41: =B33*(B20/1000)*B28 -> 74250000 | C41: USD/yr
A42: Levelised Cost
A43: Levelised Cost Attributed to CAPEX | B43: =B35/B28 -> 306.89069 | C43: USD/tonneCH4
A44: Levelised Cost Attributed to Fixed OPEX | B44: =B37/B28 -> 190.41096 | C44: USD/tonneCH4
A45: Levelised Cost Attributed to Variable OPEX | B45: =(B39+B40+B41)/B28 -> 3378.5769 | C45: USD/tonneCH4
A46: Total Levelised Cost of Synthetic Natural Gas | B46: =SUM(B43:B45) -> 3875.8786 | C46: USD/tonneCH4
A47: Total Levelised Cost of Synthetic Natural Gas | B47: =B46/B5 -> 5536.9694 | C47: AUD/tonneCH4
A48: Total Levelised Cost of Synthetic Natural Gas | B48: =B46/B$16 -> 0.27884019 | C48: USD/kWhCH4
A49: Total Levelised Cost of Synthetic Natural Gas | B49: =B47/B$16 -> 0.39834312 | C49: AUD/kWhCH4
A50: Total Levelised Cost of Energy | B50: =B47/50 -> 110.73939 | C50: AUD/GJ | D50: Enenrgy content of methane: 50GJ/tonne: https://www.engineeringtoolbox.com/fuels-higher-calorific-values-d_169.html

Sheet S1. SyntheticNGLiquefaction
A1: S1. Ore Extraction and Transport Model
A3: Parameter | B3: Value | C3: Unit | D3: Note | E3: Default Value
A4: Financial Assumptions
A5: USD:AUD Conversion Rate | B5: =0.7 -> 0.7 | C5: - | E5: =0.7 -> 0.7
A6: Interest Rate | B6: 7 | C6: % | D6: Annual Interest Rate | E6: 7
A7: Economic Life | B7: 30 | C7: years | E7: https://www.iea.org/reports/global-hydrogen-review-2024#downloads
A8: CRF | B8: =((B6/100)*(1+B6/100)^B7)/(((1+B6/100)^B7)-1)*100 -> 8.0586404 | C8: % | D8: Capital Recovery Factor
A9: Capex Increase Compared to Benchmarked Costs | B9: 100 | C9: % of Benchmarked Cost | D9: This factor is applied to plant that is constructed in Australia, to account for increased costs compared to international costs. Use this if cost correlations are from international costs. This is not applied to equipmet that is delivered as is, such as vehicle costs. | E9: 100%
A11: System Sizing
A12: Plant Capacity | B12: 1000000 | C12: tonne/yr | D12: Annual Production
A13: Process Plant Availability | B13: 90 | C13: % | D13: Only Applies to process plant availability
A14: Plant Parameters
A15: Process Inputs
A16: Energy Content of Methane | B16: 13900 | C16: kWh/tonneCH4 | E16: https://www.engineeringtoolbox.com/fuels-higher-calorific-values-d_169.html
B17: 50 | C17: GJ/tonneCH4 | E17: https://www.engineeringtoolbox.com/fuels-higher-calorific-values-d_169.html
A18: Electricity | B18: 0.07 | C18: GJElectricity/GJLNG | E18: Primary Energy Input 0.031–0.102 GJ/GJ LNG https://doi.org/10.1016/j.applthermaleng.2019.114736
B19: =B16*B18 -> 973 | C19: kWh/tonneCH4
A20: LNG Liquefaction
A21: Capacity | B21: =B12 -> 1000000 | C21: tonne/yr | D21: Rated capacity
A22: Liquefecation Capex | B22: 1190 | C22: USD/(tCH4/year) | D22: Unit Cost at the Reference Capacity | E22: CAPEX 124-2255 USD/TPA LNG https://doi.org/10.1016/j.applthermaleng.2019.114736
B23: =(B22*B21)*(B9/100) -> 1190000000 | C23: USD
A24: Annual OPEX | B24: 0.7 | C24: USD/GJ CH4 | D24: Annual Maintenance Costs | E24: OPEX 0.69-4.10 USD/GJ LNG https://doi.org/10.1016/j.applthermaleng.2019.114736
A25: Process Output
A26: Process Output | B26: =B12*(B13/100) -> 900000 | C26: tonne/yr | D26: Accounts for the Plant Availability of the processing plant
A27: Levelised Cost Analysis
A28: Process Input Costs
A29: Electricity | B29: 0.1535649 | C29: USD/kWh | D29: Input levelised cost of electricity determined for each region
A30: Capital Costs
A31: Liquefecation CAPEX | B31: =B23*(B8/100) -> 95897820 | C31: USD/yr
A32: Fixed Operating Costs
A33: Liquefecation OPEX | B33: =B24*B17*B21 -> 35000000 | C33: USD/yr
A34: Variable Operating Costs (accounts for process availability)
A35: Electricity | B35: =B29*B19*B26 -> 1.3447678e+08 | C35: USD/yr
A36: Levelised Cost
A37: Levelised Cost Attributed to CAPEX | B37: =B31/B26 -> 106.55313 | C37: USD/tonne
A38: Levelised Cost Attributed to Fixed OPEX | B38: =B33/B26 -> 38.888889 | C38: USD/tonne
A39: Levelised Cost Attributed to Variable OPEX | B39: =(B35)/B26 -> 149.41864 | C39: USD/tonne
A40: Total Levelised Cost of NG Liquefaction | B40: =SUM(B37:B39) -> 294.86067 | C40: USD/tonne
A41: Total Levelised Cost of NG Liquefaction | B41: =B40/B5 -> 421.22952 | C41: AUD/tonne
A42: Total Levelised Cost of NG Liquefaction | B42: =B40/$B$17 -> 5.8972133 | C42: USD/GJ
A43: Total Levelised Cost of NG Liquefaction | B43: =B41/$B$17 -> 8.4245905 | C43: AUD/GJ

Sheet S1. LiquidSNGRegass
A1: S1. Ore Extraction and Transport Model
A3: Parameter | B3: Value | C3: Unit | D3: Note | E3: Default Value
A4: Financial Assumptions
A5: USD:AUD Conversion Rate | B5: =0.7 -> 0.7 | C5: - | E5: =0.7 -> 0.7
A6: Interest Rate | B6: 7 | C6: % | D6: Annual Interest Rate | E6: 7
A7: Economic Life | B7: 30 | C7: years | E7: https://www.iea.org/reports/global-hydrogen-review-2024#downloads
A8: CRF | B8: =(($B$6/100)*(1+$B$6/100)^$B$7)/(((1+$B$6/100)^$B$7)-1)*100 -> 8.0586404 | C8: % | D8: Capital Recovery Factor
A9: Capex Increase Compared to Benchmarked Costs | B9: 100 | C9: % of Benchmarked Cost | D9: This factor is applied to plant that is constructed in Australia, to account for increased costs compared to international costs. Use this if cost correlations are from international costs. This is not applied to equipmet that is delivered as is, such as vehicle costs. | E9: 100%
A11: System Sizing
A12: Plant Capacity | B12: 1000000 | C12: tonne/yr | D12: Annual Production
A13: Process Plant Availability | B13: 90 | C13: % | D13: Only Applies to process plant availability
A14: Plant Parameters
A15: Process Inputs
A16: Methane Enenrgy Content | B16: 50 | C16: GJ/tonne | E16: https://www.engineeringtoolbox.com/fuels-higher-calorific-values-d_169.html
A17: Natural Gas for heating | B17: 1 | C17: % | D17: Energy needed to regassify LNG, assumign this is provided by natural gas | E17: Heat energy: 1-2.5% of NG to regassifiy https://doi.org/10.1016/j.rser.2018.09.027 | H17: =(0.025*50/1000)*277.78 -> 0.347225
A18: LOHC conversion
A19: Capacity | B19: =B12 -> 1000000 | C19: tonne/yr | D19: Rated capacity
A20: Liquefecation Capex | B20: 50 | C20: USD/(tNG/year) | D20: Unit Cost at the Reference Capacity | E20: CAPEX 50-450 USD/(tonne/yr) https://doi.org/10.1016/j.jngse.2020.103291
B21: =B20*B19*(B9/100) -> 50000000 | C21: USD
A22: Annual OPEX | B22: 5 | C22: % of CAPEX | D22: Annual Maintenance Costs. Assumed same as hydrogen regassification | E22: OPEX of 1 USD/(tH2/year), which for a CAPEX of 20 USD/(tH2/year), equates to 5% CAPEX https://www.iea.org/reports/global-hydrogen-review-2024#downloads
A23: Process Output
A24: Process Output | B24: =(B12*(B13/100))/(1-(B17/100)) -> 909090.91 | C24: tonne/yr | D24: Accounts for the Plant Availability of the processing plant
A25: Levelised Cost Analysis
A26: Process Input Costs
A27: Capital Costs
A28: Liquefecation CAPEX | B28: =B21*(B8/100) -> 4029320.2 | C28: USD/yr
A29: Fixed Operating Costs
A30: Liquefecation OPEX | B30: =(B22/100)*B21 -> 2500000 | C30: USD/yr
A31: Levelised Cost
A32: Levelised Cost Attributed to CAPEX | B32: =B28/$B$24 -> 4.4322522 | C32: USD/tonne
A33: Levelised Cost Attributed to Fixed OPEX | B33: =B30/B24 -> 2.75 | C33: USD/tonne
A34: Total Levelised Cost of NG Regass | B34: =SUM(B32:B33) -> 7.1822522 | C34: USD/tonne
A35: Total Levelised Cost of NG Regass | B35: =B34/B5 -> 10.26036 | C35: AUD/tonne
A36: Total Levelised Cost of NG Regass | B36: =B34/$B$16 -> 0.14364504 | C36: USD/GJ
A37: Total Levelised Cost of NG Regass | B37: =B35/$B$16 -> 0.20520721 | C37: AUD/GJ

Sheet S1. LOHCProduction
A1: S1. Ore Extraction and Transport Model
A3: Parameter | B3: Value | C3: Unit | D3: Note | E3: Default Value
A4: Financial Assumptions
A5: USD:AUD Conversion Rate | B5: =0.7 -> 0.7 | C5: - | E5: =0.7 -> 0.7
A6: Interest Rate | B6: 7 | C6: % | D6: Annual Interest Rate | E6: 7
A7: Economic Life | B7: 30 | C7: years | E7: https://www.iea.org/reports/global-hydrogen-review-2024#downloads
A8: CRF | B8: =((B6/100)*(1+B6/100)^B7)/(((1+B6/100)^B7)-1)*100 -> 8.0586404 | C8: % | D8: Capital Recovery Factor
A9: Capex Increase Compared to Benchmarked Costs | B9: 100 | C9: % of Benchmarked Cost | D9: This factor is applied to plant that is constructed in Australia, to account for increased costs compared to international costs. Use this if cost correlations are from international costs. This is not applied to equipmet that is delivered as is, such as vehicle costs. | E9: 100%
A11: System Sizing
A12: Plant Capacity | B12: 1000000 | C12: tonne/yr | D12: Annual Production
A13: Process Plant Availability | B13: 90 | C13: % | D13: Only Applies to process plant availability
A14: Plant Parameters
A15: Process Inputs
A16: Electricity | B16: 1.5 | C16: kWh/kgH2 | E16: Electricity consumption of 1.5 kWh/kgH2 https://www.iea.org/reports/global-hydrogen-review-2024#downloads
A17: LOHC conversion
A18: Capacity | B18: =B12 -> 1000000 | C18: tonneH2/yr | D18: Rated capacity
A19: LOCH Capex | B19: 790 | C19: USD/(tH2/year) | D19: Unit Cost at the Reference Capacity | E19: CAPEX 790 USD/(tH2/year) https://www.iea.org/reports/global-hydrogen-review-2024#downloads
B20: =(B19*B18)*(B9/100) -> 790000000 | C20: USD
A21: Annual OPEX | B21: 4 | C21: % of CAPEX | D21: Annual Maintenance Costs | E21: Annual Opex of 4% https://www.iea.org/reports/global-hydrogen-review-2024#downloads
A22: Process Output
A23: Process Output | B23: =B12*(B13/100) -> 900000 | C23: tonne/yr | D23: Accounts for the Plant Availability of the processing plant
A24: Levelised Cost Analysis
A25: Process Input Costs
A26: Electricity | B26: 0.154 | C26: USD/kWh | D26: Input levelised cost of electricity determined for each region
A27: Capital Costs
A28: LOHC CAPEX | B28: =B20*(B8/100) -> 63663259 | C28: USD/yr
A29: Fixed Operating Costs
A30: LOHC OPEX | B30: =(B21/100)*B20 -> 31600000 | C30: USD/yr
A31: Variable Operating Costs (accounts for process availability)
A32: Electricity | B32: =B26*B16*1000*B23 -> 2.079e+08 | C32: USD/yr
A33: Levelised Cost
A34: Levelised Cost Attributed to CAPEX | B34: =B28/B23 -> 70.736954 | C34: USD/tonneH2
A35: Levelised Cost Attributed to Fixed OPEX | B35: =B30/B23 -> 35.111111 | C35: USD/tonneH2
A36: Levelised Cost Attributed to Variable OPEX | B36: =(B32)/B23 -> 231 | C36: USD/tonneH2
A37: Total Levelised Cost of LOHC Conversion | B37: =SUM(B34:B36) -> 336.84807 | C37: USD/tonneH2
A38: Total Levelised Cost of LOHC Conversion | B38: =B37/B5 -> 481.21152 | C38: AUD/tonneH2
A39: Total Levelised Cost of LOHC Conversion per GJ of H2 | B39: =B38/120 -> 4.010096 | C39: AUD/GJ | D39: Based on the energy contnet of Hydrogen (120GJ/tonne)

Sheet S1. LOHCReconversion
A1: S1. Ore Extraction and Transport Model
A3: Parameter | B3: Value | C3: Unit | D3: Note | E3: Default Value
A4: Financial Assumptions
A5: USD:AUD Conversion Rate | B5: =0.7 -> 0.7 | C5: - | E5: =0.7 -> 0.7
A6: Interest Rate | B6: 7 | C6: % | D6: Annual Interest Rate | E6: 7
A7: Economic Life | B7: 30 | C7: years | E7: https://www.iea.org/reports/global-hydrogen-review-2024#downloads
A8: CRF | B8: =(($B$6/100)*(1+$B$6/100)^$B$7)/(((1+$B$6/100)^$B$7)-1)*100 -> 8.0586404 | C8: % | D8: Capital Recovery Factor
A9: Capex Increase Compared to Benchmarked Costs | B9: 100 | C9: % of Benchmarked Cost | D9: This factor is applied to plant that is constructed in Australia, to account for increased costs compared to international costs. Use this if cost correlations are from international costs. This is not applied to equipmet that is delivered as is, such as vehicle costs. | E9: 100%
A11: System Sizing
A12: Plant Capacity | B12: 1000000 | C12: tonneH2/yr | D12: Annual Production
A13: Process Plant Availability | B13: 90 | C13: % | D13: Only Applies to process plant availability
A14: Plant Parameters
A15: Process Inputs
A16: Electricity | B16: 1.5 | C16: kWh/kgH2 | E16: Based on an electricity consumption of 1.5 kWh/kgH2 https://www.iea.org/reports/global-hydrogen-review-2024#downloads
A17: Heating Energy | B17: 13.6 | C17: kWh/kgH2 | D17: Assuming this heating energy is provided by hydrogen | E17: Based on a fuel consumption of 13.6 kWh/kgH2 https://www.iea.org/reports/global-hydrogen-review-2024#downloads
B18: =B17/33.3 -> 0.40840841 | C18: tonneH2/tonneH2 | D18: Assuming the LHV of hydrogen is 33.3 kWh/kgH2
A19: Stoichiometric Hydrogen per tonne hydrogen | B19: 1 | C19: tonneH2/tonneH2 | D19: This is equivalent to the theoretical amount of hydrogen needed to produce 1 tonne of hydrogen (before losses are accounted for) | E19: Based on stoichiometric amount of hydrogen per tonne of ammonia ((3x1.008)/(14.01+3*1.008))
A20: Dehydrogenation Rate | B20: 98 | C20: % | E20: https://www.iea.org/reports/global-hydrogen-review-2024#downloads
A21: PSA Hydrogen Recovery Rate | B21: 99 | C21: % | E21: https://www.iea.org/reports/global-hydrogen-review-2024#downloads
A22: Tonnes of Hydrogen needed per tonne H2 | B22: =(B19/((B20/100)*(B21/100)))+B18 -> 1.4391237 | C22: tonneH2/tonneH2 | D22: Accounts for losses due to reconversion and hydrogen needed for heating
A23: LOHC Reconversion
A24: Capacity | B24: =B12 -> 1000000 | C24: tonneH2/yr | D24: Rated capacity
A25: LOHC Reconversion | B25: 2950 | C25: USD/(tonneH2/yr) | D25: Unit Cost at the Reference Capacity | E25: CAPEX 2950 USD/(tH2/yr) https://www.iea.org/reports/global-hydrogen-review-2024#downloads
B26: =B25*B24*(B9/100) -> 2950000000 | C26: USD
A27: Annual OPEX | B27: 4 | C27: % of CAPEX | D27: Annual Maintenance Costs | E27: Annual Opex of 4% https://www.iea.org/reports/global-hydrogen-review-2024#downloads
A28: Process Output
A29: Process Output | B29: =B12*(B13/100)*(B19/B22) -> 625380.56 | C29: tonneH2/yr | D29: Accounts for the Plant Availability of the processing plant and hydrogen losses
A30: Levelised Cost Analysis
A31: Process Input Costs
A32: Electricity | B32: 0.3 | C32: USD/kWh | D32: Input levelised cost of electricity determined for each region | E32: Price of electricity in Europe (0.30 Euro/kWh). https://ec.europa.eu/eurostat/statistics-explained/index.php?title=Electricity_price_statistics
A33: Capital Costs
A34: Cracking Unit CAPEX | B34: =B26*(B8/100) -> 2.3772989e+08 | C34: USD/yr
A35: Fixed Operating Costs
A36: Cracking Unit OPEX | B36: =(B27/100)*B26 -> 118000000 | C36: USD/yr
A37: Variable Operating Costs (accounts for process availability)
A38: Electricity | B38: =B32*B16*B29*1000 -> 2.8142125e+08 | C38: USD/yr | D38: Assuming this heating energy is provided by electricity
A39: Levelised Cost
A40: Levelised Cost Attributed to CAPEX | B40: =B34/$B$29 -> 380.13636 | C40: USD/tonneH2
A41: Levelised Cost Attributed to Fixed OPEX | B41: =B36/B29 -> 188.68511 | C41: USD/tonneH2
A42: Levelised Cost Attributed to Variable OPEX | B42: =(B38)/B29 -> 450 | C42: USD/tonneH2
A43: Total Levelised Cost of Hydrogen | B43: =SUM(B40:B42) -> 1018.8215 | C43: USD/tonneH2
A44: Total Levelised Cost of Hydrogen | B44: =B43/B5 -> 1455.4592 | C44: AUD/tonneH2
A45: Total Levelised Cost of LOHC Conversion per GJ of H2 | B45: =B44/120 -> 12.128827 | C45: AUD/GJ | D45: Based on the energy contet of Hydrogen (120GJ/tonne)

Sheet S1. LiquidH2Production
A1: S1. Ore Extraction and Transport Model
A3: Parameter | B3: Value | C3: Unit | D3: Note | E3: Default Value
A4: Financial Assumptions
A5: USD:AUD Conversion Rate | B5: =0.7 -> 0.7 | C5: - | E5: =0.7 -> 0.7
A6: Interest Rate | B6: 7 | C6: % | D6: Annual Interest Rate | E6: 7
A7: Economic Life | B7: 30 | C7: years | E7: https://www.iea.org/reports/global-hydrogen-review-2024#downloads
A8: CRF | B8: =((B6/100)*(1+B6/100)^B7)/(((1+B6/100)^B7)-1)*100 -> 8.0586404 | C8: % | D8: Capital Recovery Factor
A9: Capex Increase Compared to Benchmarked Costs | B9: 100 | C9: % of Benchmarked Cost | D9: This factor is applied to plant that is constructed in Australia, to account for increased costs compared to international costs. Use this if cost correlations are from international costs. This is not applied to equipmet that is delivered as is, such as vehicle costs. | E9: 100%
A11: System Sizing
A12: Plant Capacity | B12: 1000000 | C12: tonne/yr | D12: Annual Production
A13: Process Plant Availability | B13: 90 | C13: % | D13: Only Applies to process plant availability
A14: Plant Parameters
A15: Process Inputs
A16: Enenrgy Content of Hydrogen | B16: 120 | C16: GJ/tonne | E16: https://www.engineeringtoolbox.com/fuels-higher-calorific-values-d_169.html
A17: Electricity | B17: 6 | C17: kWh/kgH2 | E17: Electricity consumption of 6 kWh/kgH2 https://www.iea.org/reports/global-hydrogen-review-2024#downloads
A18: LOHC conversion
A19: Capacity | B19: =B12 -> 1000000 | C19: tonne/yr | D19: Rated capacity
A20: Liquefecation Capex | B20: 5900 | C20: USD/(tH2/year) | D20: Unit Cost at the Reference Capacity | E20: CAPEX 4102-7700 USD/(tH2/year) https://www.globh2e.org.au/_files/ugd/8d2898_3aa5c4ede91f4f4e9f70c07df13f4243.pdf
B21: =(B20*B19)*(B9/100) -> 5900000000 | C21: USD
A22: Annual OPEX | B22: 3 | C22: % of CAPEX | D22: Annual Maintenance Costs | E22: Annual Opex of 2-4% https://www.globh2e.org.au/_files/ugd/8d2898_3aa5c4ede91f4f4e9f70c07df13f4243.pdf
A23: Process Output
A24: Process Output | B24: =B12*(B13/100) -> 900000 | C24: tonne/yr | D24: Accounts for the Plant Availability of the processing plant
A25: Levelised Cost Analysis
A26: Process Input Costs | B26: Location 1
A27: Electricity | B27: 0.1535649 | C27: USD/kWh | D27: Input levelised cost of electricity determined for each region
A28: Capital Costs
A29: Liquefecation CAPEX | B29: =B21*(B8/100) -> 4.7545978e+08 | C29: USD/yr
A30: Fixed Operating Costs
A31: Liquefecation OPEX | B31: =(B22/100)*B21 -> 177000000 | C31: USD/yr
A32: Variable Operating Costs (accounts for process availability)
A33: Electricity | B33: =B27*B17*1000*B24 -> 8.2925044e+08 | C33: USD/yr
A34: Levelised Cost
A35: Levelised Cost Attributed to CAPEX | B35: =B29/B24 -> 528.28865 | C35: USD/tonne
A36: Levelised Cost Attributed to Fixed OPEX | B36: =B31/B24 -> 196.66667 | C36: USD/tonne
A37: Levelised Cost Attributed to Variable OPEX | B37: =(B33)/B24 -> 921.38938 | C37: USD/tonne
A38: Total Levelised Cost of H2 Liquefaction | B38: =SUM(B35:B37) -> 1646.3447 | C38: USD/tonne
A39: Total Levelised Cost of H2 Liquefaction | B39: =B38/B5 -> 2351.921 | C39: AUD/tonne
A40: Total Levelised Cost of H2 Liquefaction | B40: =B38/$B$16 -> 13.719539 | C40: USD/GJ
A41: Total Levelised Cost of H2 Liquefaction | B41: =B39/$B$16 -> 19.599342 | C41: AUD/GJ

Sheet S1. LiquidH2Regass
A1: S1. Ore Extraction and Transport Model
A3: Parameter | B3: Value | C3: Unit | D3: Note | E3: Default Value
A4: Financial Assumptions
A5: USD:AUD Conversion Rate | B5: =0.7 -> 0.7 | C5: - | E5: =0.7 -> 0.7
A6: Interest Rate | B6: 7 | C6: % | D6: Annual Interest Rate | E6: 7
A7: Economic Life | B7: 30 | C7: years | E7: https://www.iea.org/reports/global-hydrogen-review-2024#downloads
A8: CRF | B8: =(($B$6/100)*(1+$B$6/100)^$B$7)/(((1+$B$6/100)^$B$7)-1)*100 -> 8.0586404 | C8: % | D8: Capital Recovery Factor
A9: Capex Increase Compared to Benchmarked Costs | B9: 100 | C9: % of Benchmarked Cost | D9: This factor is applied to plant that is constructed in Australia, to account for increased costs compared to international costs. Use this if cost correlations are from international costs. This is not applied to equipmet that is delivered as is, such as vehicle costs. | E9: 100%
A11: System Sizing
A12: Plant Capacity | B12: 1000000 | C12: tonne/yr | D12: Annual Production
A13: Process Plant Availability | B13: 90 | C13: % | D13: Only Applies to process plant availability
A14: Plant Parameters
A15: Process Inputs
A16: Hydrogen Enenrgy Content | B16: 120 | C16: GJ/tonne | E16: https://www.engineeringtoolbox.com/fuels-higher-calorific-values-d_169.html
A17: Electricity | B17: 0.5 | C17: kWh/kgH2 | E17: 0.01-0.005 kWh/kWhH2 (0.333-0.1665kWh/kgH2) https://doi.org/10.1016/j.jgsce.2023.205150
A18: Liquid H2 Regassification
A19: Capacity | B19: =B12 -> 1000000 | C19: tonne/yr | D19: Rated capacity
A20: Liquefecation Capex | B20: 425 | C20: USD/(tH2/year) | D20: Unit Cost at the Reference Capacity | E20: CAPEX 112-432 USD/kWH2 (425-1642 USD/(tonneH2/yr)) https://doi.org/10.1016/j.jgsce.2023.205150
B21: =B20*B19*(B9/100) -> 425000000 | C21: USD
A22: Annual OPEX | B22: 5 | C22: % of CAPEX | D22: Annual Maintenance Costs | E22: OPEX of 1 USD/(tH2/year), which for a CAPEX of 20 USD/(tH2/year), equates to 5% CAPEX https://www.iea.org/reports/global-hydrogen-review-2024#downloads
A23: Process Output
A24: Process Output | B24: =B12*(B13/100) -> 900000 | C24: tonne/yr | D24: Accounts for the Plant Availability of the processing plant
A25: Levelised Cost Analysis
A26: Process Input Costs
A27: Electricity | B27: 0.3 | C27: USD/kWh | D27: Input levelised cost of electricity determined for each region | E27: Price of electricity in Europe (0.30 Euro/kWh). https://ec.europa.eu/eurostat/statistics-explained/index.php?title=Electricity_price_statistics
A28: Capital Costs
A29: Liquefecation CAPEX | B29: =B21*(B8/100) -> 34249221 | C29: USD/yr
A30: Fixed Operating Costs
A31: Liquefecation OPEX | B31: =(B22/100)*B21 -> 21250000 | C31: USD/yr
A32: Variable Operating Costs (accounts for process availability)
A33: Electricity | B33: =B27*B17*1000*B24 -> 135000000 | C33: USD/yr
A34: Levelised Cost
A35: Levelised Cost Attributed to CAPEX | B35: =B29/$B$24 -> 38.054691 | C35: USD/tonne
A36: Levelised Cost Attributed to Fixed OPEX | B36: =B31/B24 -> 23.611111 | C36: USD/tonne
A37: Levelised Cost Attributed to Variable OPEX | B37: =(B33)/B24 -> 150 | C37: USD/tonne
A38: Total Levelised Cost of H2 Regass | B38: =SUM(B35:B37) -> 211.6658 | C38: USD/tonne
A39: Total Levelised Cost of H2 Regass | B39: =B38/B5 -> 302.37972 | C39: AUD/tonne
A40: Total Levelised Cost of H2 Regass | B40: =B38/$B$16 -> 1.7638817 | C40: USD/GJ
A41: Total Levelised Cost of H2 Regass | B41: =B39/$B$16 -> 2.519831 | C41: AUD/GJ

Sheet S3. Shipping Route Data
A1: S3. Route Data
A2: Note: a) The shipping distances were calculated from Sea Distances (https://sea-distances.org/) in Nautical Miles b) This sheet should not need any modification or input, if users desire to model their own shipping route these inputs should be made in the "Custom Shipping Route Inputs"
A4: Distances (Nautical Miles) | B4: Rotterdam (the Netherlands) | C4: Port of Hamburg (Germany) | D4: Custom | E4: Notes
A5: Port Hedland (WA) | B5: 9461 | C5: 9714 | D5: ='S1. Dry Bulk Shipping'!$B$18 -> 0
A6: Geraldton (WA) | B6: 9441 | C6: 9694 | D6: ='S1. Dry Bulk Shipping'!$B$18 -> 0
A7: Kwinana (WA) | B7: 9584 | C7: 9837 | D7: ='S1. Dry Bulk Shipping'!$B$18 -> 0
A8: Whyalla (SA) | B8: 10815 | C8: 11068 | D8: ='S1. Dry Bulk Shipping'!$B$18 -> 0
A9: Melbourne (VIC) | B9: 11111 | C9: 11364 | D9: ='S1. Dry Bulk Shipping'!$B$18 -> 0
A10: Bell Bay (TAS) | B10: 11187 | C10: 11440 | D10: ='S1. Dry Bulk Shipping'!$B$18 -> 0
A11: Port Kembla (NSW) | B11: 11525 | C11: 11778 | D11: ='S1. Dry Bulk Shipping'!$B$18 -> 0
A12: Newcastle (NSW) | B12: 11625 | C12: 11878 | D12: ='S1. Dry Bulk Shipping'!$B$18 -> 0
A13: Gladstone (QLD) | B13: 11753 | C13: 12006 | D13: ='S1. Dry Bulk Shipping'!$B$18 -> 0
A14: Townsville (QLD) | B14: 11346 | C14: 11599 | D14: ='S1. Dry Bulk Shipping'!$B$18 -> 0
A15: Custom | B15: ='S1. Dry Bulk Shipping'!$B$18 -> 0 | C15: ='S1. Dry Bulk Shipping'!$B$18 -> 0 | D15: ='S1. Dry Bulk Shipping'!$B$18 -> 0 | E15: This value is taken from the input sheet (if "Custom" ranges are input)
A17: Suez Canal (yes/no) | B17: Rotterdam (the Netherlands) | C17: Port of Hamburg (Germany) | D17: Custom | E17: Notes
A18: Port Hedland (WA) | B18: YES | C18: YES | D18: ='S1. Dry Bulk Shipping'!$B$19 -> YES
A19: Geraldton (WA) | B19: YES | C19: YES | D19: ='S1. Dry Bulk Shipping'!$B$19 -> YES
A20: Kwinana (WA) | B20: YES | C20: YES | D20: ='S1. Dry Bulk Shipping'!$B$19 -> YES
A21: Whyalla (SA) | B21: YES | C21: YES | D21: ='S1. Dry Bulk Shipping'!$B$19 -> YES
A22: Melbourne (VIC) | B22: YES | C22: YES | D22: ='S1. Dry Bulk Shipping'!$B$19 -> YES
A23: Bell Bay (TAS) | B23: YES | C23: YES | D23: ='S1. Dry Bulk Shipping'!$B$19 -> YES
A24: Port Kembla (NSW) | B24: YES | C24: YES | D24: ='S1. Dry Bulk Shipping'!$B$19 -> YES
A25: Newcastle (NSW) | B25: YES | C25: YES | D25: ='S1. Dry Bulk Shipping'!$B$19 -> YES
A26: Gladstone (QLD) | B26: YES | C26: YES | D26: ='S1. Dry Bulk Shipping'!$B$19 -> YES
A27: Townsville (QLD) | B27: YES | C27: YES | D27: ='S1. Dry Bulk Shipping'!$B$19 -> YES
A28: Custom | B28: ='S1. Dry Bulk Shipping'!$B$19 -> YES | C28: ='S1. Dry Bulk Shipping'!$B$19 -> YES | D28: ='S1. Dry Bulk Shipping'!$B$19 -> YES | E28: This value is taken from the input sheet (if "Custom" ranges are input)
A30: Panama Canal (yes/no) | B30: Rotterdam (the Netherlands) | C30: Port of Hamburg (Germany) | D30: Custom | E30: Notes
A31: Port Hedland (WA) | B31: NO | C31: NO | D31: ='S1. Dry Bulk Shipping'!$B$20 -> NO
A32: Geraldton (WA) | B32: NO | C32: NO | D32: ='S1. Dry Bulk Shipping'!$B$20 -> NO
A33: Kwinana (WA) | B33: NO | C33: NO | D33: ='S1. Dry Bulk Shipping'!$B$20 -> NO
A34: Whyalla (SA) | B34: NO | C34: NO | D34: ='S1. Dry Bulk Shipping'!$B$20 -> NO
A35: Melbourne (VIC) | B35: NO | C35: NO | D35: ='S1. Dry Bulk Shipping'!$B$20 -> NO
A36: Bell Bay (TAS) | B36: NO | C36: NO | D36: ='S1. Dry Bulk Shipping'!$B$20 -> NO
A37: Port Kembla (NSW) | B37: NO | C37: NO | D37: ='S1. Dry Bulk Shipping'!$B$20 -> NO
A38: Newcastle (NSW) | B38: NO | C38: NO | D38: ='S1. Dry Bulk Shipping'!$B$20 -> NO
A39: Gladstone (QLD) | B39: NO | C39: NO | D39: ='S1. Dry Bulk Shipping'!$B$20 -> NO
A40: Townsville (QLD) | B40: NO | C40: NO | D40: ='S1. Dry Bulk Shipping'!$B$20 -> NO
A41: Custom | B41: ='S1. Dry Bulk Shipping'!$B$20 -> NO | C41: ='S1. Dry Bulk Shipping'!$B$20 -> NO | D41: ='S1. Dry Bulk Shipping'!$B$20 -> NO | E41: This value is taken from the input sheet (if "Custom" ranges are input)

Sheet A1. Ranges
A1: A2. Ranges
A2: Note: DO NOT EDIT THIS SHEET Defines the options shown by dropdown menus used throughout tool
A4: Dropdown Selection | B4: YES
B5: NO
B6: -
